Workbook

Sheet Capital Status Summary
A2: Exhibit VII – Capital Improvement Projects Status
A4: Open Capital Projects Status Report
A5: As of Jan 6, 2021
A7: FY/Group | B7: # of Projects | C7: # of Non-Active Projects | D7: # of Active Projects | E7: LTD Original Budget | F7: LTD Budget Transfers | G7: LTD Revised Budget | H7: LTD Actual | I7: Prior Yrs Spending | J7: CY Actual | K7: Encumbrances | L7: Available Budget | M7: % Avl Budget | N7: Last October Available Budget
A8: FY18 | B8: =COUNTIF('Capital Status Report'!B:B,A8) -> 45 | C8: =COUNTIFS('Capital Status Report'!B:B,A8,'Capital Status Report'!R:R,"Complete")+COUNTIFS('Capital Status Report'!B:B,A8,'Capital Status Report'!R:R,"Cancelled*") -> 31 | D8: =B8-C8 -> 14 | E8: =SUMIF('Capital Status Report'!$B:$B,'Capital Status Summary'!$A8,'Capital Status Report'!J:J) -> 12502960 | F8: =SUMIF('Capital Status Report'!$B:$B,'Capital Status Summary'!$A8,'Capital Status Report'!K:K) -> -1768960.1 | G8: =SUMIF('Capital Status Report'!$B:$B,'Capital Status Summary'!$A8,'Capital Status Report'!L:L) -> 10734000 | H8: =SUMIF('[1]Capital Status Report'!$B:$B,'Capital Status Summary'!$A8,'[1]Capital Status Report'!M:M) -> #VALUE! | I8: =SUMIF('Capital Status Report'!$B:$B,'Capital Status Summary'!$A8,'Capital Status Report'!N:N) -> 7671455 | J8: =SUMIF('Capital Status Report'!$B:$B,'Capital Status Summary'!$A8,'Capital Status Report'!O:O) -> 533906.7 | K8: =SUMIF('Capital Status Report'!$B:$B,'Capital Status Summary'!$A8,'Capital Status Report'!P:P) -> 168571.65 | L8: =SUMIF('Capital Status Report'!$B:$B,'Capital Status Summary'!$A8,'Capital Status Report'!Q:Q) -> 2360066.5 | M8: =L8/L$12 -> 0.094104652 | N8: 2528749
A9: FY19 | B9: =COUNTIF('Capital Status Report'!B:B,A9) -> 76 | C9: =COUNTIFS('Capital Status Report'!B:B,A9,'Capital Status Report'!R:R,"Complete")+COUNTIFS('Capital Status Report'!B:B,A9,'Capital Status Report'!R:R,"Cancelled*") -> 49 | D9: =B9-C9 -> 27 | E9: =SUMIF('Capital Status Report'!$B:$B,'Capital Status Summary'!$A9,'Capital Status Report'!J:J) -> 19869058 | F9: =SUMIF('Capital Status Report'!$B:$B,'Capital Status Summary'!$A9,'Capital Status Report'!K:K) -> -107058.5 | G9: =SUMIF('Capital Status Report'!$B:$B,'Capital Status Summary'!$A9,'Capital Status Report'!L:L) -> 19762000 | H9: =SUMIF('[2]Capital Status Report'!$B:$B,'[2]Capital Status Summary'!$A9,'[2]Capital Status Report'!M:M) -> #VALUE! | I9: =SUMIF('Capital Status Report'!$B:$B,'Capital Status Summary'!$A9,'Capital Status Report'!N:N) -> 12287229 | J9: =SUMIF('Capital Status Report'!$B:$B,'Capital Status Summary'!$A9,'Capital Status Report'!O:O) -> 2617633.8 | K9: =SUMIF('Capital Status Report'!$B:$B,'Capital Status Summary'!$A9,'Capital Status Report'!P:P) -> 946174.59 | L9: =SUMIF('Capital Status Report'!$B:$B,'Capital Status Summary'!$A9,'Capital Status Report'!Q:Q) -> 5267893.2 | M9: =L9/L$12 -> 0.21005054 | N9: 6056134
A10: FY20 | B10: =COUNTIF('Capital Status Report'!B:B,A10) -> 71 | C10: =COUNTIFS('Capital Status Report'!B:B,A10,'Capital Status Report'!R:R,"Complete")+COUNTIFS('Capital Status Report'!B:B,A10,'Capital Status Report'!R:R,"Cancelled*") -> 32 | D10: =B10-C10 -> 39 | E10: =SUMIF('Capital Status Report'!$B:$B,'Capital Status Summary'!$A10,'Capital Status Report'!J:J) -> 22038503 | F10: =SUMIF('Capital Status Report'!$B:$B,'Capital Status Summary'!$A10,'Capital Status Report'!K:K) -> 0 | G10: =SUMIF('Capital Status Report'!$B:$B,'Capital Status Summary'!$A10,'Capital Status Report'!L:L) -> 22038503 | H10: =SUMIF('[2]Capital Status Report'!$B:$B,'[2]Capital Status Summary'!$A10,'[2]Capital Status Report'!M:M) -> #VALUE! | I10: =SUMIF('Capital Status Report'!$B:$B,'Capital Status Summary'!$A10,'Capital Status Report'!N:N) -> 7327783.6 | J10: =SUMIF('Capital Status Report'!$B:$B,'Capital Status Summary'!$A10,'Capital Status Report'!O:O) -> 4893680.2 | K10: =SUMIF('Capital Status Report'!$B:$B,'Capital Status Summary'!$A10,'Capital Status Report'!P:P) -> 3386321.7 | L10: =SUMIF('Capital Status Report'!$B:$B,'Capital Status Summary'!$A10,'Capital Status Report'!Q:Q) -> 6430717.6 | M10: =L10/L$12 -> 0.25641668 | N10: 6587834
A11: FY21 | B11: =COUNTIF('Capital Status Report'!B:B,A11) -> 88 | C11: =COUNTIFS('Capital Status Report'!B:B,A11,'Capital Status Report'!R:R,"Complete")+COUNTIFS('Capital Status Report'!B:B,A11,'Capital Status Report'!R:R,"Cancelled*") -> 4 | D11: =B11-C11 -> 84 | E11: =SUMIF('Capital Status Report'!$B:$B,'Capital Status Summary'!$A11,'Capital Status Report'!J:J) -> 16397000 | F11: =SUMIF('Capital Status Report'!$B:$B,'Capital Status Summary'!$A11,'Capital Status Report'!K:K) -> 0 | G11: =SUMIF('Capital Status Report'!$B:$B,'Capital Status Summary'!$A11,'Capital Status Report'!L:L) -> 16397000 | I11: =SUMIF('Capital Status Report'!$B:$B,'Capital Status Summary'!$A11,'Capital Status Report'!N:N) -> 0 | J11: =SUMIF('Capital Status Report'!$B:$B,'Capital Status Summary'!$A11,'Capital Status Report'!O:O) -> 2012744.9 | K11: =SUMIF('Capital Status Report'!$B:$B,'Capital Status Summary'!$A11,'Capital Status Report'!P:P) -> 3363762.6 | L11: =SUMIF('Capital Status Report'!$B:$B,'Capital Status Summary'!$A11,'Capital Status Report'!Q:Q) -> 11020492 | M11: =L11/L$12 -> 0.43942812 | N11: 12289902
A12: Subtotal FY Projects | B12: =SUM(B8:B11) -> 280 | C12: =SUM(C8:C11) -> 116 | D12: =SUM(D8:D11) -> 164 | E12: =SUM(E8:E11) -> 70807522 | F12: =SUM(F8:F11) -> -1876018.6 | G12: =SUM(G8:G11) -> 68931503 | H12: =SUM(H8:H11) -> #VALUE! | I12: =SUM(I8:I11) -> 27286468 | ... L12: =SUM(L8:L11) -> 25079170 | M12: =SUM(M8:M10) -> 0.56057188 | N12: =SUM(N8:N11) -> 27462619
A14: Building Committee** | B14: =COUNTIF('Capital Status Report'!B:B,"BC") -> 7 | C14: =COUNTIFS('Capital Status Report'!B:B,A14,'Capital Status Report'!R:R,"Complete")+COUNTIFS('Capital Status Report'!B:B,A14,'Capital Status Report'!R:R,"Cancelled*") -> 0 | D14: =B14-C14 -> 7 | E14: =SUMIF('Capital Status Report'!$B:$B,"BC",'Capital Status Report'!J:J) -> 78581000 | F14: =SUMIF('Capital Status Report'!$B:$B,"BC",'Capital Status Report'!K:K) -> 31967100 | G14: =SUMIF('Capital Status Report'!$B:$B,"BC",'Capital Status Report'!L:L) -> 110548100 | H14: =SUMIF('Capital Status Report'!$B:$B,"BC",'Capital Status Report'!M:M) -> 1.075707e+08 | I14: =SUMIF('Capital Status Report'!$B:$B,"BC",'Capital Status Report'!N:N) -> 1.0717706e+08 | J14: =SUMIF('Capital Status Report'!$B:$B,"BC",'Capital Status Report'!O:O) -> 393640.17 | K14: =SUMIF('Capital Status Report'!$B:$B,"BC",'Capital Status Report'!P:P) -> 249990.13 | L14: =SUMIF('Capital Status Report'!$B:$B,"BC",'Capital Status Report'!Q:Q) -> 2727405.7 | N14: 2736011
A16: Total Projects | B16: =B12+B14 -> 287 | C16: =C12+C14 -> 116 | D16: =D12+D14 -> 171 | E16: =SUBTOTAL(9,E12:E15) -> 1.4938852e+08 | F16: =SUBTOTAL(9,F12:F15) -> 30091081 | G16: =SUBTOTAL(9,G12:G15) -> 1.794796e+08 | H16: =SUBTOTAL(9,H12:H15) -> #VALUE! | I16: =SUBTOTAL(9,I12:I15) -> 1.3446353e+08 | J16: =SUBTOTAL(9,J12:J15) -> 10451606 | K16: =SUBTOTAL(9,K12:K15) -> 8114820.7 | L16: =SUBTOTAL(9,L12:L15) -> 27806575 | N16: =SUBTOTAL(9,N12:N15) -> 30198630 | O16: =(N16-L16)/N16 -> 0.079210697

Sheet Capital Status Report
A1: Line | B1: Group | C1: Bundle Description | D1: Bundle Project Number | E1: Project Description | F1: Project Location | G1: Bundle & Project | H1: Locn | I1: Munis Setup Year | J1: LTD Original Budget | K1: LTD Budget Transfers | L1: LTD Revised Budget | M1: LTD Actual | N1: Prior Yrs Spending | O1: CY Actual | P1: Encumb | Q1: Available Budget | R1: Status | S1: Facilities Internal Comments | T1: COMMENTS
A2: 1 | B2: BC | C2: 25110 - Hamilton Avenue | D2: =LEFT(C2,5) -> 25110 | E2: Hamilton Ave | F2: 117 - HAVEMEYER | G2: =D2&F2 -> 25110117 - HAVEMEYER | H2: =VLOOKUP(F2,'[2]Locn Lookup'!A$1:B$17,2,FALSE) -> HAV | I2: =VLOOKUP($C2&$F2,Open Capital Projects Access,4,FALSE) -> #NAME? | J2: =SUMIF('MUNIS GL Working Doc 01.06'!H:H,'Capital Status Report'!G2,'MUNIS GL Working Doc 01.06'!AB:AB) -> 21000000 | K2: =SUMIF('MUNIS GL Working Doc 01.06'!H:H,'Capital Status Report'!G2,'MUNIS GL Working Doc 01.06'!AE:AE) -> 6718100 | L2: =SUMIF('MUNIS GL Working Doc 01.06'!$H:$H,'Capital Status Report'!$G2,'MUNIS GL Working Doc 01.06'!AF:AF) -> 27718100 | M2: =SUMIF('MUNIS GL Working Doc 01.06'!$H:$H,'Capital Status Report'!$G2,'MUNIS GL Working Doc 01.06'!AG:AG) -> 27608411 | N2: =M2-O2 -> 27608411 | O2: =SUMIF('MUNIS GL Working Doc 01.06'!$H:$H,'Capital Status Report'!$G2,'MUNIS GL Working Doc 01.06'!W:W) -> 0 | P2: =SUMIF('MUNIS GL Working Doc 01.06'!$H:$H,'Capital Status Report'!$G2,'MUNIS GL Working Doc 01.06'!X:X) -> 10123.11 | Q2: =SUMIF('MUNIS GL Working Doc 01.06'!$H:$H,'Capital Status Report'!$G2,'MUNIS GL Working Doc 01.06'!Z:Z) -> 99566.22 | R2: Complete | T2: N/A
A3: 3 | B3: BC | C3: 29049 - Glenville School Bldg Committee | D3: =LEFT(C3,5) -> 29049 | E3: Glenville School | F3: 117 - HAVEMEYER | G3: =D3&F3 -> 29049117 - HAVEMEYER | H3: =VLOOKUP(F3,'[2]Locn Lookup'!A$1:B$17,2,FALSE) -> HAV | I3: =VLOOKUP($C3&$F3,Open Capital Projects Access,4,FALSE) -> #NAME? | J3: =SUMIF('MUNIS GL Working Doc 01.06'!H:H,'Capital Status Report'!G3,'MUNIS GL Working Doc 01.06'!AB:AB) -> 3500000 | K3: =SUMIF('MUNIS GL Working Doc 01.06'!H:H,'Capital Status Report'!G3,'MUNIS GL Working Doc 01.06'!AE:AE) -> -1500000 | L3: =SUMIF('MUNIS GL Working Doc 01.06'!$H:$H,'Capital Status Report'!$G3,'MUNIS GL Working Doc 01.06'!AF:AF) -> 2000000 | M3: =SUMIF('MUNIS GL Working Doc 01.06'!$H:$H,'Capital Status Report'!$G3,'MUNIS GL Working Doc 01.06'!AG:AG) -> 734362.57 | N3: =M3-O3 -> 734362.57 | O3: =SUMIF('MUNIS GL Working Doc 01.06'!$H:$H,'Capital Status Report'!$G3,'MUNIS GL Working Doc 01.06'!W:W) -> 0 | P3: =SUMIF('MUNIS GL Working Doc 01.06'!$H:$H,'Capital Status Report'!$G3,'MUNIS GL Working Doc 01.06'!X:X) -> 5000 | Q3: =SUMIF('MUNIS GL Working Doc 01.06'!$H:$H,'Capital Status Report'!$G3,'MUNIS GL Working Doc 01.06'!Z:Z) -> 1260637.4 | R3: Complete | S3: $1.5M of this item (Orig Bud) is not on Access Report | T3: GLENVILLE COMMITTEE
A4: 5 | B4: BC | C4: 12149 - MISA | D4: =LEFT(C4,5) -> 12149 | E4: MISA | F4: 116 - GREENWICH HIGH SCHOOL | G4: =D4&F4 -> 12149116 - GREENWICH HIGH SCHOOL | H4: =VLOOKUP(F4,'[2]Locn Lookup'!A$1:B$17,2,FALSE) -> GHS | I4: =VLOOKUP($C4&$F4,Open Capital Projects Access,4,FALSE) -> #NAME? | J4: =SUMIF('MUNIS GL Working Doc 01.06'!H:H,'Capital Status Report'!G4,'MUNIS GL Working Doc 01.06'!AB:AB) -> 17000000 | K4: =SUMIF('MUNIS GL Working Doc 01.06'!H:H,'Capital Status Report'!G4,'MUNIS GL Working Doc 01.06'!AE:AE) -> 24451000 | L4: =SUMIF('MUNIS GL Working Doc 01.06'!$H:$H,'Capital Status Report'!$G4,'MUNIS GL Working Doc 01.06'!AF:AF) -> 41451000 | M4: =SUMIF('MUNIS GL Working Doc 01.06'!$H:$H,'Capital Status Report'!$G4,'MUNIS GL Working Doc 01.06'!AG:AG) -> 41438365 | N4: =M4-O4 -> 41437523 | O4: =SUMIF('MUNIS GL Working Doc 01.06'!$H:$H,'Capital Status Report'!$G4,'MUNIS GL Working Doc 01.06'!W:W) -> 842.5 | P4: =SUMIF('MUNIS GL Working Doc 01.06'!$H:$H,'Capital Status Report'!$G4,'MUNIS GL Working Doc 01.06'!X:X) -> 10928.26 | Q4: =SUMIF('MUNIS GL Working Doc 01.06'!$H:$H,'Capital Status Report'!$G4,'MUNIS GL Working Doc 01.06'!Z:Z) -> 1706.31 | R4: Substantially Complete | T4: MISA
A5: 7 | B5: BC | C5: 13164 - MISA Soil Contamination | D5: =LEFT(C5,5) -> 13164 | E5: MISA soil contamination | F5: 116 - GREENWICH HIGH SCHOOL | G5: =D5&F5 -> 13164116 - GREENWICH HIGH SCHOOL | H5: =VLOOKUP(F5,'[2]Locn Lookup'!A$1:B$17,2,FALSE) -> GHS | I5: =VLOOKUP($C5&$F5,Open Capital Projects Access,4,FALSE) -> #NAME? | J5: =SUMIF('MUNIS GL Working Doc 01.06'!H:H,'Capital Status Report'!G5,'MUNIS GL Working Doc 01.06'!AB:AB) -> 2070000 | K5: =SUMIF('MUNIS GL Working Doc 01.06'!H:H,'Capital Status Report'!G5,'MUNIS GL Working Doc 01.06'!AE:AE) -> 0 | L5: =SUMIF('MUNIS GL Working Doc 01.06'!$H:$H,'Capital Status Report'!$G5,'MUNIS GL Working Doc 01.06'!AF:AF) -> 2070000 | M5: =SUMIF('MUNIS GL Working Doc 01.06'!$H:$H,'Capital Status Report'!$G5,'MUNIS GL Working Doc 01.06'!AG:AG) -> 2069930.1 | N5: =M5-O5 -> 2069930.1 | O5: =SUMIF('MUNIS GL Working Doc 01.06'!$H:$H,'Capital Status Report'!$G5,'MUNIS GL Working Doc 01.06'!W:W) -> 0 | P5: =SUMIF('MUNIS GL Working Doc 01.06'!$H:$H,'Capital Status Report'!$G5,'MUNIS GL Working Doc 01.06'!X:X) -> 69.86 | Q5: =SUMIF('MUNIS GL Working Doc 01.06'!$H:$H,'Capital Status Report'!$G5,'MUNIS GL Working Doc 01.06'!Z:Z) -> 0 | R5: Substantially Complete | T5: MISA
A6: 9 | B6: BC | C6: 15166 - New Lebanon Feasibility Study | D6: =LEFT(C6,5) -> 15166 | E6: New Lebanon feasibility study | F6: 117 - HAVEMEYER | G6: =D6&F6 -> 15166117 - HAVEMEYER | H6: =VLOOKUP(F6,'[2]Locn Lookup'!A$1:B$17,2,FALSE) -> HAV | I6: =VLOOKUP($C6&$F6,Open Capital Projects Access,4,FALSE) -> #NAME? | J6: =SUMIF('MUNIS GL Working Doc 01.06'!H:H,'Capital Status Report'!G6,'MUNIS GL Working Doc 01.06'!AB:AB) -> 100000 | K6: =SUMIF('MUNIS GL Working Doc 01.06'!H:H,'Capital Status Report'!G6,'MUNIS GL Working Doc 01.06'!AE:AE) -> 0 | L6: =SUMIF('MUNIS GL Working Doc 01.06'!$H:$H,'Capital Status Report'!$G6,'MUNIS GL Working Doc 01.06'!AF:AF) -> 100000 | M6: =SUMIF('MUNIS GL Working Doc 01.06'!$H:$H,'Capital Status Report'!$G6,'MUNIS GL Working Doc 01.06'!AG:AG) -> 98716.5 | N6: =M6-O6 -> 98716.5 | O6: =SUMIF('MUNIS GL Working Doc 01.06'!$H:$H,'Capital Status Report'!$G6,'MUNIS GL Working Doc 01.06'!W:W) -> 0 | P6: =SUMIF('MUNIS GL Working Doc 01.06'!$H:$H,'Capital Status Report'!$G6,'MUNIS GL Working Doc 01.06'!X:X) -> 0 | Q6: =SUMIF('MUNIS GL Working Doc 01.06'!$H:$H,'Capital Status Report'!$G6,'MUNIS GL Working Doc 01.06'!Z:Z) -> 1283.5 | R6: Substantially Complete | T6: NLBC
A7: 11 | B7: BC | C7: 16166 - New Lebanon Design | D7: =LEFT(C7,5) -> 16166 | E7: New Lebanon design | F7: 117 - HAVEMEYER | G7: =D7&F7 -> 16166117 - HAVEMEYER | H7: =VLOOKUP(F7,'[2]Locn Lookup'!A$1:B$17,2,FALSE) -> HAV | I7: =VLOOKUP($C7&$F7,Open Capital Projects Access,4,FALSE) -> #NAME? | J7: =SUMIF('MUNIS GL Working Doc 01.06'!H:H,'Capital Status Report'!G7,'MUNIS GL Working Doc 01.06'!AB:AB) -> 2850000 | K7: =SUMIF('MUNIS GL Working Doc 01.06'!H:H,'Capital Status Report'!G7,'MUNIS GL Working Doc 01.06'!AE:AE) -> 0 | L7: =SUMIF('MUNIS GL Working Doc 01.06'!$H:$H,'Capital Status Report'!$G7,'MUNIS GL Working Doc 01.06'!AF:AF) -> 2850000 | M7: =SUMIF('MUNIS GL Working Doc 01.06'!$H:$H,'Capital Status Report'!$G7,'MUNIS GL Working Doc 01.06'!AG:AG) -> 2812934.1 | N7: =M7-O7 -> 2812934.1 | O7: =SUMIF('MUNIS GL Working Doc 01.06'!$H:$H,'Capital Status Report'!$G7,'MUNIS GL Working Doc 01.06'!W:W) -> 0 | P7: =SUMIF('MUNIS GL Working Doc 01.06'!$H:$H,'Capital Status Report'!$G7,'MUNIS GL Working Doc 01.06'!X:X) -> 37064.5 | Q7: =SUMIF('MUNIS GL Working Doc 01.06'!$H:$H,'Capital Status Report'!$G7,'MUNIS GL Working Doc 01.06'!Z:Z) -> 1.36 | R7: Substantially Complete | T7: NLBC
A8: 13 | B8: BC | C8: 17157 - New Lebanon School | D8: =LEFT(C8,5) -> 17157 | E8: New Lebanon School | F8: 117 - HAVEMEYER | G8: =D8&F8 -> 17157117 - HAVEMEYER | H8: =VLOOKUP(F8,'[2]Locn Lookup'!A$1:B$17,2,FALSE) -> HAV | I8: =VLOOKUP($C8&$F8,Open Capital Projects Access,4,FALSE) -> #NAME? | J8: =SUMIF('MUNIS GL Working Doc 01.06'!H:H,'Capital Status Report'!G8,'MUNIS GL Working Doc 01.06'!AB:AB) -> 32061000 | K8: =SUMIF('MUNIS GL Working Doc 01.06'!H:H,'Capital Status Report'!G8,'MUNIS GL Working Doc 01.06'!AE:AE) -> 2298000 | L8: =SUMIF('MUNIS GL Working Doc 01.06'!$H:$H,'Capital Status Report'!$G8,'MUNIS GL Working Doc 01.06'!AF:AF) -> 34359000 | M8: =SUMIF('MUNIS GL Working Doc 01.06'!$H:$H,'Capital Status Report'!$G8,'MUNIS GL Working Doc 01.06'!AG:AG) -> 32807985 | N8: =M8-O8 -> 32415187 | O8: =SUMIF('MUNIS GL Working Doc 01.06'!$H:$H,'Capital Status Report'!$G8,'MUNIS GL Working Doc 01.06'!W:W) -> 392797.67 | P8: =SUMIF('MUNIS GL Working Doc 01.06'!$H:$H,'Capital Status Report'!$G8,'MUNIS GL Working Doc 01.06'!X:X) -> 186804.4 | Q8: =SUMIF('MUNIS GL Working Doc 01.06'!$H:$H,'Capital Status Report'!$G8,'MUNIS GL Working Doc 01.06'!Z:Z) -> 1364210.9 | R8: In Construction > 50% | T8: NLBC
A9: 15 | B9: FY18 | C9: 18155 - Digital Learning Program | D9: =LEFT(C9,5) -> 18155 | E9: Advances the transformation of teaching & learning | F9: 117 - HAVEMEYER | G9: =D9&F9 -> 18155117 - HAVEMEYER | H9: =VLOOKUP(F9,'[2]Locn Lookup'!A$1:B$17,2,FALSE) -> HAV | I9: =VLOOKUP($C9&$F9,Open Capital Projects Access,4,FALSE) -> #NAME? | J9: =SUMIF('MUNIS GL Working Doc 01.06'!H:H,'Capital Status Report'!G9,'MUNIS GL Working Doc 01.06'!AB:AB) -> 3496000 | K9: =SUMIF('MUNIS GL Working Doc 01.06'!H:H,'Capital Status Report'!G9,'MUNIS GL Working Doc 01.06'!AE:AE) -> -1748000 | L9: =SUMIF('MUNIS GL Working Doc 01.06'!$H:$H,'Capital Status Report'!$G9,'MUNIS GL Working Doc 01.06'!AF:AF) -> 1748000 | M9: =SUMIF('MUNIS GL Working Doc 01.06'!$H:$H,'Capital Status Report'!$G9,'MUNIS GL Working Doc 01.06'!AG:AG) -> 1734465.5 | N9: =M9-O9 -> 1734465.5 | O9: =SUMIF('MUNIS GL Working Doc 01.06'!$H:$H,'Capital Status Report'!$G9,'MUNIS GL Working Doc 01.06'!W:W) -> 0 | P9: =SUMIF('MUNIS GL Working Doc 01.06'!$H:$H,'Capital Status Report'!$G9,'MUNIS GL Working Doc 01.06'!X:X) -> 0 | Q9: =SUMIF('MUNIS GL Working Doc 01.06'!$H:$H,'Capital Status Report'!$G9,'MUNIS GL Working Doc 01.06'!Z:Z) -> 13534.48 | R9: Substantially Complete | T9: DIGITAL LEARNING
A10: 17 | B10: FY18 | C10: 18158 - Advance A/E | D10: =LEFT(C10,5) -> 18158 | E10: Consulting fees for next year's capital projects | F10: 117 - HAVEMEYER | G10: =D10&F10 -> 18158117 - HAVEMEYER | H10: =VLOOKUP(F10,'[2]Locn Lookup'!A$1:B$17,2,FALSE) -> HAV | I10: =VLOOKUP($C10&$F10,Open Capital Projects Access,4,FALSE) -> #NAME? | J10: =SUMIF('MUNIS GL Working Doc 01.06'!H:H,'Capital Status Report'!G10,'MUNIS GL Working Doc 01.06'!AB:AB) -> 550000 | K10: =SUMIF('MUNIS GL Working Doc 01.06'!H:H,'Capital Status Report'!G10,'MUNIS GL Working Doc 01.06'!AE:AE) -> 0 | L10: =SUMIF('MUNIS GL Working Doc 01.06'!$H:$H,'Capital Status Report'!$G10,'MUNIS GL Working Doc 01.06'!AF:AF) -> 550000 | M10: =SUMIF('MUNIS GL Working Doc 01.06'!$H:$H,'Capital Status Report'!$G10,'MUNIS GL Working Doc 01.06'!AG:AG) -> 502183.85 | N10: =M10-O10 -> 502183.85 | O10: =SUMIF('MUNIS GL Working Doc 01.06'!$H:$H,'Capital Status Report'!$G10,'MUNIS GL Working Doc 01.06'!W:W) -> 0 | P10: =SUMIF('MUNIS GL Working Doc 01.06'!$H:$H,'Capital Status Report'!$G10,'MUNIS GL Working Doc 01.06'!X:X) -> 42816.15 | Q10: =SUMIF('MUNIS GL Working Doc 01.06'!$H:$H,'Capital Status Report'!$G10,'MUNIS GL Working Doc 01.06'!Z:Z) -> 5000 | R10: Complete | S10: RETURN TO TOG | T10: RETURN TO TOG
A11: 19 | B11: FY18 | C11: 18159 - Cardinal Stadium Feasblty Stdy&Cons | D11: =LEFT(C11,5) -> 18159 | E11: Consulting fees for the feasibility of a new stadium at GHS | F11: 116 - GREENWICH HIGH SCHOOL | G11: =D11&F11 -> 18159116 - GREENWICH HIGH SCHOOL | H11: =VLOOKUP(F11,'[2]Locn Lookup'!A$1:B$17,2,FALSE) -> GHS | I11: =VLOOKUP($C11&$F11,Open Capital Projects Access,4,FALSE) -> #NAME? | J11: =SUMIF('MUNIS GL Working Doc 01.06'!H:H,'Capital Status Report'!G11,'MUNIS GL Working Doc 01.06'!AB:AB) -> 60000 | K11: =SUMIF('MUNIS GL Working Doc 01.06'!H:H,'Capital Status Report'!G11,'MUNIS GL Working Doc 01.06'!AE:AE) -> 0 | L11: =SUMIF('MUNIS GL Working Doc 01.06'!$H:$H,'Capital Status Report'!$G11,'MUNIS GL Working Doc 01.06'!AF:AF) -> 60000 | M11: =SUMIF('MUNIS GL Working Doc 01.06'!$H:$H,'Capital Status Report'!$G11,'MUNIS GL Working Doc 01.06'!AG:AG) -> 51512.8 | N11: =M11-O11 -> 45898.82 | O11: =SUMIF('MUNIS GL Working Doc 01.06'!$H:$H,'Capital Status Report'!$G11,'MUNIS GL Working Doc 01.06'!W:W) -> 5613.98 | P11: =SUMIF('MUNIS GL Working Doc 01.06'!$H:$H,'Capital Status Report'!$G11,'MUNIS GL Working Doc 01.06'!X:X) -> 5400 | Q11: =SUMIF('MUNIS GL Working Doc 01.06'!$H:$H,'Capital Status Report'!$G11,'MUNIS GL Working Doc 01.06'!Z:Z) -> 3087.2 | R11: COMPLETE | T11: Ongoing
A12: 21 | B12: FY18 | C12: 18160 - Interior Finishes-Flooring,Painting | D12: =LEFT(C12,5) -> 18160 | E12: Interior painting | F12: 102 - HAMILTON AVENUE SCHOOL | G12: =D12&F12 -> 18160102 - HAMILTON AVENUE SCHOOL | H12: =VLOOKUP(F12,'[2]Locn Lookup'!A$1:B$17,2,FALSE) -> HA | I12: =VLOOKUP($C12&$F12,Open Capital Projects Access,4,FALSE) -> #NAME? | J12: =SUMIF('MUNIS GL Working Doc 01.06'!H:H,'Capital Status Report'!G12,'MUNIS GL Working Doc 01.06'!AB:AB) -> 7500 | K12: =SUMIF('MUNIS GL Working Doc 01.06'!H:H,'Capital Status Report'!G12,'MUNIS GL Working Doc 01.06'!AE:AE) -> 0 | L12: =SUMIF('MUNIS GL Working Doc 01.06'!$H:$H,'Capital Status Report'!$G12,'MUNIS GL Working Doc 01.06'!AF:AF) -> 7500 | M12: =SUMIF('MUNIS GL Working Doc 01.06'!$H:$H,'Capital Status Report'!$G12,'MUNIS GL Working Doc 01.06'!AG:AG) -> 7500 | N12: =M12-O12 -> 0 | O12: =SUMIF('MUNIS GL Working Doc 01.06'!$H:$H,'Capital Status Report'!$G12,'MUNIS GL Working Doc 01.06'!W:W) -> 7500 | P12: =SUMIF('MUNIS GL Working Doc 01.06'!$H:$H,'Capital Status Report'!$G12,'MUNIS GL Working Doc 01.06'!X:X) -> 0 | Q12: =SUMIF('MUNIS GL Working Doc 01.06'!$H:$H,'Capital Status Report'!$G12,'MUNIS GL Working Doc 01.06'!Z:Z) -> 0 | R12: Complete | S12: 12.9.2020 Parking Garage painting
A13: 22 | B13: FY18 | C13: 18160 - Interior Finishes-Flooring,Painting | D13: =LEFT(C13,5) -> 18160 | E13: Interior Painting | F13: 103 - GLENVILLE SCHOOL | G13: =D13&F13 -> 18160103 - GLENVILLE SCHOOL | H13: =VLOOKUP(F13,'[2]Locn Lookup'!A$1:B$17,2,FALSE) -> GL | I13: =VLOOKUP($C13&$F13,Open Capital Projects Access,4,FALSE) -> #NAME? | J13: =SUMIF('MUNIS GL Working Doc 01.06'!H:H,'Capital Status Report'!G13,'MUNIS GL Working Doc 01.06'!AB:AB) -> 6500 | K13: =SUMIF('MUNIS GL Working Doc 01.06'!H:H,'Capital Status Report'!G13,'MUNIS GL Working Doc 01.06'!AE:AE) -> 0 | L13: =SUMIF('MUNIS GL Working Doc 01.06'!$H:$H,'Capital Status Report'!$G13,'MUNIS GL Working Doc 01.06'!AF:AF) -> 6500 | M13: =SUMIF('MUNIS GL Working Doc 01.06'!$H:$H,'Capital Status Report'!$G13,'MUNIS GL Working Doc 01.06'!AG:AG) -> 6500 | N13: =M13-O13 -> 6500 | O13: =SUMIF('MUNIS GL Working Doc 01.06'!$H:$H,'Capital Status Report'!$G13,'MUNIS GL Working Doc 01.06'!W:W) -> 0 | P13: =SUMIF('MUNIS GL Working Doc 01.06'!$H:$H,'Capital Status Report'!$G13,'MUNIS GL Working Doc 01.06'!X:X) -> 0 | Q13: =SUMIF('MUNIS GL Working Doc 01.06'!$H:$H,'Capital Status Report'!$G13,'MUNIS GL Working Doc 01.06'!Z:Z) -> 0 | R13: Complete | T13: CLOSE - PROJECT COMPLETE
A14: 23 | B14: FY18 | C14: 18160 - Interior Finishes-Flooring,Painting | D14: =LEFT(C14,5) -> 18160 | E14: Interior painting | F14: 105 - COS COB SCHOOL | G14: =D14&F14 -> 18160105 - COS COB SCHOOL | H14: =VLOOKUP(F14,'[2]Locn Lookup'!A$1:B$17,2,FALSE) -> CC | I14: =VLOOKUP($C14&$F14,Open Capital Projects Access,4,FALSE) -> #NAME? | J14: =SUMIF('MUNIS GL Working Doc 01.06'!H:H,'Capital Status Report'!G14,'MUNIS GL Working Doc 01.06'!AB:AB) -> 6500 | K14: =SUMIF('MUNIS GL Working Doc 01.06'!H:H,'Capital Status Report'!G14,'MUNIS GL Working Doc 01.06'!AE:AE) -> 0 | L14: =SUMIF('MUNIS GL Working Doc 01.06'!$H:$H,'Capital Status Report'!$G14,'MUNIS GL Working Doc 01.06'!AF:AF) -> 6500 | M14: =SUMIF('MUNIS GL Working Doc 01.06'!$H:$H,'Capital Status Report'!$G14,'MUNIS GL Working Doc 01.06'!AG:AG) -> 6500 | N14: =M14-O14 -> 6500 | O14: =SUMIF('MUNIS GL Working Doc 01.06'!$H:$H,'Capital Status Report'!$G14,'MUNIS GL Working Doc 01.06'!W:W) -> 0 | P14: =SUMIF('MUNIS GL Working Doc 01.06'!$H:$H,'Capital Status Report'!$G14,'MUNIS GL Working Doc 01.06'!X:X) -> 0 | Q14: =SUMIF('MUNIS GL Working Doc 01.06'!$H:$H,'Capital Status Report'!$G14,'MUNIS GL Working Doc 01.06'!Z:Z) -> 0 | R14: Complete | T14: CLOSE - PROJECT COMPLETE
A15: 24 | B15: FY18 | C15: 18160 - Interior Finishes-Flooring,Painting | D15: =LEFT(C15,5) -> 18160 | E15: Interior painting | F15: 106 - JULIAN CURTISS SCHOOL | G15: =D15&F15 -> 18160106 - JULIAN CURTISS SCHOOL | H15: =VLOOKUP(F15,'[2]Locn Lookup'!A$1:B$17,2,FALSE) -> JC | I15: =VLOOKUP($C15&$F15,Open Capital Projects Access,4,FALSE) -> #NAME? | J15: =SUMIF('MUNIS GL Working Doc 01.06'!H:H,'Capital Status Report'!G15,'MUNIS GL Working Doc 01.06'!AB:AB) -> 6000 | K15: =SUMIF('MUNIS GL Working Doc 01.06'!H:H,'Capital Status Report'!G15,'MUNIS GL Working Doc 01.06'!AE:AE) -> 1400 | L15: =SUMIF('MUNIS GL Working Doc 01.06'!$H:$H,'Capital Status Report'!$G15,'MUNIS GL Working Doc 01.06'!AF:AF) -> 7400 | M15: =SUMIF('MUNIS GL Working Doc 01.06'!$H:$H,'Capital Status Report'!$G15,'MUNIS GL Working Doc 01.06'!AG:AG) -> 7400 | N15: =M15-O15 -> 7400 | O15: =SUMIF('MUNIS GL Working Doc 01.06'!$H:$H,'Capital Status Report'!$G15,'MUNIS GL Working Doc 01.06'!W:W) -> 0 | P15: =SUMIF('MUNIS GL Working Doc 01.06'!$H:$H,'Capital Status Report'!$G15,'MUNIS GL Working Doc 01.06'!X:X) -> 0 | Q15: =SUMIF('MUNIS GL Working Doc 01.06'!$H:$H,'Capital Status Report'!$G15,'MUNIS GL Working Doc 01.06'!Z:Z) -> 0 | R15: Complete | T15: CLOSE - PROJECT COMPLETE
A16: 25 | B16: FY18 | C16: 18160 - Interior Finishes-Flooring,Painting | D16: =LEFT(C16,5) -> 18160 | E16: Interior painting | F16: 107 - NORTH STREET SCHOOL | G16: =D16&F16 -> 18160107 - NORTH STREET SCHOOL | H16: =VLOOKUP(F16,'[2]Locn Lookup'!A$1:B$17,2,FALSE) -> NS | I16: =VLOOKUP($C16&$F16,Open Capital Projects Access,4,FALSE) -> #NAME? | J16: =SUMIF('MUNIS GL Working Doc 01.06'!H:H,'Capital Status Report'!G16,'MUNIS GL Working Doc 01.06'!AB:AB) -> 6000 | K16: =SUMIF('MUNIS GL Working Doc 01.06'!H:H,'Capital Status Report'!G16,'MUNIS GL Working Doc 01.06'!AE:AE) -> 0 | L16: =SUMIF('MUNIS GL Working Doc 01.06'!$H:$H,'Capital Status Report'!$G16,'MUNIS GL Working Doc 01.06'!AF:AF) -> 6000 | M16: =SUMIF('MUNIS GL Working Doc 01.06'!$H:$H,'Capital Status Report'!$G16,'MUNIS GL Working Doc 01.06'!AG:AG) -> 6000 | N16: =M16-O16 -> 6000 | O16: =SUMIF('MUNIS GL Working Doc 01.06'!$H:$H,'Capital Status Report'!$G16,'MUNIS GL Working Doc 01.06'!W:W) -> 0 | P16: =SUMIF('MUNIS GL Working Doc 01.06'!$H:$H,'Capital Status Report'!$G16,'MUNIS GL Working Doc 01.06'!X:X) -> 0 | Q16: =SUMIF('MUNIS GL Working Doc 01.06'!$H:$H,'Capital Status Report'!$G16,'MUNIS GL Working Doc 01.06'!Z:Z) -> 0 | R16: Complete | T16: CLOSE - PROJECT COMPLETE
A17: 26 | B17: FY18 | C17: 18160 - Interior Finishes-Flooring,Painting | D17: =LEFT(C17,5) -> 18160 | E17: Interior painting | F17: 108 - PARKWAY SCHOOL | G17: =D17&F17 -> 18160108 - PARKWAY SCHOOL | H17: =VLOOKUP(F17,'[2]Locn Lookup'!A$1:B$17,2,FALSE) -> PW | I17: =VLOOKUP($C17&$F17,Open Capital Projects Access,4,FALSE) -> #NAME? | J17: =SUMIF('MUNIS GL Working Doc 01.06'!H:H,'Capital Status Report'!G17,'MUNIS GL Working Doc 01.06'!AB:AB) -> 5000 | K17: =SUMIF('MUNIS GL Working Doc 01.06'!H:H,'Capital Status Report'!G17,'MUNIS GL Working Doc 01.06'!AE:AE) -> -1400 | L17: =SUMIF('MUNIS GL Working Doc 01.06'!$H:$H,'Capital Status Report'!$G17,'MUNIS GL Working Doc 01.06'!AF:AF) -> 3600 | M17: =SUMIF('MUNIS GL Working Doc 01.06'!$H:$H,'Capital Status Report'!$G17,'MUNIS GL Working Doc 01.06'!AG:AG) -> 3600 | N17: =M17-O17 -> 3600 | O17: =SUMIF('MUNIS GL Working Doc 01.06'!$H:$H,'Capital Status Report'!$G17,'MUNIS GL Working Doc 01.06'!W:W) -> 0 | P17: =SUMIF('MUNIS GL Working Doc 01.06'!$H:$H,'Capital Status Report'!$G17,'MUNIS GL Working Doc 01.06'!X:X) -> 0 | Q17: =SUMIF('MUNIS GL Working Doc 01.06'!$H:$H,'Capital Status Report'!$G17,'MUNIS GL Working Doc 01.06'!Z:Z) -> 0 | R17: Complete | T17: CLOSE - PROJECT COMPLETE
A18: 27 | B18: FY18 | C18: 18160 - Interior Finishes-Flooring,Painting | D18: =LEFT(C18,5) -> 18160 | E18: Interior painting | F18: 109 - DUNDEE SCHOOL | G18: =D18&F18 -> 18160109 - DUNDEE SCHOOL | H18: =VLOOKUP(F18,'[2]Locn Lookup'!A$1:B$17,2,FALSE) -> ISD | I18: =VLOOKUP($C18&$F18,Open Capital Projects Access,4,FALSE) -> #NAME? | J18: =SUMIF('MUNIS GL Working Doc 01.06'!H:H,'Capital Status Report'!G18,'MUNIS GL Working Doc 01.06'!AB:AB) -> 5000 | K18: =SUMIF('MUNIS GL Working Doc 01.06'!H:H,'Capital Status Report'!G18,'MUNIS GL Working Doc 01.06'!AE:AE) -> 0 | L18: =SUMIF('MUNIS GL Working Doc 01.06'!$H:$H,'Capital Status Report'!$G18,'MUNIS GL Working Doc 01.06'!AF:AF) -> 5000 | M18: =SUMIF('MUNIS GL Working Doc 01.06'!$H:$H,'Capital Status Report'!$G18,'MUNIS GL Working Doc 01.06'!AG:AG) -> 5000 | N18: =M18-O18 -> 5000 | O18: =SUMIF('MUNIS GL Working Doc 01.06'!$H:$H,'Capital Status Report'!$G18,'MUNIS GL Working Doc 01.06'!W:W) -> 0 | P18: =SUMIF('MUNIS GL Working Doc 01.06'!$H:$H,'Capital Status Report'!$G18,'MUNIS GL Working Doc 01.06'!X:X) -> 0 | Q18: =SUMIF('MUNIS GL Working Doc 01.06'!$H:$H,'Capital Status Report'!$G18,'MUNIS GL Working Doc 01.06'!Z:Z) -> 0 | R18: Complete | T18: CLOSE - PROJECT COMPLETE
A19: 28 | B19: FY18 | C19: 18160 - Interior Finishes-Flooring,Painting | D19: =LEFT(C19,5) -> 18160 | E19: Interior painting | F19: 110 - NORTH MIANUS SCHOOL | G19: =D19&F19 -> 18160110 - NORTH MIANUS SCHOOL | H19: =VLOOKUP(F19,'[2]Locn Lookup'!A$1:B$17,2,FALSE) -> NM | I19: =VLOOKUP($C19&$F19,Open Capital Projects Access,4,FALSE) -> #NAME? | J19: =SUMIF('MUNIS GL Working Doc 01.06'!H:H,'Capital Status Report'!G19,'MUNIS GL Working Doc 01.06'!AB:AB) -> 7000 | K19: =SUMIF('MUNIS GL Working Doc 01.06'!H:H,'Capital Status Report'!G19,'MUNIS GL Working Doc 01.06'!AE:AE) -> 0 | L19: =SUMIF('MUNIS GL Working Doc 01.06'!$H:$H,'Capital Status Report'!$G19,'MUNIS GL Working Doc 01.06'!AF:AF) -> 7000 | M19: =SUMIF('MUNIS GL Working Doc 01.06'!$H:$H,'Capital Status Report'!$G19,'MUNIS GL Working Doc 01.06'!AG:AG) -> 7000 | N19: =M19-O19 -> 7000 | O19: =SUMIF('MUNIS GL Working Doc 01.06'!$H:$H,'Capital Status Report'!$G19,'MUNIS GL Working Doc 01.06'!W:W) -> 0 | P19: =SUMIF('MUNIS GL Working Doc 01.06'!$H:$H,'Capital Status Report'!$G19,'MUNIS GL Working Doc 01.06'!X:X) -> 0 | Q19: =SUMIF('MUNIS GL Working Doc 01.06'!$H:$H,'Capital Status Report'!$G19,'MUNIS GL Working Doc 01.06'!Z:Z) -> 0 | R19: Complete | T19: CLOSE - PROJECT COMPLETE
A20: 29 | B20: FY18 | C20: 18160 - Interior Finishes-Flooring,Painting | D20: =LEFT(C20,5) -> 18160 | E20: Interior painting | F20: 111 - OLD GREENWICH SCHOOL | G20: =D20&F20 -> 18160111 - OLD GREENWICH SCHOOL | H20: =VLOOKUP(F20,'[2]Locn Lookup'!A$1:B$17,2,FALSE) -> OG | I20: =VLOOKUP($C20&$F20,Open Capital Projects Access,4,FALSE) -> #NAME? | J20: =SUMIF('MUNIS GL Working Doc 01.06'!H:H,'Capital Status Report'!G20,'MUNIS GL Working Doc 01.06'!AB:AB) -> 7500 | K20: =SUMIF('MUNIS GL Working Doc 01.06'!H:H,'Capital Status Report'!G20,'MUNIS GL Working Doc 01.06'!AE:AE) -> 0 | L20: =SUMIF('MUNIS GL Working Doc 01.06'!$H:$H,'Capital Status Report'!$G20,'MUNIS GL Working Doc 01.06'!AF:AF) -> 7500 | M20: =SUMIF('MUNIS GL Working Doc 01.06'!$H:$H,'Capital Status Report'!$G20,'MUNIS GL Working Doc 01.06'!AG:AG) -> 7500 | N20: =M20-O20 -> 7500 | O20: =SUMIF('MUNIS GL Working Doc 01.06'!$H:$H,'Capital Status Report'!$G20,'MUNIS GL Working Doc 01.06'!W:W) -> 0 | P20: =SUMIF('MUNIS GL Working Doc 01.06'!$H:$H,'Capital Status Report'!$G20,'MUNIS GL Working Doc 01.06'!X:X) -> 0 | Q20: =SUMIF('MUNIS GL Working Doc 01.06'!$H:$H,'Capital Status Report'!$G20,'MUNIS GL Working Doc 01.06'!Z:Z) -> 0 | R20: Complete | T20: CLOSE - PROJECT COMPLETE
A21: 30 | B21: FY18 | C21: 18160 - Interior Finishes-Flooring,Painting | D21: =LEFT(C21,5) -> 18160 | E21: Interior painting | F21: 112 - RIVERSIDE SCHOOL | G21: =D21&F21 -> 18160112 - RIVERSIDE SCHOOL | H21: =VLOOKUP(F21,'[2]Locn Lookup'!A$1:B$17,2,FALSE) -> RV | I21: =VLOOKUP($C21&$F21,Open Capital Projects Access,4,FALSE) -> #NAME? | J21: =SUMIF('MUNIS GL Working Doc 01.06'!H:H,'Capital Status Report'!G21,'MUNIS GL Working Doc 01.06'!AB:AB) -> 5000 | K21: =SUMIF('MUNIS GL Working Doc 01.06'!H:H,'Capital Status Report'!G21,'MUNIS GL Working Doc 01.06'!AE:AE) -> 0 | L21: =SUMIF('MUNIS GL Working Doc 01.06'!$H:$H,'Capital Status Report'!$G21,'MUNIS GL Working Doc 01.06'!AF:AF) -> 5000 | M21: =SUMIF('MUNIS GL Working Doc 01.06'!$H:$H,'Capital Status Report'!$G21,'MUNIS GL Working Doc 01.06'!AG:AG) -> 5000 | N21: =M21-O21 -> 5000 | O21: =SUMIF('MUNIS GL Working Doc 01.06'!$H:$H,'Capital Status Report'!$G21,'MUNIS GL Working Doc 01.06'!W:W) -> 0 | P21: =SUMIF('MUNIS GL Working Doc 01.06'!$H:$H,'Capital Status Report'!$G21,'MUNIS GL Working Doc 01.06'!X:X) -> 0 | Q21: =SUMIF('MUNIS GL Working Doc 01.06'!$H:$H,'Capital Status Report'!$G21,'MUNIS GL Working Doc 01.06'!Z:Z) -> 0 | R21: Complete | T21: CLOSE - PROJECT COMPLETE
A22: 31 | B22: FY18 | C22: 18160 - Interior Finishes-Flooring,Painting | D22: =LEFT(C22,5) -> 18160 | E22: Interior painting | F22: 113 - CENTRAL MIDDLE SCHOOL | G22: =D22&F22 -> 18160113 - CENTRAL MIDDLE SCHOOL | H22: =VLOOKUP(F22,'[2]Locn Lookup'!A$1:B$17,2,FALSE) -> CMS | I22: =VLOOKUP($C22&$F22,Open Capital Projects Access,4,FALSE) -> #NAME? | J22: =SUMIF('MUNIS GL Working Doc 01.06'!H:H,'Capital Status Report'!G22,'MUNIS GL Working Doc 01.06'!AB:AB) -> 20000 | K22: =SUMIF('MUNIS GL Working Doc 01.06'!H:H,'Capital Status Report'!G22,'MUNIS GL Working Doc 01.06'!AE:AE) -> 0 | L22: =SUMIF('MUNIS GL Working Doc 01.06'!$H:$H,'Capital Status Report'!$G22,'MUNIS GL Working Doc 01.06'!AF:AF) -> 20000 | M22: =SUMIF('MUNIS GL Working Doc 01.06'!$H:$H,'Capital Status Report'!$G22,'MUNIS GL Working Doc 01.06'!AG:AG) -> 20000 | N22: =M22-O22 -> 20000 | O22: =SUMIF('MUNIS GL Working Doc 01.06'!$H:$H,'Capital Status Report'!$G22,'MUNIS GL Working Doc 01.06'!W:W) -> 0 | P22: =SUMIF('MUNIS GL Working Doc 01.06'!$H:$H,'Capital Status Report'!$G22,'MUNIS GL Working Doc 01.06'!X:X) -> 0 | Q22: =SUMIF('MUNIS GL Working Doc 01.06'!$H:$H,'Capital Status Report'!$G22,'MUNIS GL Working Doc 01.06'!Z:Z) -> 0 | R22: Complete | T22: CLOSE - PROJECT COMPLETE
A23: 32 | B23: FY18 | C23: 18160 - Interior Finishes-Flooring,Painting | D23: =LEFT(C23,5) -> 18160 | E23: Interior painting | F23: 114 - EASTERN MIDDLE SCHOOL | G23: =D23&F23 -> 18160114 - EASTERN MIDDLE SCHOOL | H23: =VLOOKUP(F23,'[2]Locn Lookup'!A$1:B$17,2,FALSE) -> EMS | I23: =VLOOKUP($C23&$F23,Open Capital Projects Access,4,FALSE) -> #NAME? | J23: =SUMIF('MUNIS GL Working Doc 01.06'!H:H,'Capital Status Report'!G23,'MUNIS GL Working Doc 01.06'!AB:AB) -> 10000 | K23: =SUMIF('MUNIS GL Working Doc 01.06'!H:H,'Capital Status Report'!G23,'MUNIS GL Working Doc 01.06'!AE:AE) -> 0 | L23: =SUMIF('MUNIS GL Working Doc 01.06'!$H:$H,'Capital Status Report'!$G23,'MUNIS GL Working Doc 01.06'!AF:AF) -> 10000 | M23: =SUMIF('MUNIS GL Working Doc 01.06'!$H:$H,'Capital Status Report'!$G23,'MUNIS GL Working Doc 01.06'!AG:AG) -> 10000 | N23: =M23-O23 -> 10000 | O23: =SUMIF('MUNIS GL Working Doc 01.06'!$H:$H,'Capital Status Report'!$G23,'MUNIS GL Working Doc 01.06'!W:W) -> 0 | P23: =SUMIF('MUNIS GL Working Doc 01.06'!$H:$H,'Capital Status Report'!$G23,'MUNIS GL Working Doc 01.06'!X:X) -> 0 | Q23: =SUMIF('MUNIS GL Working Doc 01.06'!$H:$H,'Capital Status Report'!$G23,'MUNIS GL Working Doc 01.06'!Z:Z) -> 0 | R23: Complete | T23: CLOSE - PROJECT COMPLETE
A24: 33 | B24: FY18 | C24: 18160 - Interior Finishes-Flooring,Painting | D24: =LEFT(C24,5) -> 18160 | E24: Interior painting | F24: 115 - WESTERN MIDDLE SCHOOL | G24: =D24&F24 -> 18160115 - WESTERN MIDDLE SCHOOL | H24: =VLOOKUP(F24,'[2]Locn Lookup'!A$1:B$17,2,FALSE) -> WMS | I24: =VLOOKUP($C24&$F24,Open Capital Projects Access,4,FALSE) -> #NAME? | J24: =SUMIF('MUNIS GL Working Doc 01.06'!H:H,'Capital Status Report'!G24,'MUNIS GL Working Doc 01.06'!AB:AB) -> 10000 | K24: =SUMIF('MUNIS GL Working Doc 01.06'!H:H,'Capital Status Report'!G24,'MUNIS GL Working Doc 01.06'!AE:AE) -> 0 | L24: =SUMIF('MUNIS GL Working Doc 01.06'!$H:$H,'Capital Status Report'!$G24,'MUNIS GL Working Doc 01.06'!AF:AF) -> 10000 | M24: =SUMIF('MUNIS GL Working Doc 01.06'!$H:$H,'Capital Status Report'!$G24,'MUNIS GL Working Doc 01.06'!AG:AG) -> 10000 | N24: =M24-O24 -> 10000 | O24: =SUMIF('MUNIS GL Working Doc 01.06'!$H:$H,'Capital Status Report'!$G24,'MUNIS GL Working Doc 01.06'!W:W) -> 0 | P24: =SUMIF('MUNIS GL Working Doc 01.06'!$H:$H,'Capital Status Report'!$G24,'MUNIS GL Working Doc 01.06'!X:X) -> 0 | Q24: =SUMIF('MUNIS GL Working Doc 01.06'!$H:$H,'Capital Status Report'!$G24,'MUNIS GL Working Doc 01.06'!Z:Z) -> 0 | R24: Complete | T24: CLOSE - PROJECT COMPLETE
A25: 34 | B25: FY18 | C25: 18160 - Interior Finishes-Flooring,Painting | D25: =LEFT(C25,5) -> 18160 | E25: Interior painting ($20K) & carpet science learning ctr ($16K) | F25: 116 - GREENWICH HIGH SCHOOL | G25: =D25&F25 -> 18160116 - GREENWICH HIGH SCHOOL | H25: =VLOOKUP(F25,'[2]Locn Lookup'!A$1:B$17,2,FALSE) -> GHS | I25: =VLOOKUP($C25&$F25,Open Capital Projects Access,4,FALSE) -> #NAME? | J25: =SUMIF('MUNIS GL Working Doc 01.06'!H:H,'Capital Status Report'!G25,'MUNIS GL Working Doc 01.06'!AB:AB) -> 36000 | K25: =SUMIF('MUNIS GL Working Doc 01.06'!H:H,'Capital Status Report'!G25,'MUNIS GL Working Doc 01.06'!AE:AE) -> -8230 | L25: =SUMIF('MUNIS GL Working Doc 01.06'!$H:$H,'Capital Status Report'!$G25,'MUNIS GL Working Doc 01.06'!AF:AF) -> 27770 | M25: =SUMIF('MUNIS GL Working Doc 01.06'!$H:$H,'Capital Status Report'!$G25,'MUNIS GL Working Doc 01.06'!AG:AG) -> 12925 | N25: =M25-O25 -> 12925 | O25: =SUMIF('MUNIS GL Working Doc 01.06'!$H:$H,'Capital Status Report'!$G25,'MUNIS GL Working Doc 01.06'!W:W) -> 0 | P25: =SUMIF('MUNIS GL Working Doc 01.06'!$H:$H,'Capital Status Report'!$G25,'MUNIS GL Working Doc 01.06'!X:X) -> 5200 | Q25: =SUMIF('MUNIS GL Working Doc 01.06'!$H:$H,'Capital Status Report'!$G25,'MUNIS GL Working Doc 01.06'!Z:Z) -> 9645 | R25: Substantially Complete | S25: 12.9.2020 GYM ENTRY WALKOFF / TARGET DATE - WINTER RECESS
A26: 35 | B26: FY18 | C26: 18160 - Interior Finishes-Flooring,Painting | D26: =LEFT(C26,5) -> 18160 | E26: Painting ($30K) & misc flooring ($40K) | F26: 117 - HAVEMEYER | G26: =D26&F26 -> 18160117 - HAVEMEYER | H26: =VLOOKUP(F26,'[2]Locn Lookup'!A$1:B$17,2,FALSE) -> HAV | I26: =VLOOKUP($C26&$F26,Open Capital Projects Access,4,FALSE) -> #NAME? | J26: =SUMIF('MUNIS GL Working Doc 01.06'!H:H,'Capital Status Report'!G26,'MUNIS GL Working Doc 01.06'!AB:AB) -> 70000 | K26: =SUMIF('MUNIS GL Working Doc 01.06'!H:H,'Capital Status Report'!G26,'MUNIS GL Working Doc 01.06'!AE:AE) -> 8230 | L26: =SUMIF('MUNIS GL Working Doc 01.06'!$H:$H,'Capital Status Report'!$G26,'MUNIS GL Working Doc 01.06'!AF:AF) -> 78230 | M26: =SUMIF('MUNIS GL Working Doc 01.06'!$H:$H,'Capital Status Report'!$G26,'MUNIS GL Working Doc 01.06'!AG:AG) -> 78229.6 | N26: =M26-O26 -> 78229.6 | O26: =SUMIF('MUNIS GL Working Doc 01.06'!$H:$H,'Capital Status Report'!$G26,'MUNIS GL Working Doc 01.06'!W:W) -> 0 | P26: =SUMIF('MUNIS GL Working Doc 01.06'!$H:$H,'Capital Status Report'!$G26,'MUNIS GL Working Doc 01.06'!X:X) -> 0 | Q26: =SUMIF('MUNIS GL Working Doc 01.06'!$H:$H,'Capital Status Report'!$G26,'MUNIS GL Working Doc 01.06'!Z:Z) -> 0.4 | R26: Complete | T26: CLOSE - PROJECT COMPLETE
A27: 37 | B27: FY18 | C27: 18161 - Interior Carpentry | D27: =LEFT(C27,5) -> 18161 | E27: Convert storage to office, office to classroom | F27: 106 - JULIAN CURTISS SCHOOL | G27: =D27&F27 -> 18161106 - JULIAN CURTISS SCHOOL | H27: =VLOOKUP(F27,'[2]Locn Lookup'!A$1:B$17,2,FALSE) -> JC | I27: =VLOOKUP($C27&$F27,Open Capital Projects Access,4,FALSE) -> #NAME? | J27: =SUMIF('MUNIS GL Working Doc 01.06'!H:H,'Capital Status Report'!G27,'MUNIS GL Working Doc 01.06'!AB:AB) -> 45000 | K27: =SUMIF('MUNIS GL Working Doc 01.06'!H:H,'Capital Status Report'!G27,'MUNIS GL Working Doc 01.06'!AE:AE) -> -45000 | L27: =SUMIF('MUNIS GL Working Doc 01.06'!$H:$H,'Capital Status Report'!$G27,'MUNIS GL Working Doc 01.06'!AF:AF) -> 0 | M27: =SUMIF('MUNIS GL Working Doc 01.06'!$H:$H,'Capital Status Report'!$G27,'MUNIS GL Working Doc 01.06'!AG:AG) -> 0 | N27: =M27-O27 -> 0 | O27: =SUMIF('MUNIS GL Working Doc 01.06'!$H:$H,'Capital Status Report'!$G27,'MUNIS GL Working Doc 01.06'!W:W) -> 0 | P27: =SUMIF('MUNIS GL Working Doc 01.06'!$H:$H,'Capital Status Report'!$G27,'MUNIS GL Working Doc 01.06'!X:X) -> 0 | Q27: =SUMIF('MUNIS GL Working Doc 01.06'!$H:$H,'Capital Status Report'!$G27,'MUNIS GL Working Doc 01.06'!Z:Z) -> 0 | R27: Complete | T27: CLOSE - PROJECT COMPLETE
A28: 38 | B28: FY18 | C28: 18161 - Interior Carpentry | D28: =LEFT(C28,5) -> 18161 | E28: Refurbish stage | F28: 107 - NORTH STREET SCHOOL | G28: =D28&F28 -> 18161107 - NORTH STREET SCHOOL | H28: =VLOOKUP(F28,'[2]Locn Lookup'!A$1:B$17,2,FALSE) -> NS | I28: =VLOOKUP($C28&$F28,Open Capital Projects Access,4,FALSE) -> #NAME? | J28: =SUMIF('MUNIS GL Working Doc 01.06'!H:H,'Capital Status Report'!G28,'MUNIS GL Working Doc 01.06'!AB:AB) -> 22000 | K28: =SUMIF('MUNIS GL Working Doc 01.06'!H:H,'Capital Status Report'!G28,'MUNIS GL Working Doc 01.06'!AE:AE) -> -9690 | L28: =SUMIF('MUNIS GL Working Doc 01.06'!$H:$H,'Capital Status Report'!$G28,'MUNIS GL Working Doc 01.06'!AF:AF) -> 12310 | M28: =SUMIF('MUNIS GL Working Doc 01.06'!$H:$H,'Capital Status Report'!$G28,'MUNIS GL Working Doc 01.06'!AG:AG) -> 12310 | N28: =M28-O28 -> 12310 | O28: =SUMIF('MUNIS GL Working Doc 01.06'!$H:$H,'Capital Status Report'!$G28,'MUNIS GL Working Doc 01.06'!W:W) -> 0 | P28: =SUMIF('MUNIS GL Working Doc 01.06'!$H:$H,'Capital Status Report'!$G28,'MUNIS GL Working Doc 01.06'!X:X) -> 0 | Q28: =SUMIF('MUNIS GL Working Doc 01.06'!$H:$H,'Capital Status Report'!$G28,'MUNIS GL Working Doc 01.06'!Z:Z) -> 0 | R28: Complete | T28: CLOSE - PROJECT COMPLETE
A29: 39 | B29: FY18 | C29: 18161 - Interior Carpentry | D29: =LEFT(C29,5) -> 18161 | E29: Replace ceilings & lighting | F29: 111 - OLD GREENWICH SCHOOL | G29: =D29&F29 -> 18161111 - OLD GREENWICH SCHOOL | H29: =VLOOKUP(F29,'[2]Locn Lookup'!A$1:B$17,2,FALSE) -> OG | I29: =VLOOKUP($C29&$F29,Open Capital Projects Access,4,FALSE) -> #NAME? | J29: =SUMIF('MUNIS GL Working Doc 01.06'!H:H,'Capital Status Report'!G29,'MUNIS GL Working Doc 01.06'!AB:AB) -> 315000 | K29: =SUMIF('MUNIS GL Working Doc 01.06'!H:H,'Capital Status Report'!G29,'MUNIS GL Working Doc 01.06'!AE:AE) -> -108971 | L29: =SUMIF('MUNIS GL Working Doc 01.06'!$H:$H,'Capital Status Report'!$G29,'MUNIS GL Working Doc 01.06'!AF:AF) -> 206029 | M29: =SUMIF('MUNIS GL Working Doc 01.06'!$H:$H,'Capital Status Report'!$G29,'MUNIS GL Working Doc 01.06'!AG:AG) -> 206028.63 | N29: =M29-O29 -> 206028.63 | O29: =SUMIF('MUNIS GL Working Doc 01.06'!$H:$H,'Capital Status Report'!$G29,'MUNIS GL Working Doc 01.06'!W:W) -> 0 | P29: =SUMIF('MUNIS GL Working Doc 01.06'!$H:$H,'Capital Status Report'!$G29,'MUNIS GL Working Doc 01.06'!X:X) -> 0 | Q29: =SUMIF('MUNIS GL Working Doc 01.06'!$H:$H,'Capital Status Report'!$G29,'MUNIS GL Working Doc 01.06'!Z:Z) -> 0.37 | R29: Complete | T29: CLOSE - PROJECT COMPLETE
A30: 40 | B30: FY18 | C30: 18161 - Interior Carpentry | D30: =LEFT(C30,5) -> 18161 | E30: Replace ceilings & lighting | F30: 112 - RIVERSIDE SCHOOL | G30: =D30&F30 -> 18161112 - RIVERSIDE SCHOOL | H30: =VLOOKUP(F30,'[2]Locn Lookup'!A$1:B$17,2,FALSE) -> RV | I30: =VLOOKUP($C30&$F30,Open Capital Projects Access,4,FALSE) -> #NAME? | J30: =SUMIF('MUNIS GL Working Doc 01.06'!H:H,'Capital Status Report'!G30,'MUNIS GL Working Doc 01.06'!AB:AB) -> 400000 | K30: =SUMIF('MUNIS GL Working Doc 01.06'!H:H,'Capital Status Report'!G30,'MUNIS GL Working Doc 01.06'!AE:AE) -> 163661 | L30: =SUMIF('MUNIS GL Working Doc 01.06'!$H:$H,'Capital Status Report'!$G30,'MUNIS GL Working Doc 01.06'!AF:AF) -> 563661 | M30: =SUMIF('MUNIS GL Working Doc 01.06'!$H:$H,'Capital Status Report'!$G30,'MUNIS GL Working Doc 01.06'!AG:AG) -> 497163.22 | N30: =M30-O30 -> 497163.22 | O30: =SUMIF('MUNIS GL Working Doc 01.06'!$H:$H,'Capital Status Report'!$G30,'MUNIS GL Working Doc 01.06'!W:W) -> 0 | P30: =SUMIF('MUNIS GL Working Doc 01.06'!$H:$H,'Capital Status Report'!$G30,'MUNIS GL Working Doc 01.06'!X:X) -> 0 | Q30: =SUMIF('MUNIS GL Working Doc 01.06'!$H:$H,'Capital Status Report'!$G30,'MUNIS GL Working Doc 01.06'!Z:Z) -> 66497.78 | R30: Substantially Complete | S30: Funds to be used to complete office suite lighting upgrade | T30: to be completed summer2021
A31: 42 | B31: FY18 | C31: 18162 - Building Envelope-Life Cycle Replcm | D31: =LEFT(C31,5) -> 18162 | E31: Window Replacement | F31: 114 - EASTERN MIDDLE SCHOOL | G31: =D31&F31 -> 18162114 - EASTERN MIDDLE SCHOOL | H31: =VLOOKUP(F31,'[2]Locn Lookup'!A$1:B$17,2,FALSE) -> EMS | I31: =VLOOKUP($C31&$F31,Open Capital Projects Access,4,FALSE) -> #NAME? | J31: =SUMIF('MUNIS GL Working Doc 01.06'!H:H,'Capital Status Report'!G31,'MUNIS GL Working Doc 01.06'!AB:AB) -> 750000 | K31: =SUMIF('MUNIS GL Working Doc 01.06'!H:H,'Capital Status Report'!G31,'MUNIS GL Working Doc 01.06'!AE:AE) -> 28554.29 | L31: =SUMIF('MUNIS GL Working Doc 01.06'!$H:$H,'Capital Status Report'!$G31,'MUNIS GL Working Doc 01.06'!AF:AF) -> 778554.29 | M31: =SUMIF('MUNIS GL Working Doc 01.06'!$H:$H,'Capital Status Report'!$G31,'MUNIS GL Working Doc 01.06'!AG:AG) -> 761152.37 | N31: =M31-O31 -> 750000 | O31: =SUMIF('MUNIS GL Working Doc 01.06'!$H:$H,'Capital Status Report'!$G31,'MUNIS GL Working Doc 01.06'!W:W) -> 11152.37 | P31: =SUMIF('MUNIS GL Working Doc 01.06'!$H:$H,'Capital Status Report'!$G31,'MUNIS GL Working Doc 01.06'!X:X) -> 0 | Q31: =SUMIF('MUNIS GL Working Doc 01.06'!$H:$H,'Capital Status Report'!$G31,'MUNIS GL Working Doc 01.06'!Z:Z) -> 17401.92 | R31: Substantially Complete | S31: 12.9.2020 Use for C0s associated HVAC / Window project | T31: Funds to be used for Window/HVAC project Change Orders from field conditions as needed
A32: 43 | B32: FY18 | C32: 18162 - Building Envelope-Life Cycle Replcm | D32: =LEFT(C32,5) -> 18162 | E32: Window Replacement | F32: 115 - WESTERN MIDDLE SCHOOL | G32: =D32&F32 -> 18162115 - WESTERN MIDDLE SCHOOL | H32: =VLOOKUP(F32,'[2]Locn Lookup'!A$1:B$17,2,FALSE) -> WMS | I32: =VLOOKUP($C32&$F32,Open Capital Projects Access,4,FALSE) -> #NAME? | J32: =SUMIF('MUNIS GL Working Doc 01.06'!H:H,'Capital Status Report'!G32,'MUNIS GL Working Doc 01.06'!AB:AB) -> 140000 | K32: =SUMIF('MUNIS GL Working Doc 01.06'!H:H,'Capital Status Report'!G32,'MUNIS GL Working Doc 01.06'!AE:AE) -> -28554.29 | L32: =SUMIF('MUNIS GL Working Doc 01.06'!$H:$H,'Capital Status Report'!$G32,'MUNIS GL Working Doc 01.06'!AF:AF) -> 111445.71 | M32: =SUMIF('MUNIS GL Working Doc 01.06'!$H:$H,'Capital Status Report'!$G32,'MUNIS GL Working Doc 01.06'!AG:AG) -> 111445.71 | N32: =M32-O32 -> 111445.71 | O32: =SUMIF('MUNIS GL Working Doc 01.06'!$H:$H,'Capital Status Report'!$G32,'MUNIS GL Working Doc 01.06'!W:W) -> 0 | P32: =SUMIF('MUNIS GL Working Doc 01.06'!$H:$H,'Capital Status Report'!$G32,'MUNIS GL Working Doc 01.06'!X:X) -> 0 | Q32: =SUMIF('MUNIS GL Working Doc 01.06'!$H:$H,'Capital Status Report'!$G32,'MUNIS GL Working Doc 01.06'!Z:Z) -> 0 | R32: Complete | T32: CLOSE - PROJECT COMPLETE
A33: 45 | B33: FY18 | C33: 18163 - Athletics | D33: =LEFT(C33,5) -> 18163 | E33: Gym lighting | F33: 106 - JULIAN CURTISS SCHOOL | G33: =D33&F33 -> 18163106 - JULIAN CURTISS SCHOOL | H33: =VLOOKUP(F33,'[2]Locn Lookup'!A$1:B$17,2,FALSE) -> JC | I33: =VLOOKUP($C33&$F33,Open Capital Projects Access,4,FALSE) -> #NAME? | J33: =SUMIF('MUNIS GL Working Doc 01.06'!H:H,'Capital Status Report'!G33,'MUNIS GL Working Doc 01.06'!AB:AB) -> 80000 | K33: =SUMIF('MUNIS GL Working Doc 01.06'!H:H,'Capital Status Report'!G33,'MUNIS GL Working Doc 01.06'!AE:AE) -> -60024.12 | L33: =SUMIF('MUNIS GL Working Doc 01.06'!$H:$H,'Capital Status Report'!$G33,'MUNIS GL Working Doc 01.06'!AF:AF) -> 19975.88 | M33: =SUMIF('MUNIS GL Working Doc 01.06'!$H:$H,'Capital Status Report'!$G33,'MUNIS GL Working Doc 01.06'!AG:AG) -> 19975.88 | N33: =M33-O33 -> 19975.88 | O33: =SUMIF('MUNIS GL Working Doc 01.06'!$H:$H,'Capital Status Report'!$G33,'MUNIS GL Working Doc 01.06'!W:W) -> 0 | P33: =SUMIF('MUNIS GL Working Doc 01.06'!$H:$H,'Capital Status Report'!$G33,'MUNIS GL Working Doc 01.06'!X:X) -> 0 | Q33: =SUMIF('MUNIS GL Working Doc 01.06'!$H:$H,'Capital Status Report'!$G33,'MUNIS GL Working Doc 01.06'!Z:Z) -> 0 | R33: Complete | T33: CLOSE - PROJECT COMPLETE
A34: 46 | B34: FY18 | C34: 18163 - Athletics | D34: =LEFT(C34,5) -> 18163 | E34: Gym lighting | F34: 107 - NORTH STREET SCHOOL | G34: =D34&F34 -> 18163107 - NORTH STREET SCHOOL | H34: =VLOOKUP(F34,'[2]Locn Lookup'!A$1:B$17,2,FALSE) -> NS | I34: =VLOOKUP($C34&$F34,Open Capital Projects Access,4,FALSE) -> #NAME? | J34: =SUMIF('MUNIS GL Working Doc 01.06'!H:H,'Capital Status Report'!G34,'MUNIS GL Working Doc 01.06'!AB:AB) -> 80000 | K34: =SUMIF('MUNIS GL Working Doc 01.06'!H:H,'Capital Status Report'!G34,'MUNIS GL Working Doc 01.06'!AE:AE) -> -42315.6 | L34: =SUMIF('MUNIS GL Working Doc 01.06'!$H:$H,'Capital Status Report'!$G34,'MUNIS GL Working Doc 01.06'!AF:AF) -> 37684.4 | M34: =SUMIF('MUNIS GL Working Doc 01.06'!$H:$H,'Capital Status Report'!$G34,'MUNIS GL Working Doc 01.06'!AG:AG) -> 35684.4 | N34: =M34-O34 -> 35684.4 | O34: =SUMIF('MUNIS GL Working Doc 01.06'!$H:$H,'Capital Status Report'!$G34,'MUNIS GL Working Doc 01.06'!W:W) -> 0 | P34: =SUMIF('MUNIS GL Working Doc 01.06'!$H:$H,'Capital Status Report'!$G34,'MUNIS GL Working Doc 01.06'!X:X) -> 0 | Q34: =SUMIF('MUNIS GL Working Doc 01.06'!$H:$H,'Capital Status Report'!$G34,'MUNIS GL Working Doc 01.06'!Z:Z) -> 2000 | R34: Complete | S34: Close - Project done | T34: CLOSE - PROJECT COMPLETE
A35: 47 | B35: FY18 | C35: 18163 - Athletics | D35: =LEFT(C35,5) -> 18163 | E35: Replace gym floor | F35: 109 - DUNDEE SCHOOL | G35: =D35&F35 -> 18163109 - DUNDEE SCHOOL | H35: =VLOOKUP(F35,'[2]Locn Lookup'!A$1:B$17,2,FALSE) -> ISD | I35: =VLOOKUP($C35&$F35,Open Capital Projects Access,4,FALSE) -> #NAME? | J35: =SUMIF('MUNIS GL Working Doc 01.06'!H:H,'Capital Status Report'!G35,'MUNIS GL Working Doc 01.06'!AB:AB) -> 125000 | K35: =SUMIF('MUNIS GL Working Doc 01.06'!H:H,'Capital Status Report'!G35,'MUNIS GL Working Doc 01.06'!AE:AE) -> 42389 | L35: =SUMIF('MUNIS GL Working Doc 01.06'!$H:$H,'Capital Status Report'!$G35,'MUNIS GL Working Doc 01.06'!AF:AF) -> 167389 | M35: =SUMIF('MUNIS GL Working Doc 01.06'!$H:$H,'Capital Status Report'!$G35,'MUNIS GL Working Doc 01.06'!AG:AG) -> 162389 | N35: =M35-O35 -> 162389 | O35: =SUMIF('MUNIS GL Working Doc 01.06'!$H:$H,'Capital Status Report'!$G35,'MUNIS GL Working Doc 01.06'!W:W) -> 0 | P35: =SUMIF('MUNIS GL Working Doc 01.06'!$H:$H,'Capital Status Report'!$G35,'MUNIS GL Working Doc 01.06'!X:X) -> 0 | Q35: =SUMIF('MUNIS GL Working Doc 01.06'!$H:$H,'Capital Status Report'!$G35,'MUNIS GL Working Doc 01.06'!Z:Z) -> 5000 | R35: Complete | S35: Close - Project done | T35: CLOSE - PROJECT COMPLETE
A36: 48 | B36: FY18 | C36: 18163 - Athletics | D36: =LEFT(C36,5) -> 18163 | E36: Gym Divider* | F36: 115 - WESTERN MIDDLE SCHOOL | G36: =D36&F36 -> 18163115 - WESTERN MIDDLE SCHOOL | H36: =VLOOKUP(F36,'[2]Locn Lookup'!A$1:B$17,2,FALSE) -> WMS | I36: =VLOOKUP($C36&$F36,Open Capital Projects Access,4,FALSE) -> #NAME? | J36: =SUMIF('MUNIS GL Working Doc 01.06'!H:H,'Capital Status Report'!G36,'MUNIS GL Working Doc 01.06'!AB:AB) -> 20960 | K36: =SUMIF('MUNIS GL Working Doc 01.06'!H:H,'Capital Status Report'!G36,'MUNIS GL Working Doc 01.06'!AE:AE) -> 10000 | L36: =SUMIF('MUNIS GL Working Doc 01.06'!$H:$H,'Capital Status Report'!$G36,'MUNIS GL Working Doc 01.06'!AF:AF) -> 30960 | M36: =SUMIF('MUNIS GL Working Doc 01.06'!$H:$H,'Capital Status Report'!$G36,'MUNIS GL Working Doc 01.06'!AG:AG) -> 29200 | N36: =M36-O36 -> 29200 | O36: =SUMIF('MUNIS GL Working Doc 01.06'!$H:$H,'Capital Status Report'!$G36,'MUNIS GL Working Doc 01.06'!W:W) -> 0 | P36: =SUMIF('MUNIS GL Working Doc 01.06'!$H:$H,'Capital Status Report'!$G36,'MUNIS GL Working Doc 01.06'!X:X) -> 0 | Q36: =SUMIF('MUNIS GL Working Doc 01.06'!$H:$H,'Capital Status Report'!$G36,'MUNIS GL Working Doc 01.06'!Z:Z) -> 1760 | R36: Complete | S36: ??? Close out | T36: CLOSE - PROJECT COMPLETE
A37: 49 | B37: FY18 | C37: 18163 - Athletics | D37: =LEFT(C37,5) -> 18163 | E37: Renovate locker rooms ($450K); replace gym floor ($325K); practice field lighting ($96K) | F37: 116 - GREENWICH HIGH SCHOOL | G37: =D37&F37 -> 18163116 - GREENWICH HIGH SCHOOL | H37: =VLOOKUP(F37,'[2]Locn Lookup'!A$1:B$17,2,FALSE) -> GHS | I37: =VLOOKUP($C37&$F37,Open Capital Projects Access,4,FALSE) -> #NAME? | J37: =SUMIF('MUNIS GL Working Doc 01.06'!H:H,'Capital Status Report'!G37,'MUNIS GL Working Doc 01.06'!AB:AB) -> 871000 | K37: =SUMIF('MUNIS GL Working Doc 01.06'!H:H,'Capital Status Report'!G37,'MUNIS GL Working Doc 01.06'!AE:AE) -> 28990.6 | L37: =SUMIF('MUNIS GL Working Doc 01.06'!$H:$H,'Capital Status Report'!$G37,'MUNIS GL Working Doc 01.06'!AF:AF) -> 899990.6 | M37: =SUMIF('MUNIS GL Working Doc 01.06'!$H:$H,'Capital Status Report'!$G37,'MUNIS GL Working Doc 01.06'!AG:AG) -> 790605.88 | N37: =M37-O37 -> 790605.88 | O37: =SUMIF('MUNIS GL Working Doc 01.06'!$H:$H,'Capital Status Report'!$G37,'MUNIS GL Working Doc 01.06'!W:W) -> 0 | P37: =SUMIF('MUNIS GL Working Doc 01.06'!$H:$H,'Capital Status Report'!$G37,'MUNIS GL Working Doc 01.06'!X:X) -> 13384.72 | Q37: =SUMIF('MUNIS GL Working Doc 01.06'!$H:$H,'Capital Status Report'!$G37,'MUNIS GL Working Doc 01.06'!Z:Z) -> 96000 | R37: Substantially Complete | S37: 1.29.2021 Can remaining funds be utilized for lighting in the Cardinal Stadium Project. If so, HOLD!!! | T37: CLOSE - PROJECT COMPLETE $96KFOR LIGHTS ONLY. RETURN $96k /
A38: 51 | B38: FY18 | C38: 18164 - Mechanical Systems Upgrades | D38: =LEFT(C38,5) -> 18164 | E38: Valve replacements | F38: 106 - JULIAN CURTISS SCHOOL | G38: =D38&F38 -> 18164106 - JULIAN CURTISS SCHOOL | H38: =VLOOKUP(F38,'[2]Locn Lookup'!A$1:B$17,2,FALSE) -> JC | I38: =VLOOKUP($C38&$F38,Open Capital Projects Access,4,FALSE) -> #NAME? | J38: =SUMIF('MUNIS GL Working Doc 01.06'!H:H,'Capital Status Report'!G38,'MUNIS GL Working Doc 01.06'!AB:AB) -> 25000 | K38: =SUMIF('MUNIS GL Working Doc 01.06'!H:H,'Capital Status Report'!G38,'MUNIS GL Working Doc 01.06'!AE:AE) -> 0 | L38: =SUMIF('MUNIS GL Working Doc 01.06'!$H:$H,'Capital Status Report'!$G38,'MUNIS GL Working Doc 01.06'!AF:AF) -> 25000 | M38: =SUMIF('MUNIS GL Working Doc 01.06'!$H:$H,'Capital Status Report'!$G38,'MUNIS GL Working Doc 01.06'!AG:AG) -> 9364.41 | N38: =M38-O38 -> 464.41 | O38: =SUMIF('MUNIS GL Working Doc 01.06'!$H:$H,'Capital Status Report'!$G38,'MUNIS GL Working Doc 01.06'!W:W) -> 8900 | P38: =SUMIF('MUNIS GL Working Doc 01.06'!$H:$H,'Capital Status Report'!$G38,'MUNIS GL Working Doc 01.06'!X:X) -> 0 | Q38: =SUMIF('MUNIS GL Working Doc 01.06'!$H:$H,'Capital Status Report'!$G38,'MUNIS GL Working Doc 01.06'!Z:Z) -> 15635.59 | R38: Substantially Complete | S38: 2.8.2021 Hold for valve replacment Spring 2021 | T38: 2.8.202 - Schede to provide proposal to complete valves replacment to enable entire wings to be valved off in lieu of entire bldg drain down
A39: 52 | B39: FY18 | C39: 18164 - Mechanical Systems Upgrades | D39: =LEFT(C39,5) -> 18164 | E39: Well pump room improvements | F39: 108 - PARKWAY SCHOOL | G39: =D39&F39 -> 18164108 - PARKWAY SCHOOL | H39: =VLOOKUP(F39,'[2]Locn Lookup'!A$1:B$17,2,FALSE) -> PW | I39: =VLOOKUP($C39&$F39,Open Capital Projects Access,4,FALSE) -> #NAME? | J39: =SUMIF('MUNIS GL Working Doc 01.06'!H:H,'Capital Status Report'!G39,'MUNIS GL Working Doc 01.06'!AB:AB) -> 50000 | K39: =SUMIF('MUNIS GL Working Doc 01.06'!H:H,'Capital Status Report'!G39,'MUNIS GL Working Doc 01.06'!AE:AE) -> 0 | L39: =SUMIF('MUNIS GL Working Doc 01.06'!$H:$H,'Capital Status Report'!$G39,'MUNIS GL Working Doc 01.06'!AF:AF) -> 50000 | M39: =SUMIF('MUNIS GL Working Doc 01.06'!$H:$H,'Capital Status Report'!$G39,'MUNIS GL Working Doc 01.06'!AG:AG) -> 38140.32 | N39: =M39-O39 -> 37057 | O39: =SUMIF('MUNIS GL Working Doc 01.06'!$H:$H,'Capital Status Report'!$G39,'MUNIS GL Working Doc 01.06'!W:W) -> 1083.32 | P39: =SUMIF('MUNIS GL Working Doc 01.06'!$H:$H,'Capital Status Report'!$G39,'MUNIS GL Working Doc 01.06'!X:X) -> 0 | Q39: =SUMIF('MUNIS GL Working Doc 01.06'!$H:$H,'Capital Status Report'!$G39,'MUNIS GL Working Doc 01.06'!Z:Z) -> 11859.68 | R39: Substantially Complete | S39: 1.29.2021 HOLD and use for Chiller project field conditions as needed. | T39: Hold - chiller replacment project contingency if needed
A40: 53 | B40: FY18 | C40: 18164 - Mechanical Systems Upgrades | D40: =LEFT(C40,5) -> 18164 | E40: Replace cooling tower | F40: 109 - DUNDEE SCHOOL | G40: =D40&F40 -> 18164109 - DUNDEE SCHOOL | H40: =VLOOKUP(F40,'[2]Locn Lookup'!A$1:B$17,2,FALSE) -> ISD | I40: =VLOOKUP($C40&$F40,Open Capital Projects Access,4,FALSE) -> #NAME? | J40: =SUMIF('MUNIS GL Working Doc 01.06'!H:H,'Capital Status Report'!G40,'MUNIS GL Working Doc 01.06'!AB:AB) -> 250000 | K40: =SUMIF('MUNIS GL Working Doc 01.06'!H:H,'Capital Status Report'!G40,'MUNIS GL Working Doc 01.06'!AE:AE) -> -95263.02 | L40: =SUMIF('MUNIS GL Working Doc 01.06'!$H:$H,'Capital Status Report'!$G40,'MUNIS GL Working Doc 01.06'!AF:AF) -> 154736.98 | M40: =SUMIF('MUNIS GL Working Doc 01.06'!$H:$H,'Capital Status Report'!$G40,'MUNIS GL Working Doc 01.06'!AG:AG) -> 147901.98 | N40: =M40-O40 -> 139736.98 | O40: =SUMIF('MUNIS GL Working Doc 01.06'!$H:$H,'Capital Status Report'!$G40,'MUNIS GL Working Doc 01.06'!W:W) -> 8165 | P40: =SUMIF('MUNIS GL Working Doc 01.06'!$H:$H,'Capital Status Report'!$G40,'MUNIS GL Working Doc 01.06'!X:X) -> 0 | Q40: =SUMIF('MUNIS GL Working Doc 01.06'!$H:$H,'Capital Status Report'!$G40,'MUNIS GL Working Doc 01.06'!Z:Z) -> 6835 | R40: Substantially Complete | S40: 1.29.2021 HOLD and use for Chiller if needed. | T40: Project Complete. Move available funds within bundle to CMS Auditorium to cover budget shortcoming
A41: 54 | B41: FY18 | C41: 18164 - Mechanical Systems Upgrades | D41: =LEFT(C41,5) -> 18164 | E41: Replace/upgrade AC & ventilation | F41: 110 - NORTH MIANUS SCHOOL | G41: =D41&F41 -> 18164110 - NORTH MIANUS SCHOOL | H41: =VLOOKUP(F41,'[2]Locn Lookup'!A$1:B$17,2,FALSE) -> NM | I41: =VLOOKUP($C41&$F41,Open Capital Projects Access,4,FALSE) -> #NAME? | J41: =SUMIF('MUNIS GL Working Doc 01.06'!H:H,'Capital Status Report'!G41,'MUNIS GL Working Doc 01.06'!AB:AB) -> 875000 | K41: =SUMIF('MUNIS GL Working Doc 01.06'!H:H,'Capital Status Report'!G41,'MUNIS GL Working Doc 01.06'!AE:AE) -> -13434.21 | L41: =SUMIF('MUNIS GL Working Doc 01.06'!$H:$H,'Capital Status Report'!$G41,'MUNIS GL Working Doc 01.06'!AF:AF) -> 861565.79 | M41: =SUMIF('MUNIS GL Working Doc 01.06'!$H:$H,'Capital Status Report'!$G41,'MUNIS GL Working Doc 01.06'!AG:AG) -> 861565.79 | N41: =M41-O41 -> 861565.79 | O41: =SUMIF('MUNIS GL Working Doc 01.06'!$H:$H,'Capital Status Report'!$G41,'MUNIS GL Working Doc 01.06'!W:W) -> 0 | P41: =SUMIF('MUNIS GL Working Doc 01.06'!$H:$H,'Capital Status Report'!$G41,'MUNIS GL Working Doc 01.06'!X:X) -> 0 | Q41: =SUMIF('MUNIS GL Working Doc 01.06'!$H:$H,'Capital Status Report'!$G41,'MUNIS GL Working Doc 01.06'!Z:Z) -> 0 | R41: Complete | S41: RETURN TO TOG | T41: CLOSE - PROJECT COMPLETE
A42: 55 | B42: FY18 | C42: 18164 - Mechanical Systems Upgrades | D42: =LEFT(C42,5) -> 18164 | E42: Auditorium AC ($350K) & Kitchen grease traps compliance ($45K) | F42: 113 - CENTRAL MIDDLE SCHOOL | G42: =D42&F42 -> 18164113 - CENTRAL MIDDLE SCHOOL | H42: =VLOOKUP(F42,'[2]Locn Lookup'!A$1:B$17,2,FALSE) -> CMS | I42: =VLOOKUP($C42&$F42,Open Capital Projects Access,4,FALSE) -> #NAME? | J42: =SUMIF('MUNIS GL Working Doc 01.06'!H:H,'Capital Status Report'!G42,'MUNIS GL Working Doc 01.06'!AB:AB) -> 395000 | K42: =SUMIF('MUNIS GL Working Doc 01.06'!H:H,'Capital Status Report'!G42,'MUNIS GL Working Doc 01.06'!AE:AE) -> 108697.23 | L42: =SUMIF('MUNIS GL Working Doc 01.06'!$H:$H,'Capital Status Report'!$G42,'MUNIS GL Working Doc 01.06'!AF:AF) -> 503697.23 | M42: =SUMIF('MUNIS GL Working Doc 01.06'!$H:$H,'Capital Status Report'!$G42,'MUNIS GL Working Doc 01.06'!AG:AG) -> 355954 | N42: =M42-O42 -> 14470 | O42: =SUMIF('MUNIS GL Working Doc 01.06'!$H:$H,'Capital Status Report'!$G42,'MUNIS GL Working Doc 01.06'!W:W) -> 341484 | P42: =SUMIF('MUNIS GL Working Doc 01.06'!$H:$H,'Capital Status Report'!$G42,'MUNIS GL Working Doc 01.06'!X:X) -> 19546 | Q42: =SUMIF('MUNIS GL Working Doc 01.06'!$H:$H,'Capital Status Report'!$G42,'MUNIS GL Working Doc 01.06'!Z:Z) -> 128197.23 | R42: Substantially Complete | S42: 12.9.2020 HOLD for Grease Trap. In design with LFG f | T42: Auditorium HVAC complete. Grease trap to be bid spring 2021
A43: 56 | B43: FY18 | C43: 18164 - Mechanical Systems Upgrades | D43: =LEFT(C43,5) -> 18164 | E43: Chiller Replacement ($450K) & boiler retubing ($50K) | F43: 116 - GREENWICH HIGH SCHOOL | G43: =D43&F43 -> 18164116 - GREENWICH HIGH SCHOOL | H43: =VLOOKUP(F43,'[2]Locn Lookup'!A$1:B$17,2,FALSE) -> GHS | I43: =VLOOKUP($C43&$F43,Open Capital Projects Access,4,FALSE) -> #NAME? | J43: =SUMIF('MUNIS GL Working Doc 01.06'!H:H,'Capital Status Report'!G43,'MUNIS GL Working Doc 01.06'!AB:AB) -> 500000 | K43: =SUMIF('MUNIS GL Working Doc 01.06'!H:H,'Capital Status Report'!G43,'MUNIS GL Working Doc 01.06'!AE:AE) -> 0 | L43: =SUMIF('MUNIS GL Working Doc 01.06'!$H:$H,'Capital Status Report'!$G43,'MUNIS GL Working Doc 01.06'!AF:AF) -> 500000 | M43: =SUMIF('MUNIS GL Working Doc 01.06'!$H:$H,'Capital Status Report'!$G43,'MUNIS GL Working Doc 01.06'!AG:AG) -> 33349.39 | N43: =M43-O43 -> 26588.39 | O43: =SUMIF('MUNIS GL Working Doc 01.06'!$H:$H,'Capital Status Report'!$G43,'MUNIS GL Working Doc 01.06'!W:W) -> 6761 | P43: =SUMIF('MUNIS GL Working Doc 01.06'!$H:$H,'Capital Status Report'!$G43,'MUNIS GL Working Doc 01.06'!X:X) -> 35659.86 | Q43: =SUMIF('MUNIS GL Working Doc 01.06'!$H:$H,'Capital Status Report'!$G43,'MUNIS GL Working Doc 01.06'!Z:Z) -> 430990.75 | R43: Pre-Construction | S43: 12.9.2020 LFG to bid out PHASED project now to utilize $459K. Entire project is over $1M. Combine with 19160, 20179 and 21265 1.29.2021 Bids received and award is in review. Scope review with apparent low bidder scheduled for week of 2.8 | T43: Bids received. In Scope review and award review
A44: 58 | B44: FY18 | C44: 18168 - Asbestos Abatement | D44: =LEFT(C44,5) -> 18168 | E44: Utility tunnel asbestos abatement | F44: 106 - JULIAN CURTISS SCHOOL | G44: =D44&F44 -> 18168106 - JULIAN CURTISS SCHOOL | H44: =VLOOKUP(F44,'[2]Locn Lookup'!A$1:B$17,2,FALSE) -> JC | I44: =VLOOKUP($C44&$F44,Open Capital Projects Access,4,FALSE) -> #NAME? | J44: =SUMIF('MUNIS GL Working Doc 01.06'!H:H,'Capital Status Report'!G44,'MUNIS GL Working Doc 01.06'!AB:AB) -> 650000 | K44: =SUMIF('MUNIS GL Working Doc 01.06'!H:H,'Capital Status Report'!G44,'MUNIS GL Working Doc 01.06'!AE:AE) -> -5000 | L44: =SUMIF('MUNIS GL Working Doc 01.06'!$H:$H,'Capital Status Report'!$G44,'MUNIS GL Working Doc 01.06'!AF:AF) -> 645000 | M44: =SUMIF('MUNIS GL Working Doc 01.06'!$H:$H,'Capital Status Report'!$G44,'MUNIS GL Working Doc 01.06'!AG:AG) -> 645000 | N44: =M44-O44 -> 645000 | O44: =SUMIF('MUNIS GL Working Doc 01.06'!$H:$H,'Capital Status Report'!$G44,'MUNIS GL Working Doc 01.06'!W:W) -> 0 | P44: =SUMIF('MUNIS GL Working Doc 01.06'!$H:$H,'Capital Status Report'!$G44,'MUNIS GL Working Doc 01.06'!X:X) -> 0 | Q44: =SUMIF('MUNIS GL Working Doc 01.06'!$H:$H,'Capital Status Report'!$G44,'MUNIS GL Working Doc 01.06'!Z:Z) -> 0 | R44: Complete | T44: CLOSE - PROJECT COMPLETE.
A45: 59 | B45: FY18 | C45: 18168 - Asbestos Abatement | D45: =LEFT(C45,5) -> 18168 | E45: Asbestos abatement | F45: 115 - WESTERN MIDDLE SCHOOL | G45: =D45&F45 -> 18168115 - WESTERN MIDDLE SCHOOL | H45: =VLOOKUP(F45,'[2]Locn Lookup'!A$1:B$17,2,FALSE) -> WMS | I45: =VLOOKUP($C45&$F45,Open Capital Projects Access,4,FALSE) -> #NAME? | J45: =SUMIF('MUNIS GL Working Doc 01.06'!H:H,'Capital Status Report'!G45,'MUNIS GL Working Doc 01.06'!AB:AB) -> 150000 | K45: =SUMIF('MUNIS GL Working Doc 01.06'!H:H,'Capital Status Report'!G45,'MUNIS GL Working Doc 01.06'!AE:AE) -> -143940 | L45: =SUMIF('MUNIS GL Working Doc 01.06'!$H:$H,'Capital Status Report'!$G45,'MUNIS GL Working Doc 01.06'!AF:AF) -> 6060 | M45: =SUMIF('MUNIS GL Working Doc 01.06'!$H:$H,'Capital Status Report'!$G45,'MUNIS GL Working Doc 01.06'!AG:AG) -> 6060 | N45: =M45-O45 -> 6060 | O45: =SUMIF('MUNIS GL Working Doc 01.06'!$H:$H,'Capital Status Report'!$G45,'MUNIS GL Working Doc 01.06'!W:W) -> 0 | P45: =SUMIF('MUNIS GL Working Doc 01.06'!$H:$H,'Capital Status Report'!$G45,'MUNIS GL Working Doc 01.06'!X:X) -> 0 | Q45: =SUMIF('MUNIS GL Working Doc 01.06'!$H:$H,'Capital Status Report'!$G45,'MUNIS GL Working Doc 01.06'!Z:Z) -> 0 | R45: Complete | T45: CLOSE - PROJECT COMPLETE.
A46: 60 | B46: FY18 | C46: 18168 - Asbestos Abatement | D46: =LEFT(C46,5) -> 18168 | E46: Asbestos abatement | F46: 117 - HAVEMEYER | G46: =D46&F46 -> 18168117 - HAVEMEYER | H46: =VLOOKUP(F46,'[2]Locn Lookup'!A$1:B$17,2,FALSE) -> HAV | I46: =VLOOKUP($C46&$F46,Open Capital Projects Access,4,FALSE) -> #NAME? | J46: =SUMIF('MUNIS GL Working Doc 01.06'!H:H,'Capital Status Report'!G46,'MUNIS GL Working Doc 01.06'!AB:AB) -> 150000 | K46: =SUMIF('MUNIS GL Working Doc 01.06'!H:H,'Capital Status Report'!G46,'MUNIS GL Working Doc 01.06'!AE:AE) -> 148940 | L46: =SUMIF('MUNIS GL Working Doc 01.06'!$H:$H,'Capital Status Report'!$G46,'MUNIS GL Working Doc 01.06'!AF:AF) -> 298940 | M46: =SUMIF('MUNIS GL Working Doc 01.06'!$H:$H,'Capital Status Report'!$G46,'MUNIS GL Working Doc 01.06'!AG:AG) -> 247860.35 | N46: =M46-O46 -> 246806.35 | O46: =SUMIF('MUNIS GL Working Doc 01.06'!$H:$H,'Capital Status Report'!$G46,'MUNIS GL Working Doc 01.06'!W:W) -> 1054 | P46: =SUMIF('MUNIS GL Working Doc 01.06'!$H:$H,'Capital Status Report'!$G46,'MUNIS GL Working Doc 01.06'!X:X) -> 13886.5 | Q46: =SUMIF('MUNIS GL Working Doc 01.06'!$H:$H,'Capital Status Report'!$G46,'MUNIS GL Working Doc 01.06'!Z:Z) -> 37193.15 | R46: Substantially Complete | S46: Save for ACM at Havemeyer & District | T46: AAIS NEXT BREAK abate tile at basement Havemeyer. Hold for new drinking fountains bottle fillers
A47: 62 | B47: FY18 | C47: 18171 - Exterior Space Improvements | D47: =LEFT(C47,5) -> 18171 | E47: Exterior improvements | F47: 102 - HAMILTON AVENUE SCHOOL | G47: =D47&F47 -> 18171102 - HAMILTON AVENUE SCHOOL | H47: =VLOOKUP(F47,'[2]Locn Lookup'!A$1:B$17,2,FALSE) -> HA | I47: =VLOOKUP($C47&$F47,Open Capital Projects Access,4,FALSE) -> #NAME? | J47: =SUMIF('MUNIS GL Working Doc 01.06'!H:H,'Capital Status Report'!G47,'MUNIS GL Working Doc 01.06'!AB:AB) -> 40000 | K47: =SUMIF('MUNIS GL Working Doc 01.06'!H:H,'Capital Status Report'!G47,'MUNIS GL Working Doc 01.06'!AE:AE) -> 0 | L47: =SUMIF('MUNIS GL Working Doc 01.06'!$H:$H,'Capital Status Report'!$G47,'MUNIS GL Working Doc 01.06'!AF:AF) -> 40000 | M47: =SUMIF('MUNIS GL Working Doc 01.06'!$H:$H,'Capital Status Report'!$G47,'MUNIS GL Working Doc 01.06'!AG:AG) -> 17000 | N47: =M47-O47 -> 12000 | O47: =SUMIF('MUNIS GL Working Doc 01.06'!$H:$H,'Capital Status Report'!$G47,'MUNIS GL Working Doc 01.06'!W:W) -> 5000 | P47: =SUMIF('MUNIS GL Working Doc 01.06'!$H:$H,'Capital Status Report'!$G47,'MUNIS GL Working Doc 01.06'!X:X) -> 0 | Q47: =SUMIF('MUNIS GL Working Doc 01.06'!$H:$H,'Capital Status Report'!$G47,'MUNIS GL Working Doc 01.06'!Z:Z) -> 23000 | R47: Substantially Complete | S47: 1.29.2021 move within bundle to CMS exterior lights
A48: 63 | B48: FY18 | C48: 18171 - Exterior Space Improvements | D48: =LEFT(C48,5) -> 18171 | E48: Fencing | F48: 106 - JULIAN CURTISS SCHOOL | G48: =D48&F48 -> 18171106 - JULIAN CURTISS SCHOOL | H48: =VLOOKUP(F48,'[2]Locn Lookup'!A$1:B$17,2,FALSE) -> JC | I48: =VLOOKUP($C48&$F48,Open Capital Projects Access,4,FALSE) -> #NAME? | J48: =SUMIF('MUNIS GL Working Doc 01.06'!H:H,'Capital Status Report'!G48,'MUNIS GL Working Doc 01.06'!AB:AB) -> 35000 | K48: =SUMIF('MUNIS GL Working Doc 01.06'!H:H,'Capital Status Report'!G48,'MUNIS GL Working Doc 01.06'!AE:AE) -> -12475 | L48: =SUMIF('MUNIS GL Working Doc 01.06'!$H:$H,'Capital Status Report'!$G48,'MUNIS GL Working Doc 01.06'!AF:AF) -> 22525 | M48: =SUMIF('MUNIS GL Working Doc 01.06'!$H:$H,'Capital Status Report'!$G48,'MUNIS GL Working Doc 01.06'!AG:AG) -> 22525 | N48: =M48-O48 -> 22525 | O48: =SUMIF('MUNIS GL Working Doc 01.06'!$H:$H,'Capital Status Report'!$G48,'MUNIS GL Working Doc 01.06'!W:W) -> 0 | P48: =SUMIF('MUNIS GL Working Doc 01.06'!$H:$H,'Capital Status Report'!$G48,'MUNIS GL Working Doc 01.06'!X:X) -> 0 | Q48: =SUMIF('MUNIS GL Working Doc 01.06'!$H:$H,'Capital Status Report'!$G48,'MUNIS GL Working Doc 01.06'!Z:Z) -> 0 | R48: Complete | T48: CLOSE - PROJECT COMPLETE.
A49: 64 | B49: FY18 | C49: 18171 - Exterior Space Improvements | D49: =LEFT(C49,5) -> 18171 | E49: Exterior lighting upgrade | F49: 113 - CENTRAL MIDDLE SCHOOL | G49: =D49&F49 -> 18171113 - CENTRAL MIDDLE SCHOOL | H49: =VLOOKUP(F49,'[2]Locn Lookup'!A$1:B$17,2,FALSE) -> CMS | I49: =VLOOKUP($C49&$F49,Open Capital Projects Access,4,FALSE) -> #NAME? | J49: =SUMIF('MUNIS GL Working Doc 01.06'!H:H,'Capital Status Report'!G49,'MUNIS GL Working Doc 01.06'!AB:AB) -> 35000 | K49: =SUMIF('MUNIS GL Working Doc 01.06'!H:H,'Capital Status Report'!G49,'MUNIS GL Working Doc 01.06'!AE:AE) -> 12475 | L49: =SUMIF('MUNIS GL Working Doc 01.06'!$H:$H,'Capital Status Report'!$G49,'MUNIS GL Working Doc 01.06'!AF:AF) -> 47475 | M49: =SUMIF('MUNIS GL Working Doc 01.06'!$H:$H,'Capital Status Report'!$G49,'MUNIS GL Working Doc 01.06'!AG:AG) -> 14671.2 | N49: =M49-O49 -> 7721.2 | O49: =SUMIF('MUNIS GL Working Doc 01.06'!$H:$H,'Capital Status Report'!$G49,'MUNIS GL Working Doc 01.06'!W:W) -> 6950 | P49: =SUMIF('MUNIS GL Working Doc 01.06'!$H:$H,'Capital Status Report'!$G49,'MUNIS GL Working Doc 01.06'!X:X) -> 22300 | Q49: =SUMIF('MUNIS GL Working Doc 01.06'!$H:$H,'Capital Status Report'!$G49,'MUNIS GL Working Doc 01.06'!Z:Z) -> 10503.8 | R49: In design | S49: On Hold -ARC APPROVED / NEED ADD'L FUNDS TOTAL $135K | T49: ARC WILL NOT APPROVE DESIGN W'O ADDED SCOP OF LOWER LOT LIGHTING. USE REMAINING FUNDS in 18171/17170 and complete exterior lighting as needed
A50: 65 | B50: FY18 | C50: 18171 - Exterior Space Improvements | D50: =LEFT(C50,5) -> 18171 | E50: Paving access to field | F50: 115 - WESTERN MIDDLE SCHOOL | G50: =D50&F50 -> 18171115 - WESTERN MIDDLE SCHOOL | H50: =VLOOKUP(F50,'[2]Locn Lookup'!A$1:B$17,2,FALSE) -> WMS | I50: =VLOOKUP($C50&$F50,Open Capital Projects Access,4,FALSE) -> #NAME? | J50: =SUMIF('MUNIS GL Working Doc 01.06'!H:H,'Capital Status Report'!G50,'MUNIS GL Working Doc 01.06'!AB:AB) -> 50000 | K50: =SUMIF('MUNIS GL Working Doc 01.06'!H:H,'Capital Status Report'!G50,'MUNIS GL Working Doc 01.06'!AE:AE) -> 7369.93 | L50: =SUMIF('MUNIS GL Working Doc 01.06'!$H:$H,'Capital Status Report'!$G50,'MUNIS GL Working Doc 01.06'!AF:AF) -> 57369.93 | M50: =SUMIF('MUNIS GL Working Doc 01.06'!$H:$H,'Capital Status Report'!$G50,'MUNIS GL Working Doc 01.06'!AG:AG) -> 57369.93 | N50: =M50-O50 -> 0 | O50: =SUMIF('MUNIS GL Working Doc 01.06'!$H:$H,'Capital Status Report'!$G50,'MUNIS GL Working Doc 01.06'!W:W) -> 57369.93 | P50: =SUMIF('MUNIS GL Working Doc 01.06'!$H:$H,'Capital Status Report'!$G50,'MUNIS GL Working Doc 01.06'!X:X) -> 0 | Q50: =SUMIF('MUNIS GL Working Doc 01.06'!$H:$H,'Capital Status Report'!$G50,'MUNIS GL Working Doc 01.06'!Z:Z) -> 0 | R50: Complete | S50: JV REQUESTED 10/14/20 FOR DPW WMS PAVING
A51: 66 | B51: FY18 | C51: 18171 - Exterior Space Improvements | D51: =LEFT(C51,5) -> 18171 | E51: GHS intermediate paving | F51: 116 - GREENWICH HIGH SCHOOL | G51: =D51&F51 -> 18171116 - GREENWICH HIGH SCHOOL | H51: =VLOOKUP(F51,'[2]Locn Lookup'!A$1:B$17,2,FALSE) -> GHS | I51: =VLOOKUP($C51&$F51,Open Capital Projects Access,4,FALSE) -> #NAME? | J51: =SUMIF('MUNIS GL Working Doc 01.06'!H:H,'Capital Status Report'!G51,'MUNIS GL Working Doc 01.06'!AB:AB) -> 85000 | K51: =SUMIF('MUNIS GL Working Doc 01.06'!H:H,'Capital Status Report'!G51,'MUNIS GL Working Doc 01.06'!AE:AE) -> -7369.93 | L51: =SUMIF('MUNIS GL Working Doc 01.06'!$H:$H,'Capital Status Report'!$G51,'MUNIS GL Working Doc 01.06'!AF:AF) -> 77630.07 | M51: =SUMIF('MUNIS GL Working Doc 01.06'!$H:$H,'Capital Status Report'!$G51,'MUNIS GL Working Doc 01.06'!AG:AG) -> 77630.07 | N51: =M51-O51 -> 77630.07 | O51: =SUMIF('MUNIS GL Working Doc 01.06'!$H:$H,'Capital Status Report'!$G51,'MUNIS GL Working Doc 01.06'!W:W) -> 0 | P51: =SUMIF('MUNIS GL Working Doc 01.06'!$H:$H,'Capital Status Report'!$G51,'MUNIS GL Working Doc 01.06'!X:X) -> 0 | Q51: =SUMIF('MUNIS GL Working Doc 01.06'!$H:$H,'Capital Status Report'!$G51,'MUNIS GL Working Doc 01.06'!Z:Z) -> 0 | R51: Complete | S51: ??? Where, design??? 10.28.2020 MOVE FUNDS TO WMS PAVE and JV TO TOG DPW | T51: work completed by TOG DPW and funds JV'd. eturn funds
A52: 67 | B52: FY18 | C52: 18171 - Exterior Space Improvements | D52: =LEFT(C52,5) -> 18171 | E52: District fencing replacement | F52: 117 - HAVEMEYER | G52: =D52&F52 -> 18171117 - HAVEMEYER | H52: =VLOOKUP(F52,'[2]Locn Lookup'!A$1:B$17,2,FALSE) -> HAV | I52: =VLOOKUP($C52&$F52,Open Capital Projects Access,4,FALSE) -> #NAME? | J52: =SUMIF('MUNIS GL Working Doc 01.06'!H:H,'Capital Status Report'!G52,'MUNIS GL Working Doc 01.06'!AB:AB) -> 50000 | K52: =SUMIF('MUNIS GL Working Doc 01.06'!H:H,'Capital Status Report'!G52,'MUNIS GL Working Doc 01.06'!AE:AE) -> 0 | L52: =SUMIF('MUNIS GL Working Doc 01.06'!$H:$H,'Capital Status Report'!$G52,'MUNIS GL Working Doc 01.06'!AF:AF) -> 50000 | M52: =SUMIF('MUNIS GL Working Doc 01.06'!$H:$H,'Capital Status Report'!$G52,'MUNIS GL Working Doc 01.06'!AG:AG) -> 48543.57 | N52: =M52-O52 -> 48283.5 | O52: =SUMIF('MUNIS GL Working Doc 01.06'!$H:$H,'Capital Status Report'!$G52,'MUNIS GL Working Doc 01.06'!W:W) -> 260.07 | P52: =SUMIF('MUNIS GL Working Doc 01.06'!$H:$H,'Capital Status Report'!$G52,'MUNIS GL Working Doc 01.06'!X:X) -> 0 | Q52: =SUMIF('MUNIS GL Working Doc 01.06'!$H:$H,'Capital Status Report'!$G52,'MUNIS GL Working Doc 01.06'!Z:Z) -> 1456.43 | R52: Complete | S52: add'l fencing | T52: Hold for district replacements
A53: 69 | B53: FY18 | C53: 18172 - Western School Field Remediation | D53: =LEFT(C53,5) -> 18172 | E53: Soil initiation @ WMS | F53: 115 - WESTERN MIDDLE SCHOOL | G53: =D53&F53 -> 18172115 - WESTERN MIDDLE SCHOOL | H53: =VLOOKUP(F53,'[2]Locn Lookup'!A$1:B$17,2,FALSE) -> WMS | I53: =VLOOKUP($C53&$F53,Open Capital Projects Access,4,FALSE) -> #NAME? | J53: =SUMIF('MUNIS GL Working Doc 01.06'!H:H,'Capital Status Report'!G53,'MUNIS GL Working Doc 01.06'!AB:AB) -> 2000000 | K53: =SUMIF('MUNIS GL Working Doc 01.06'!H:H,'Capital Status Report'!G53,'MUNIS GL Working Doc 01.06'!AE:AE) -> 0 | L53: =SUMIF('MUNIS GL Working Doc 01.06'!$H:$H,'Capital Status Report'!$G53,'MUNIS GL Working Doc 01.06'!AF:AF) -> 2000000 | M53: =SUMIF('MUNIS GL Working Doc 01.06'!$H:$H,'Capital Status Report'!$G53,'MUNIS GL Working Doc 01.06'!AG:AG) -> 515153.82 | N53: =M53-O53 -> 442540.79 | O53: =SUMIF('MUNIS GL Working Doc 01.06'!$H:$H,'Capital Status Report'!$G53,'MUNIS GL Working Doc 01.06'!W:W) -> 72613.03 | P53: =SUMIF('MUNIS GL Working Doc 01.06'!$H:$H,'Capital Status Report'!$G53,'MUNIS GL Working Doc 01.06'!X:X) -> 10378.42 | Q53: =SUMIF('MUNIS GL Working Doc 01.06'!$H:$H,'Capital Status Report'!$G53,'MUNIS GL Working Doc 01.06'!Z:Z) -> 1474467.8 | R53: Pre-Construction | T53: ONGOING SOIL ISSUE
A54: 71 | B54: FY19 | C54: 19143 - Digital Learning Program | D54: =LEFT(C54,5) -> 19143 | E54: Advances the transformation of teaching & learning | F54: 117 - HAVEMEYER | G54: =D54&F54 -> 19143117 - HAVEMEYER | H54: =VLOOKUP(F54,'[2]Locn Lookup'!A$1:B$17,2,FALSE) -> HAV | I54: =VLOOKUP($C54&$F54,Open Capital Projects Access,4,FALSE) -> #NAME? | J54: =SUMIF('MUNIS GL Working Doc 01.06'!H:H,'Capital Status Report'!G54,'MUNIS GL Working Doc 01.06'!AB:AB) -> 1643000 | K54: =SUMIF('MUNIS GL Working Doc 01.06'!H:H,'Capital Status Report'!G54,'MUNIS GL Working Doc 01.06'!AE:AE) -> 0 | L54: =SUMIF('MUNIS GL Working Doc 01.06'!$H:$H,'Capital Status Report'!$G54,'MUNIS GL Working Doc 01.06'!AF:AF) -> 1643000 | M54: =SUMIF('MUNIS GL Working Doc 01.06'!$H:$H,'Capital Status Report'!$G54,'MUNIS GL Working Doc 01.06'!AG:AG) -> 1642999.8 | N54: =M54-O54 -> 1642999.8 | O54: =SUMIF('MUNIS GL Working Doc 01.06'!$H:$H,'Capital Status Report'!$G54,'MUNIS GL Working Doc 01.06'!W:W) -> 0 | P54: =SUMIF('MUNIS GL Working Doc 01.06'!$H:$H,'Capital Status Report'!$G54,'MUNIS GL Working Doc 01.06'!X:X) -> 0 | Q54: =SUMIF('MUNIS GL Working Doc 01.06'!$H:$H,'Capital Status Report'!$G54,'MUNIS GL Working Doc 01.06'!Z:Z) -> 0.17 | R54: Complete | T54: CLOSE - PROJECT COMPLETE.
A55: 73 | B55: FY19 | C55: 19145 - Architect & Engineering Srvcs | D55: =LEFT(C55,5) -> 19145 | E55: Consulting fees for next year's capital projects | F55: 117 - HAVEMEYER | G55: =D55&F55 -> 19145117 - HAVEMEYER | H55: =VLOOKUP(F55,'[2]Locn Lookup'!A$1:B$17,2,FALSE) -> HAV | I55: =VLOOKUP($C55&$F55,Open Capital Projects Access,4,FALSE) -> #NAME? | J55: =SUMIF('MUNIS GL Working Doc 01.06'!H:H,'Capital Status Report'!G55,'MUNIS GL Working Doc 01.06'!AB:AB) -> 700000 | K55: =SUMIF('MUNIS GL Working Doc 01.06'!H:H,'Capital Status Report'!G55,'MUNIS GL Working Doc 01.06'!AE:AE) -> 0 | L55: =SUMIF('MUNIS GL Working Doc 01.06'!$H:$H,'Capital Status Report'!$G55,'MUNIS GL Working Doc 01.06'!AF:AF) -> 700000 | M55: =SUMIF('MUNIS GL Working Doc 01.06'!$H:$H,'Capital Status Report'!$G55,'MUNIS GL Working Doc 01.06'!AG:AG) -> 629259.55 | N55: =M55-O55 -> 539071.24 | O55: =SUMIF('MUNIS GL Working Doc 01.06'!$H:$H,'Capital Status Report'!$G55,'MUNIS GL Working Doc 01.06'!W:W) -> 90188.31 | P55: =SUMIF('MUNIS GL Working Doc 01.06'!$H:$H,'Capital Status Report'!$G55,'MUNIS GL Working Doc 01.06'!X:X) -> 70740.45 | Q55: =SUMIF('MUNIS GL Working Doc 01.06'!$H:$H,'Capital Status Report'!$G55,'MUNIS GL Working Doc 01.06'!Z:Z) -> 0 | R55: Complete | T55: A&E COSTS
A56: 75 | B56: FY19 | C56: 19146 - Asbestos Abatement | D56: =LEFT(C56,5) -> 19146 | E56: Asbestos at boiler removal | F56: 107 - NORTH STREET SCHOOL | G56: =D56&F56 -> 19146107 - NORTH STREET SCHOOL | H56: =VLOOKUP(F56,'[2]Locn Lookup'!A$1:B$17,2,FALSE) -> NS | I56: =VLOOKUP($C56&$F56,Open Capital Projects Access,4,FALSE) -> #NAME? | J56: =SUMIF('MUNIS GL Working Doc 01.06'!H:H,'Capital Status Report'!G56,'MUNIS GL Working Doc 01.06'!AB:AB) -> 75000 | K56: =SUMIF('MUNIS GL Working Doc 01.06'!H:H,'Capital Status Report'!G56,'MUNIS GL Working Doc 01.06'!AE:AE) -> -75000 | L56: =SUMIF('MUNIS GL Working Doc 01.06'!$H:$H,'Capital Status Report'!$G56,'MUNIS GL Working Doc 01.06'!AF:AF) -> 0 | M56: =SUMIF('MUNIS GL Working Doc 01.06'!$H:$H,'Capital Status Report'!$G56,'MUNIS GL Working Doc 01.06'!AG:AG) -> 0 | N56: =M56-O56 -> 0 | O56: =SUMIF('MUNIS GL Working Doc 01.06'!$H:$H,'Capital Status Report'!$G56,'MUNIS GL Working Doc 01.06'!W:W) -> 0 | P56: =SUMIF('MUNIS GL Working Doc 01.06'!$H:$H,'Capital Status Report'!$G56,'MUNIS GL Working Doc 01.06'!X:X) -> 0 | Q56: =SUMIF('MUNIS GL Working Doc 01.06'!$H:$H,'Capital Status Report'!$G56,'MUNIS GL Working Doc 01.06'!Z:Z) -> 0 | R56: Deferred* | S56: check boiler room pipes | T56: NO ASBESTOS FOUND / REQUEST BT TO DISTRICT / REQUESTED 3/10/20
A57: 76 | B57: FY19 | C57: 19146 - Asbestos Abatement | D57: =LEFT(C57,5) -> 19146 | E57: Attic asbestos removal | F57: 110 - NORTH MIANUS SCHOOL | G57: =D57&F57 -> 19146110 - NORTH MIANUS SCHOOL | H57: =VLOOKUP(F57,'[2]Locn Lookup'!A$1:B$17,2,FALSE) -> NM | I57: =VLOOKUP($C57&$F57,Open Capital Projects Access,4,FALSE) -> #NAME? | J57: =SUMIF('MUNIS GL Working Doc 01.06'!H:H,'Capital Status Report'!G57,'MUNIS GL Working Doc 01.06'!AB:AB) -> 100000 | K57: =SUMIF('MUNIS GL Working Doc 01.06'!H:H,'Capital Status Report'!G57,'MUNIS GL Working Doc 01.06'!AE:AE) -> 0 | L57: =SUMIF('MUNIS GL Working Doc 01.06'!$H:$H,'Capital Status Report'!$G57,'MUNIS GL Working Doc 01.06'!AF:AF) -> 100000 | M57: =SUMIF('MUNIS GL Working Doc 01.06'!$H:$H,'Capital Status Report'!$G57,'MUNIS GL Working Doc 01.06'!AG:AG) -> 100000 | N57: =M57-O57 -> 100000 | O57: =SUMIF('MUNIS GL Working Doc 01.06'!$H:$H,'Capital Status Report'!$G57,'MUNIS GL Working Doc 01.06'!W:W) -> 0 | P57: =SUMIF('MUNIS GL Working Doc 01.06'!$H:$H,'Capital Status Report'!$G57,'MUNIS GL Working Doc 01.06'!X:X) -> 0 | Q57: =SUMIF('MUNIS GL Working Doc 01.06'!$H:$H,'Capital Status Report'!$G57,'MUNIS GL Working Doc 01.06'!Z:Z) -> 0 | R57: Complete | S57: This summer | T57: CLOSE - PROJECT COMPLETE.
A58: 77 | B58: FY19 | C58: 19146 - Asbestos Abatement | D58: =LEFT(C58,5) -> 19146 | E58: Asbestos removal | F58: 117 - HAVEMEYER | G58: =D58&F58 -> 19146117 - HAVEMEYER | H58: =VLOOKUP(F58,'[2]Locn Lookup'!A$1:B$17,2,FALSE) -> HAV | I58: =VLOOKUP($C58&$F58,Open Capital Projects Access,4,FALSE) -> #NAME? | J58: =SUMIF('MUNIS GL Working Doc 01.06'!H:H,'Capital Status Report'!G58,'MUNIS GL Working Doc 01.06'!AB:AB) -> 150000 | K58: =SUMIF('MUNIS GL Working Doc 01.06'!H:H,'Capital Status Report'!G58,'MUNIS GL Working Doc 01.06'!AE:AE) -> 75000 | L58: =SUMIF('MUNIS GL Working Doc 01.06'!$H:$H,'Capital Status Report'!$G58,'MUNIS GL Working Doc 01.06'!AF:AF) -> 225000 | M58: =SUMIF('MUNIS GL Working Doc 01.06'!$H:$H,'Capital Status Report'!$G58,'MUNIS GL Working Doc 01.06'!AG:AG) -> 202741.58 | N58: =M58-O58 -> 200749.64 | O58: =SUMIF('MUNIS GL Working Doc 01.06'!$H:$H,'Capital Status Report'!$G58,'MUNIS GL Working Doc 01.06'!W:W) -> 1991.94 | P58: =SUMIF('MUNIS GL Working Doc 01.06'!$H:$H,'Capital Status Report'!$G58,'MUNIS GL Working Doc 01.06'!X:X) -> 11167 | Q58: =SUMIF('MUNIS GL Working Doc 01.06'!$H:$H,'Capital Status Report'!$G58,'MUNIS GL Working Doc 01.06'!Z:Z) -> 11091.42 | R58: Substantially Complete | S58: 10.28.2020 use for district needs | T58: HOLD FOR DISTRICT NEEDS
A59: 79 | B59: FY19 | C59: 19147 - Roofs | D59: =LEFT(C59,5) -> 19147 | E59: Replace entire roof system - Millbank | F59: 106 - JULIAN CURTISS SCHOOL | G59: =D59&F59 -> 19147106 - JULIAN CURTISS SCHOOL | H59: =VLOOKUP(F59,'[2]Locn Lookup'!A$1:B$17,2,FALSE) -> JC | I59: =VLOOKUP($C59&$F59,Open Capital Projects Access,4,FALSE) -> #NAME? | J59: =SUMIF('MUNIS GL Working Doc 01.06'!H:H,'Capital Status Report'!G59,'MUNIS GL Working Doc 01.06'!AB:AB) -> 225000 | K59: =SUMIF('MUNIS GL Working Doc 01.06'!H:H,'Capital Status Report'!G59,'MUNIS GL Working Doc 01.06'!AE:AE) -> 0 | L59: =SUMIF('MUNIS GL Working Doc 01.06'!$H:$H,'Capital Status Report'!$G59,'MUNIS GL Working Doc 01.06'!AF:AF) -> 225000 | M59: =SUMIF('MUNIS GL Working Doc 01.06'!$H:$H,'Capital Status Report'!$G59,'MUNIS GL Working Doc 01.06'!AG:AG) -> 224292.25 | N59: =M59-O59 -> 224292.25 | O59: =SUMIF('MUNIS GL Working Doc 01.06'!$H:$H,'Capital Status Report'!$G59,'MUNIS GL Working Doc 01.06'!W:W) -> 0 | P59: =SUMIF('MUNIS GL Working Doc 01.06'!$H:$H,'Capital Status Report'!$G59,'MUNIS GL Working Doc 01.06'!X:X) -> 0 | Q59: =SUMIF('MUNIS GL Working Doc 01.06'!$H:$H,'Capital Status Report'!$G59,'MUNIS GL Working Doc 01.06'!Z:Z) -> 707.75 | R59: Complete | S59: RETURN TO TOG | T59: CLOSE - PROJECT COMPLETE.
A60: 80 | B60: FY19 | C60: 19147 - Roofs | D60: =LEFT(C60,5) -> 19147 | E60: Replace section roof | F60: 111 - OLD GREENWICH SCHOOL | G60: =D60&F60 -> 19147111 - OLD GREENWICH SCHOOL | H60: =VLOOKUP(F60,'[2]Locn Lookup'!A$1:B$17,2,FALSE) -> OG | I60: =VLOOKUP($C60&$F60,Open Capital Projects Access,4,FALSE) -> #NAME? | J60: =SUMIF('MUNIS GL Working Doc 01.06'!H:H,'Capital Status Report'!G60,'MUNIS GL Working Doc 01.06'!AB:AB) -> 160000 | K60: =SUMIF('MUNIS GL Working Doc 01.06'!H:H,'Capital Status Report'!G60,'MUNIS GL Working Doc 01.06'!AE:AE) -> 0 | L60: =SUMIF('MUNIS GL Working Doc 01.06'!$H:$H,'Capital Status Report'!$G60,'MUNIS GL Working Doc 01.06'!AF:AF) -> 160000 | M60: =SUMIF('MUNIS GL Working Doc 01.06'!$H:$H,'Capital Status Report'!$G60,'MUNIS GL Working Doc 01.06'!AG:AG) -> 153950 | N60: =M60-O60 -> 148400 | O60: =SUMIF('MUNIS GL Working Doc 01.06'!$H:$H,'Capital Status Report'!$G60,'MUNIS GL Working Doc 01.06'!W:W) -> 5550 | P60: =SUMIF('MUNIS GL Working Doc 01.06'!$H:$H,'Capital Status Report'!$G60,'MUNIS GL Working Doc 01.06'!X:X) -> 0 | Q60: =SUMIF('MUNIS GL Working Doc 01.06'!$H:$H,'Capital Status Report'!$G60,'MUNIS GL Working Doc 01.06'!Z:Z) -> 6050 | R60: Complete | S60: RETURN TO TOG | T60: CLOSE - PROJECT COMPLETE.
A61: 82 | B61: FY19 | C61: 19148 - Structure | D61: =LEFT(C61,5) -> 19148 | E61: Replacement of steel columns at basement level (boiler room) | F61: 113 - CENTRAL MIDDLE SCHOOL | G61: =D61&F61 -> 19148113 - CENTRAL MIDDLE SCHOOL | H61: =VLOOKUP(F61,'[2]Locn Lookup'!A$1:B$17,2,FALSE) -> CMS | I61: =VLOOKUP($C61&$F61,Open Capital Projects Access,4,FALSE) -> #NAME? | J61: =SUMIF('MUNIS GL Working Doc 01.06'!H:H,'Capital Status Report'!G61,'MUNIS GL Working Doc 01.06'!AB:AB) -> 1000000 | K61: =SUMIF('MUNIS GL Working Doc 01.06'!H:H,'Capital Status Report'!G61,'MUNIS GL Working Doc 01.06'!AE:AE) -> 0 | L61: =SUMIF('MUNIS GL Working Doc 01.06'!$H:$H,'Capital Status Report'!$G61,'MUNIS GL Working Doc 01.06'!AF:AF) -> 1000000 | M61: =SUMIF('MUNIS GL Working Doc 01.06'!$H:$H,'Capital Status Report'!$G61,'MUNIS GL Working Doc 01.06'!AG:AG) -> 256824.54 | N61: =M61-O61 -> 256824.54 | O61: =SUMIF('MUNIS GL Working Doc 01.06'!$H:$H,'Capital Status Report'!$G61,'MUNIS GL Working Doc 01.06'!W:W) -> 0 | P61: =SUMIF('MUNIS GL Working Doc 01.06'!$H:$H,'Capital Status Report'!$G61,'MUNIS GL Working Doc 01.06'!X:X) -> 0 | Q61: =SUMIF('MUNIS GL Working Doc 01.06'!$H:$H,'Capital Status Report'!$G61,'MUNIS GL Working Doc 01.06'!Z:Z) -> 743175.46 | R61: Complete | S61: ProjectCompleted in 2019 RETURN FUNDS!! | T61: CLOSE - PROJECT COMPLETE. repairs made successfully with approved less expensive process. RETURN FUNDS
A62: 84 | B62: FY19 | C62: 19149 - Windows & Doors | D62: =LEFT(C62,5) -> 19149 | E62: Replace wood doors at courtyard | F62: 102 - HAMILTON AVENUE SCHOOL | G62: =D62&F62 -> 19149102 - HAMILTON AVENUE SCHOOL | H62: =VLOOKUP(F62,'[2]Locn Lookup'!A$1:B$17,2,FALSE) -> HA | I62: =VLOOKUP($C62&$F62,Open Capital Projects Access,4,FALSE) -> #NAME? | J62: =SUMIF('MUNIS GL Working Doc 01.06'!H:H,'Capital Status Report'!G62,'MUNIS GL Working Doc 01.06'!AB:AB) -> 30000 | K62: =SUMIF('MUNIS GL Working Doc 01.06'!H:H,'Capital Status Report'!G62,'MUNIS GL Working Doc 01.06'!AE:AE) -> -28100 | L62: =SUMIF('MUNIS GL Working Doc 01.06'!$H:$H,'Capital Status Report'!$G62,'MUNIS GL Working Doc 01.06'!AF:AF) -> 1900 | M62: =SUMIF('MUNIS GL Working Doc 01.06'!$H:$H,'Capital Status Report'!$G62,'MUNIS GL Working Doc 01.06'!AG:AG) -> 1900 | N62: =M62-O62 -> 1900 | O62: =SUMIF('MUNIS GL Working Doc 01.06'!$H:$H,'Capital Status Report'!$G62,'MUNIS GL Working Doc 01.06'!W:W) -> 0 | P62: =SUMIF('MUNIS GL Working Doc 01.06'!$H:$H,'Capital Status Report'!$G62,'MUNIS GL Working Doc 01.06'!X:X) -> 0 | Q62: =SUMIF('MUNIS GL Working Doc 01.06'!$H:$H,'Capital Status Report'!$G62,'MUNIS GL Working Doc 01.06'!Z:Z) -> 0 | R62: Complete | T62: CLOSE - PROJECT COMPLETE.
A63: 85 | B63: FY19 | C63: 19149 - Windows & Doors | D63: =LEFT(C63,5) -> 19149 | E63: Replace exterior doors | F63: 106 - JULIAN CURTISS SCHOOL | G63: =D63&F63 -> 19149106 - JULIAN CURTISS SCHOOL | H63: =VLOOKUP(F63,'[2]Locn Lookup'!A$1:B$17,2,FALSE) -> JC | I63: =VLOOKUP($C63&$F63,Open Capital Projects Access,4,FALSE) -> #NAME? | J63: =SUMIF('MUNIS GL Working Doc 01.06'!H:H,'Capital Status Report'!G63,'MUNIS GL Working Doc 01.06'!AB:AB) -> 61000 | K63: =SUMIF('MUNIS GL Working Doc 01.06'!H:H,'Capital Status Report'!G63,'MUNIS GL Working Doc 01.06'!AE:AE) -> 0 | L63: =SUMIF('MUNIS GL Working Doc 01.06'!$H:$H,'Capital Status Report'!$G63,'MUNIS GL Working Doc 01.06'!AF:AF) -> 61000 | M63: =SUMIF('MUNIS GL Working Doc 01.06'!$H:$H,'Capital Status Report'!$G63,'MUNIS GL Working Doc 01.06'!AG:AG) -> 61000 | N63: =M63-O63 -> 61000 | O63: =SUMIF('MUNIS GL Working Doc 01.06'!$H:$H,'Capital Status Report'!$G63,'MUNIS GL Working Doc 01.06'!W:W) -> 0 | P63: =SUMIF('MUNIS GL Working Doc 01.06'!$H:$H,'Capital Status Report'!$G63,'MUNIS GL Working Doc 01.06'!X:X) -> 0 | Q63: =SUMIF('MUNIS GL Working Doc 01.06'!$H:$H,'Capital Status Report'!$G63,'MUNIS GL Working Doc 01.06'!Z:Z) -> 0 | R63: Complete | T63: CLOSE - PROJECT COMPLETE.
A64: 86 | B64: FY19 | C64: 19149 - Windows & Doors | D64: =LEFT(C64,5) -> 19149 | E64: Create roof access | F64: 113 - CENTRAL MIDDLE SCHOOL | G64: =D64&F64 -> 19149113 - CENTRAL MIDDLE SCHOOL | H64: =VLOOKUP(F64,'[2]Locn Lookup'!A$1:B$17,2,FALSE) -> CMS | I64: =VLOOKUP($C64&$F64,Open Capital Projects Access,4,FALSE) -> #NAME? | J64: =SUMIF('MUNIS GL Working Doc 01.06'!H:H,'Capital Status Report'!G64,'MUNIS GL Working Doc 01.06'!AB:AB) -> 50000 | K64: =SUMIF('MUNIS GL Working Doc 01.06'!H:H,'Capital Status Report'!G64,'MUNIS GL Working Doc 01.06'!AE:AE) -> -33458.5 | L64: =SUMIF('MUNIS GL Working Doc 01.06'!$H:$H,'Capital Status Report'!$G64,'MUNIS GL Working Doc 01.06'!AF:AF) -> 16541.5 | M64: =SUMIF('MUNIS GL Working Doc 01.06'!$H:$H,'Capital Status Report'!$G64,'MUNIS GL Working Doc 01.06'!AG:AG) -> 11556.5 | N64: =M64-O64 -> 11556.5 | O64: =SUMIF('MUNIS GL Working Doc 01.06'!$H:$H,'Capital Status Report'!$G64,'MUNIS GL Working Doc 01.06'!W:W) -> 0 | P64: =SUMIF('MUNIS GL Working Doc 01.06'!$H:$H,'Capital Status Report'!$G64,'MUNIS GL Working Doc 01.06'!X:X) -> 4985 | Q64: =SUMIF('MUNIS GL Working Doc 01.06'!$H:$H,'Capital Status Report'!$G64,'MUNIS GL Working Doc 01.06'!Z:Z) -> 0 | R64: Complete | T64: 6611 - ANTINOZZI
A65: 87 | B65: FY19 | C65: 19149 - Windows & Doors | D65: =LEFT(C65,5) -> 19149 | E65: Window replacement | F65: 114 - EASTERN MIDDLE SCHOOL | G65: =D65&F65 -> 19149114 - EASTERN MIDDLE SCHOOL | H65: =VLOOKUP(F65,'[2]Locn Lookup'!A$1:B$17,2,FALSE) -> EMS | I65: =VLOOKUP($C65&$F65,Open Capital Projects Access,4,FALSE) -> #NAME? | J65: =SUMIF('MUNIS GL Working Doc 01.06'!H:H,'Capital Status Report'!G65,'MUNIS GL Working Doc 01.06'!AB:AB) -> 900000 | K65: =SUMIF('MUNIS GL Working Doc 01.06'!H:H,'Capital Status Report'!G65,'MUNIS GL Working Doc 01.06'!AE:AE) -> 61558.5 | L65: =SUMIF('MUNIS GL Working Doc 01.06'!$H:$H,'Capital Status Report'!$G65,'MUNIS GL Working Doc 01.06'!AF:AF) -> 961558.5 | M65: =SUMIF('MUNIS GL Working Doc 01.06'!$H:$H,'Capital Status Report'!$G65,'MUNIS GL Working Doc 01.06'!AG:AG) -> 958859.53 | N65: =M65-O65 -> 900000 | O65: =SUMIF('MUNIS GL Working Doc 01.06'!$H:$H,'Capital Status Report'!$G65,'MUNIS GL Working Doc 01.06'!W:W) -> 58859.53 | P65: =SUMIF('MUNIS GL Working Doc 01.06'!$H:$H,'Capital Status Report'!$G65,'MUNIS GL Working Doc 01.06'!X:X) -> 2698.97 | Q65: =SUMIF('MUNIS GL Working Doc 01.06'!$H:$H,'Capital Status Report'!$G65,'MUNIS GL Working Doc 01.06'!Z:Z) -> 0 | R65: Complete | S65: Phase 4 this summer 2021 10.28.2020 HOLD FOR Cos associated with HVAC/WINDOW PROJECT Phase 4 summer 2021
A66: 88 | B66: FY19 | C66: 19149 - Windows & Doors | D66: =LEFT(C66,5) -> 19149 | E66: Replacement of D-wing windows | F66: 116 - GREENWICH HIGH SCHOOL | G66: =D66&F66 -> 19149116 - GREENWICH HIGH SCHOOL | H66: =VLOOKUP(F66,'[2]Locn Lookup'!A$1:B$17,2,FALSE) -> GHS | I66: =VLOOKUP($C66&$F66,Open Capital Projects Access,4,FALSE) -> #NAME? | J66: =SUMIF('MUNIS GL Working Doc 01.06'!H:H,'Capital Status Report'!G66,'MUNIS GL Working Doc 01.06'!AB:AB) -> 600000 | K66: =SUMIF('MUNIS GL Working Doc 01.06'!H:H,'Capital Status Report'!G66,'MUNIS GL Working Doc 01.06'!AE:AE) -> 0 | L66: =SUMIF('MUNIS GL Working Doc 01.06'!$H:$H,'Capital Status Report'!$G66,'MUNIS GL Working Doc 01.06'!AF:AF) -> 600000 | M66: =SUMIF('MUNIS GL Working Doc 01.06'!$H:$H,'Capital Status Report'!$G66,'MUNIS GL Working Doc 01.06'!AG:AG) -> 67598 | N66: =M66-O66 -> 39288 | O66: =SUMIF('MUNIS GL Working Doc 01.06'!$H:$H,'Capital Status Report'!$G66,'MUNIS GL Working Doc 01.06'!W:W) -> 28310 | P66: =SUMIF('MUNIS GL Working Doc 01.06'!$H:$H,'Capital Status Report'!$G66,'MUNIS GL Working Doc 01.06'!X:X) -> 231922 | Q66: =SUMIF('MUNIS GL Working Doc 01.06'!$H:$H,'Capital Status Report'!$G66,'MUNIS GL Working Doc 01.06'!Z:Z) -> 300480 | R66: Deferred* | S66: * On hold - PCB's in window caulking | T66: DW DIRECTED FULLER & DANGELO TO INCORPORATE ABATEMENT DESIGN FROM HYGENIX INTO BID DOCS TO ACHIEVE GOOD ESTIMATE FOR 2021 BUDGET. Available funds to be used to cover costs of Design. Requesting additional funding in FY21 to inspect/test all remaining GHS windows of same era
A67: 90 | B67: FY19 | C67: 19150 - Exterior Masonry | D67: =LEFT(C67,5) -> 19150 | E67: Exterior masonry repairs at steps and patios | F67: 106 - JULIAN CURTISS SCHOOL | G67: =D67&F67 -> 19150106 - JULIAN CURTISS SCHOOL | H67: =VLOOKUP(F67,'[2]Locn Lookup'!A$1:B$17,2,FALSE) -> JC | I67: =VLOOKUP($C67&$F67,Open Capital Projects Access,4,FALSE) -> #NAME? | J67: =SUMIF('MUNIS GL Working Doc 01.06'!H:H,'Capital Status Report'!G67,'MUNIS GL Working Doc 01.06'!AB:AB) -> 300000 | K67: =SUMIF('MUNIS GL Working Doc 01.06'!H:H,'Capital Status Report'!G67,'MUNIS GL Working Doc 01.06'!AE:AE) -> -7583.5 | L67: =SUMIF('MUNIS GL Working Doc 01.06'!$H:$H,'Capital Status Report'!$G67,'MUNIS GL Working Doc 01.06'!AF:AF) -> 292416.5 | M67: =SUMIF('MUNIS GL Working Doc 01.06'!$H:$H,'Capital Status Report'!$G67,'MUNIS GL Working Doc 01.06'!AG:AG) -> 292416.5 | N67: =M67-O67 -> 292416.5 | O67: =SUMIF('MUNIS GL Working Doc 01.06'!$H:$H,'Capital Status Report'!$G67,'MUNIS GL Working Doc 01.06'!W:W) -> 0 | P67: =SUMIF('MUNIS GL Working Doc 01.06'!$H:$H,'Capital Status Report'!$G67,'MUNIS GL Working Doc 01.06'!X:X) -> 0 | Q67: =SUMIF('MUNIS GL Working Doc 01.06'!$H:$H,'Capital Status Report'!$G67,'MUNIS GL Working Doc 01.06'!Z:Z) -> 0 | R67: Complete | S67: Phase two HC ramos off patios? | T67: CLOSE - PROJECT COMPLETE.
A68: 91 | B68: FY19 | C68: 19150 - Exterior Masonry | D68: =LEFT(C68,5) -> 19150 | E68: Structural repairs to exterior gym masonry | F68: 113 - CENTRAL MIDDLE SCHOOL | G68: =D68&F68 -> 19150113 - CENTRAL MIDDLE SCHOOL | H68: =VLOOKUP(F68,'[2]Locn Lookup'!A$1:B$17,2,FALSE) -> CMS | I68: =VLOOKUP($C68&$F68,Open Capital Projects Access,4,FALSE) -> #NAME? | J68: =SUMIF('MUNIS GL Working Doc 01.06'!H:H,'Capital Status Report'!G68,'MUNIS GL Working Doc 01.06'!AB:AB) -> 75000 | K68: =SUMIF('MUNIS GL Working Doc 01.06'!H:H,'Capital Status Report'!G68,'MUNIS GL Working Doc 01.06'!AE:AE) -> 7583.5 | L68: =SUMIF('MUNIS GL Working Doc 01.06'!$H:$H,'Capital Status Report'!$G68,'MUNIS GL Working Doc 01.06'!AF:AF) -> 82583.5 | M68: =SUMIF('MUNIS GL Working Doc 01.06'!$H:$H,'Capital Status Report'!$G68,'MUNIS GL Working Doc 01.06'!AG:AG) -> 68500 | N68: =M68-O68 -> 61650 | O68: =SUMIF('MUNIS GL Working Doc 01.06'!$H:$H,'Capital Status Report'!$G68,'MUNIS GL Working Doc 01.06'!W:W) -> 6850 | P68: =SUMIF('MUNIS GL Working Doc 01.06'!$H:$H,'Capital Status Report'!$G68,'MUNIS GL Working Doc 01.06'!X:X) -> 0 | Q68: =SUMIF('MUNIS GL Working Doc 01.06'!$H:$H,'Capital Status Report'!$G68,'MUNIS GL Working Doc 01.06'!Z:Z) -> 14083.5 | R68: Pre-Construction | S68: 1.11.2021 - Hold for late spring bid Requires funds from outer years | T68: HOLD and combine with 21255
A69: 93 | B69: FY19 | C69: 19152 - Furnishings | D69: =LEFT(C69,5) -> 19152 | E69: Replace blinds / shades | F69: 106 - JULIAN CURTISS SCHOOL | G69: =D69&F69 -> 19152106 - JULIAN CURTISS SCHOOL | H69: =VLOOKUP(F69,'[2]Locn Lookup'!A$1:B$17,2,FALSE) -> JC | I69: =VLOOKUP($C69&$F69,Open Capital Projects Access,4,FALSE) -> #NAME? | J69: =SUMIF('MUNIS GL Working Doc 01.06'!H:H,'Capital Status Report'!G69,'MUNIS GL Working Doc 01.06'!AB:AB) -> 15000 | K69: =SUMIF('MUNIS GL Working Doc 01.06'!H:H,'Capital Status Report'!G69,'MUNIS GL Working Doc 01.06'!AE:AE) -> 0 | L69: =SUMIF('MUNIS GL Working Doc 01.06'!$H:$H,'Capital Status Report'!$G69,'MUNIS GL Working Doc 01.06'!AF:AF) -> 15000 | M69: =SUMIF('MUNIS GL Working Doc 01.06'!$H:$H,'Capital Status Report'!$G69,'MUNIS GL Working Doc 01.06'!AG:AG) -> 0 | N69: =M69-O69 -> 0 | O69: =SUMIF('MUNIS GL Working Doc 01.06'!$H:$H,'Capital Status Report'!$G69,'MUNIS GL Working Doc 01.06'!W:W) -> 0 | P69: =SUMIF('MUNIS GL Working Doc 01.06'!$H:$H,'Capital Status Report'!$G69,'MUNIS GL Working Doc 01.06'!X:X) -> 0 | Q69: =SUMIF('MUNIS GL Working Doc 01.06'!$H:$H,'Capital Status Report'!$G69,'MUNIS GL Working Doc 01.06'!Z:Z) -> 15000 | R69: ???? | S69: ADVISED T. BOBKOWSKI HE MAY USE FUNDS | T69: NOT FACILITIES
A70: 94 | B70: FY19 | C70: 19152 - Furnishings | D70: =LEFT(C70,5) -> 19152 | E70: School furniture replacement | F70: 117 - HAVEMEYER | G70: =D70&F70 -> 19152117 - HAVEMEYER | H70: =VLOOKUP(F70,'[2]Locn Lookup'!A$1:B$17,2,FALSE) -> HAV | I70: =VLOOKUP($C70&$F70,Open Capital Projects Access,4,FALSE) -> #NAME? | J70: =SUMIF('MUNIS GL Working Doc 01.06'!H:H,'Capital Status Report'!G70,'MUNIS GL Working Doc 01.06'!AB:AB) -> 65000 | K70: =SUMIF('MUNIS GL Working Doc 01.06'!H:H,'Capital Status Report'!G70,'MUNIS GL Working Doc 01.06'!AE:AE) -> 0 | L70: =SUMIF('MUNIS GL Working Doc 01.06'!$H:$H,'Capital Status Report'!$G70,'MUNIS GL Working Doc 01.06'!AF:AF) -> 65000 | M70: =SUMIF('MUNIS GL Working Doc 01.06'!$H:$H,'Capital Status Report'!$G70,'MUNIS GL Working Doc 01.06'!AG:AG) -> 61111.82 | N70: =M70-O70 -> 61111.82 | O70: =SUMIF('MUNIS GL Working Doc 01.06'!$H:$H,'Capital Status Report'!$G70,'MUNIS GL Working Doc 01.06'!W:W) -> 0 | P70: =SUMIF('MUNIS GL Working Doc 01.06'!$H:$H,'Capital Status Report'!$G70,'MUNIS GL Working Doc 01.06'!X:X) -> 3725 | Q70: =SUMIF('MUNIS GL Working Doc 01.06'!$H:$H,'Capital Status Report'!$G70,'MUNIS GL Working Doc 01.06'!Z:Z) -> 163.18 | R70: Complete | T70: NOT FACILITES / 620 INSTRUCTIONAL
A71: 96 | B71: FY19 | C71: 19153 - GHS Classroom Furniture | D71: =LEFT(C71,5) -> 19153 | E71: Classroom furniture replacement | F71: 116 - GREENWICH HIGH SCHOOL | G71: =D71&F71 -> 19153116 - GREENWICH HIGH SCHOOL | H71: =VLOOKUP(F71,'[2]Locn Lookup'!A$1:B$17,2,FALSE) -> GHS | I71: =VLOOKUP($C71&$F71,Open Capital Projects Access,4,FALSE) -> #NAME? | J71: =SUMIF('MUNIS GL Working Doc 01.06'!H:H,'Capital Status Report'!G71,'MUNIS GL Working Doc 01.06'!AB:AB) -> 600000 | K71: =SUMIF('MUNIS GL Working Doc 01.06'!H:H,'Capital Status Report'!G71,'MUNIS GL Working Doc 01.06'!AE:AE) -> 0 | L71: =SUMIF('MUNIS GL Working Doc 01.06'!$H:$H,'Capital Status Report'!$G71,'MUNIS GL Working Doc 01.06'!AF:AF) -> 600000 | M71: =SUMIF('MUNIS GL Working Doc 01.06'!$H:$H,'Capital Status Report'!$G71,'MUNIS GL Working Doc 01.06'!AG:AG) -> 599938.08 | N71: =M71-O71 -> 599938.08 | O71: =SUMIF('MUNIS GL Working Doc 01.06'!$H:$H,'Capital Status Report'!$G71,'MUNIS GL Working Doc 01.06'!W:W) -> 0 | P71: =SUMIF('MUNIS GL Working Doc 01.06'!$H:$H,'Capital Status Report'!$G71,'MUNIS GL Working Doc 01.06'!X:X) -> 0 | Q71: =SUMIF('MUNIS GL Working Doc 01.06'!$H:$H,'Capital Status Report'!$G71,'MUNIS GL Working Doc 01.06'!Z:Z) -> 61.92 | R71: Complete | T71: DOES NOT BELONG TO FACILITIES
A72: 98 | B72: FY19 | C72: 19154 - Ceilings & Lighting | D72: =LEFT(C72,5) -> 19154 | E72: Gym lighting upgrade | F72: 109 - DUNDEE SCHOOL | G72: =D72&F72 -> 19154109 - DUNDEE SCHOOL | H72: =VLOOKUP(F72,'[2]Locn Lookup'!A$1:B$17,2,FALSE) -> ISD | I72: =VLOOKUP($C72&$F72,Open Capital Projects Access,4,FALSE) -> #NAME? | J72: =SUMIF('MUNIS GL Working Doc 01.06'!H:H,'Capital Status Report'!G72,'MUNIS GL Working Doc 01.06'!AB:AB) -> 80000 | K72: =SUMIF('MUNIS GL Working Doc 01.06'!H:H,'Capital Status Report'!G72,'MUNIS GL Working Doc 01.06'!AE:AE) -> -80000 | L72: =SUMIF('MUNIS GL Working Doc 01.06'!$H:$H,'Capital Status Report'!$G72,'MUNIS GL Working Doc 01.06'!AF:AF) -> 0 | M72: =SUMIF('MUNIS GL Working Doc 01.06'!$H:$H,'Capital Status Report'!$G72,'MUNIS GL Working Doc 01.06'!AG:AG) -> 0 | N72: =M72-O72 -> 0 | O72: =SUMIF('MUNIS GL Working Doc 01.06'!$H:$H,'Capital Status Report'!$G72,'MUNIS GL Working Doc 01.06'!W:W) -> 0 | P72: =SUMIF('MUNIS GL Working Doc 01.06'!$H:$H,'Capital Status Report'!$G72,'MUNIS GL Working Doc 01.06'!X:X) -> 0 | Q72: =SUMIF('MUNIS GL Working Doc 01.06'!$H:$H,'Capital Status Report'!$G72,'MUNIS GL Working Doc 01.06'!Z:Z) -> 0 | R72: Complete | T72: REQUEST TO MOVE TO RIVERSIDE
A73: 99 | B73: FY19 | C73: 19154 - Ceilings & Lighting | D73: =LEFT(C73,5) -> 19154 | E73: Replace ceiling & lighting | F73: 112 - RIVERSIDE SCHOOL | G73: =D73&F73 -> 19154112 - RIVERSIDE SCHOOL | H73: =VLOOKUP(F73,'[2]Locn Lookup'!A$1:B$17,2,FALSE) -> RV | I73: =VLOOKUP($C73&$F73,Open Capital Projects Access,4,FALSE) -> #NAME? | J73: =SUMIF('MUNIS GL Working Doc 01.06'!H:H,'Capital Status Report'!G73,'MUNIS GL Working Doc 01.06'!AB:AB) -> 300000 | K73: =SUMIF('MUNIS GL Working Doc 01.06'!H:H,'Capital Status Report'!G73,'MUNIS GL Working Doc 01.06'!AE:AE) -> 80000 | L73: =SUMIF('MUNIS GL Working Doc 01.06'!$H:$H,'Capital Status Report'!$G73,'MUNIS GL Working Doc 01.06'!AF:AF) -> 380000 | M73: =SUMIF('MUNIS GL Working Doc 01.06'!$H:$H,'Capital Status Report'!$G73,'MUNIS GL Working Doc 01.06'!AG:AG) -> 297485 | N73: =M73-O73 -> 297485 | O73: =SUMIF('MUNIS GL Working Doc 01.06'!$H:$H,'Capital Status Report'!$G73,'MUNIS GL Working Doc 01.06'!W:W) -> 0 | P73: =SUMIF('MUNIS GL Working Doc 01.06'!$H:$H,'Capital Status Report'!$G73,'MUNIS GL Working Doc 01.06'!X:X) -> 2515 | Q73: =SUMIF('MUNIS GL Working Doc 01.06'!$H:$H,'Capital Status Report'!$G73,'MUNIS GL Working Doc 01.06'!Z:Z) -> 80000 | R73: Complete | S73: RETURN TO TOG | T73: RETURN TO TOG
A74: 101 | B74: FY19 | C74: 19155 - Paint & Flooring | D74: =LEFT(C74,5) -> 19155 | E74: Interior painting | F74: 102 - HAMILTON AVENUE SCHOOL | G74: =D74&F74 -> 19155102 - HAMILTON AVENUE SCHOOL | H74: =VLOOKUP(F74,'[2]Locn Lookup'!A$1:B$17,2,FALSE) -> HA | I74: =VLOOKUP($C74&$F74,Open Capital Projects Access,4,FALSE) -> #NAME? | J74: =SUMIF('MUNIS GL Working Doc 01.06'!H:H,'Capital Status Report'!G74,'MUNIS GL Working Doc 01.06'!AB:AB) -> 6000 | K74: =SUMIF('MUNIS GL Working Doc 01.06'!H:H,'Capital Status Report'!G74,'MUNIS GL Working Doc 01.06'!AE:AE) -> 0 | L74: =SUMIF('MUNIS GL Working Doc 01.06'!$H:$H,'Capital Status Report'!$G74,'MUNIS GL Working Doc 01.06'!AF:AF) -> 6000 | M74: =SUMIF('MUNIS GL Working Doc 01.06'!$H:$H,'Capital Status Report'!$G74,'MUNIS GL Working Doc 01.06'!AG:AG) -> 3175 | N74: =M74-O74 -> 0 | O74: =SUMIF('MUNIS GL Working Doc 01.06'!$H:$H,'Capital Status Report'!$G74,'MUNIS GL Working Doc 01.06'!W:W) -> 3175 | P74: =SUMIF('MUNIS GL Working Doc 01.06'!$H:$H,'Capital Status Report'!$G74,'MUNIS GL Working Doc 01.06'!X:X) -> 0 | Q74: =SUMIF('MUNIS GL Working Doc 01.06'!$H:$H,'Capital Status Report'!$G74,'MUNIS GL Working Doc 01.06'!Z:Z) -> 2825 | R74: Complete | S74: 10.29.2020 Parking Garage - | T74: Available funds to be used thru out year
A75: 102 | B75: FY19 | C75: 19155 - Paint & Flooring | D75: =LEFT(C75,5) -> 19155 | E75: Interior painting | F75: 103 - GLENVILLE SCHOOL | G75: =D75&F75 -> 19155103 - GLENVILLE SCHOOL | H75: =VLOOKUP(F75,'[2]Locn Lookup'!A$1:B$17,2,FALSE) -> GL | I75: =VLOOKUP($C75&$F75,Open Capital Projects Access,4,FALSE) -> #NAME? | J75: =SUMIF('MUNIS GL Working Doc 01.06'!H:H,'Capital Status Report'!G75,'MUNIS GL Working Doc 01.06'!AB:AB) -> 5000 | K75: =SUMIF('MUNIS GL Working Doc 01.06'!H:H,'Capital Status Report'!G75,'MUNIS GL Working Doc 01.06'!AE:AE) -> 0 | L75: =SUMIF('MUNIS GL Working Doc 01.06'!$H:$H,'Capital Status Report'!$G75,'MUNIS GL Working Doc 01.06'!AF:AF) -> 5000 | M75: =SUMIF('MUNIS GL Working Doc 01.06'!$H:$H,'Capital Status Report'!$G75,'MUNIS GL Working Doc 01.06'!AG:AG) -> 5000 | N75: =M75-O75 -> 5000 | O75: =SUMIF('MUNIS GL Working Doc 01.06'!$H:$H,'Capital Status Report'!$G75,'MUNIS GL Working Doc 01.06'!W:W) -> 0 | P75: =SUMIF('MUNIS GL Working Doc 01.06'!$H:$H,'Capital Status Report'!$G75,'MUNIS GL Working Doc 01.06'!X:X) -> 0 | Q75: =SUMIF('MUNIS GL Working Doc 01.06'!$H:$H,'Capital Status Report'!$G75,'MUNIS GL Working Doc 01.06'!Z:Z) -> 0 | R75: Complete | T75: CLOSE - PROJECT COMPLETE
A76: 103 | B76: FY19 | C76: 19155 - Paint & Flooring | D76: =LEFT(C76,5) -> 19155 | E76: Replace carpet / flooring & interior painting | F76: 105 - COS COB SCHOOL | G76: =D76&F76 -> 19155105 - COS COB SCHOOL | H76: =VLOOKUP(F76,'[2]Locn Lookup'!A$1:B$17,2,FALSE) -> CC | I76: =VLOOKUP($C76&$F76,Open Capital Projects Access,4,FALSE) -> #NAME? | J76: =SUMIF('MUNIS GL Working Doc 01.06'!H:H,'Capital Status Report'!G76,'MUNIS GL Working Doc 01.06'!AB:AB) -> 30500 | K76: =SUMIF('MUNIS GL Working Doc 01.06'!H:H,'Capital Status Report'!G76,'MUNIS GL Working Doc 01.06'!AE:AE) -> 0 | L76: =SUMIF('MUNIS GL Working Doc 01.06'!$H:$H,'Capital Status Report'!$G76,'MUNIS GL Working Doc 01.06'!AF:AF) -> 30500 | M76: =SUMIF('MUNIS GL Working Doc 01.06'!$H:$H,'Capital Status Report'!$G76,'MUNIS GL Working Doc 01.06'!AG:AG) -> 30500 | N76: =M76-O76 -> 30500 | O76: =SUMIF('MUNIS GL Working Doc 01.06'!$H:$H,'Capital Status Report'!$G76,'MUNIS GL Working Doc 01.06'!W:W) -> 0 | P76: =SUMIF('MUNIS GL Working Doc 01.06'!$H:$H,'Capital Status Report'!$G76,'MUNIS GL Working Doc 01.06'!X:X) -> 0 | Q76: =SUMIF('MUNIS GL Working Doc 01.06'!$H:$H,'Capital Status Report'!$G76,'MUNIS GL Working Doc 01.06'!Z:Z) -> 0 | R76: Complete | T76: CLOSE - PROJECT COMPLETE
A77: 104 | B77: FY19 | C77: 19155 - Paint & Flooring | D77: =LEFT(C77,5) -> 19155 | E77: Interior painting | F77: 106 - JULIAN CURTISS SCHOOL | G77: =D77&F77 -> 19155106 - JULIAN CURTISS SCHOOL | H77: =VLOOKUP(F77,'[2]Locn Lookup'!A$1:B$17,2,FALSE) -> JC | I77: =VLOOKUP($C77&$F77,Open Capital Projects Access,4,FALSE) -> #NAME? | J77: =SUMIF('MUNIS GL Working Doc 01.06'!H:H,'Capital Status Report'!G77,'MUNIS GL Working Doc 01.06'!AB:AB) -> 5000 | K77: =SUMIF('MUNIS GL Working Doc 01.06'!H:H,'Capital Status Report'!G77,'MUNIS GL Working Doc 01.06'!AE:AE) -> 1280 | L77: =SUMIF('MUNIS GL Working Doc 01.06'!$H:$H,'Capital Status Report'!$G77,'MUNIS GL Working Doc 01.06'!AF:AF) -> 6280 | M77: =SUMIF('MUNIS GL Working Doc 01.06'!$H:$H,'Capital Status Report'!$G77,'MUNIS GL Working Doc 01.06'!AG:AG) -> 6280 | N77: =M77-O77 -> 6280 | O77: =SUMIF('MUNIS GL Working Doc 01.06'!$H:$H,'Capital Status Report'!$G77,'MUNIS GL Working Doc 01.06'!W:W) -> 0 | P77: =SUMIF('MUNIS GL Working Doc 01.06'!$H:$H,'Capital Status Report'!$G77,'MUNIS GL Working Doc 01.06'!X:X) -> 0 | Q77: =SUMIF('MUNIS GL Working Doc 01.06'!$H:$H,'Capital Status Report'!$G77,'MUNIS GL Working Doc 01.06'!Z:Z) -> 0 | R77: Complete | T77: CLOSE - PROJECT COMPLETE
A78: 105 | B78: FY19 | C78: 19155 - Paint & Flooring | D78: =LEFT(C78,5) -> 19155 | E78: Interior painting | F78: 107 - NORTH STREET SCHOOL | G78: =D78&F78 -> 19155107 - NORTH STREET SCHOOL | H78: =VLOOKUP(F78,'[2]Locn Lookup'!A$1:B$17,2,FALSE) -> NS | I78: =VLOOKUP($C78&$F78,Open Capital Projects Access,4,FALSE) -> #NAME? | J78: =SUMIF('MUNIS GL Working Doc 01.06'!H:H,'Capital Status Report'!G78,'MUNIS GL Working Doc 01.06'!AB:AB) -> 5000 | K78: =SUMIF('MUNIS GL Working Doc 01.06'!H:H,'Capital Status Report'!G78,'MUNIS GL Working Doc 01.06'!AE:AE) -> 0 | L78: =SUMIF('MUNIS GL Working Doc 01.06'!$H:$H,'Capital Status Report'!$G78,'MUNIS GL Working Doc 01.06'!AF:AF) -> 5000 | M78: =SUMIF('MUNIS GL Working Doc 01.06'!$H:$H,'Capital Status Report'!$G78,'MUNIS GL Working Doc 01.06'!AG:AG) -> 5000 | N78: =M78-O78 -> 5000 | O78: =SUMIF('MUNIS GL Working Doc 01.06'!$H:$H,'Capital Status Report'!$G78,'MUNIS GL Working Doc 01.06'!W:W) -> 0 | P78: =SUMIF('MUNIS GL Working Doc 01.06'!$H:$H,'Capital Status Report'!$G78,'MUNIS GL Working Doc 01.06'!X:X) -> 0 | Q78: =SUMIF('MUNIS GL Working Doc 01.06'!$H:$H,'Capital Status Report'!$G78,'MUNIS GL Working Doc 01.06'!Z:Z) -> 0 | R78: Complete | T78: CLOSE - PROJECT COMPLETE
A79: 106 | B79: FY19 | C79: 19155 - Paint & Flooring | D79: =LEFT(C79,5) -> 19155 | E79: Interior painting | F79: 108 - PARKWAY SCHOOL | G79: =D79&F79 -> 19155108 - PARKWAY SCHOOL | H79: =VLOOKUP(F79,'[2]Locn Lookup'!A$1:B$17,2,FALSE) -> PW | I79: =VLOOKUP($C79&$F79,Open Capital Projects Access,4,FALSE) -> #NAME? | J79: =SUMIF('MUNIS GL Working Doc 01.06'!H:H,'Capital Status Report'!G79,'MUNIS GL Working Doc 01.06'!AB:AB) -> 5000 | K79: =SUMIF('MUNIS GL Working Doc 01.06'!H:H,'Capital Status Report'!G79,'MUNIS GL Working Doc 01.06'!AE:AE) -> -2025 | L79: =SUMIF('MUNIS GL Working Doc 01.06'!$H:$H,'Capital Status Report'!$G79,'MUNIS GL Working Doc 01.06'!AF:AF) -> 2975 | M79: =SUMIF('MUNIS GL Working Doc 01.06'!$H:$H,'Capital Status Report'!$G79,'MUNIS GL Working Doc 01.06'!AG:AG) -> 2975 | N79: =M79-O79 -> 2975 | O79: =SUMIF('MUNIS GL Working Doc 01.06'!$H:$H,'Capital Status Report'!$G79,'MUNIS GL Working Doc 01.06'!W:W) -> 0 | P79: =SUMIF('MUNIS GL Working Doc 01.06'!$H:$H,'Capital Status Report'!$G79,'MUNIS GL Working Doc 01.06'!X:X) -> 0 | Q79: =SUMIF('MUNIS GL Working Doc 01.06'!$H:$H,'Capital Status Report'!$G79,'MUNIS GL Working Doc 01.06'!Z:Z) -> 0 | R79: Complete | T79: CLOSE - PROJECT COMPLETE
A80: 107 | B80: FY19 | C80: 19155 - Paint & Flooring | D80: =LEFT(C80,5) -> 19155 | E80: Interior painting | F80: 109 - DUNDEE SCHOOL | G80: =D80&F80 -> 19155109 - DUNDEE SCHOOL | H80: =VLOOKUP(F80,'[2]Locn Lookup'!A$1:B$17,2,FALSE) -> ISD | I80: =VLOOKUP($C80&$F80,Open Capital Projects Access,4,FALSE) -> #NAME? | J80: =SUMIF('MUNIS GL Working Doc 01.06'!H:H,'Capital Status Report'!G80,'MUNIS GL Working Doc 01.06'!AB:AB) -> 5000 | K80: =SUMIF('MUNIS GL Working Doc 01.06'!H:H,'Capital Status Report'!G80,'MUNIS GL Working Doc 01.06'!AE:AE) -> 0 | L80: =SUMIF('MUNIS GL Working Doc 01.06'!$H:$H,'Capital Status Report'!$G80,'MUNIS GL Working Doc 01.06'!AF:AF) -> 5000 | M80: =SUMIF('MUNIS GL Working Doc 01.06'!$H:$H,'Capital Status Report'!$G80,'MUNIS GL Working Doc 01.06'!AG:AG) -> 3000 | N80: =M80-O80 -> 3000 | O80: =SUMIF('MUNIS GL Working Doc 01.06'!$H:$H,'Capital Status Report'!$G80,'MUNIS GL Working Doc 01.06'!W:W) -> 0 | P80: =SUMIF('MUNIS GL Working Doc 01.06'!$H:$H,'Capital Status Report'!$G80,'MUNIS GL Working Doc 01.06'!X:X) -> 0 | Q80: =SUMIF('MUNIS GL Working Doc 01.06'!$H:$H,'Capital Status Report'!$G80,'MUNIS GL Working Doc 01.06'!Z:Z) -> 2000 | R80: Substantially Complete | S80: COMPLETE Remaining funds to District line | T80: Available funds to be used thru out year
A81: 108 | B81: FY19 | C81: 19155 - Paint & Flooring | D81: =LEFT(C81,5) -> 19155 | E81: Interior painting | F81: 110 - NORTH MIANUS SCHOOL | G81: =D81&F81 -> 19155110 - NORTH MIANUS SCHOOL | H81: =VLOOKUP(F81,'[2]Locn Lookup'!A$1:B$17,2,FALSE) -> NM | I81: =VLOOKUP($C81&$F81,Open Capital Projects Access,4,FALSE) -> #NAME? | J81: =SUMIF('MUNIS GL Working Doc 01.06'!H:H,'Capital Status Report'!G81,'MUNIS GL Working Doc 01.06'!AB:AB) -> 5000 | K81: =SUMIF('MUNIS GL Working Doc 01.06'!H:H,'Capital Status Report'!G81,'MUNIS GL Working Doc 01.06'!AE:AE) -> 0 | L81: =SUMIF('MUNIS GL Working Doc 01.06'!$H:$H,'Capital Status Report'!$G81,'MUNIS GL Working Doc 01.06'!AF:AF) -> 5000 | M81: =SUMIF('MUNIS GL Working Doc 01.06'!$H:$H,'Capital Status Report'!$G81,'MUNIS GL Working Doc 01.06'!AG:AG) -> 5000 | N81: =M81-O81 -> 5000 | O81: =SUMIF('MUNIS GL Working Doc 01.06'!$H:$H,'Capital Status Report'!$G81,'MUNIS GL Working Doc 01.06'!W:W) -> 0 | P81: =SUMIF('MUNIS GL Working Doc 01.06'!$H:$H,'Capital Status Report'!$G81,'MUNIS GL Working Doc 01.06'!X:X) -> 0 | Q81: =SUMIF('MUNIS GL Working Doc 01.06'!$H:$H,'Capital Status Report'!$G81,'MUNIS GL Working Doc 01.06'!Z:Z) -> 0 | R81: Complete | T81: CLOSE - PROJECT COMPLETE
A82: 109 | B82: FY19 | C82: 19155 - Paint & Flooring | D82: =LEFT(C82,5) -> 19155 | E82: Interior painting | F82: 111 - OLD GREENWICH SCHOOL | G82: =D82&F82 -> 19155111 - OLD GREENWICH SCHOOL | H82: =VLOOKUP(F82,'[2]Locn Lookup'!A$1:B$17,2,FALSE) -> OG | I82: =VLOOKUP($C82&$F82,Open Capital Projects Access,4,FALSE) -> #NAME? | J82: =SUMIF('MUNIS GL Working Doc 01.06'!H:H,'Capital Status Report'!G82,'MUNIS GL Working Doc 01.06'!AB:AB) -> 5000 | K82: =SUMIF('MUNIS GL Working Doc 01.06'!H:H,'Capital Status Report'!G82,'MUNIS GL Working Doc 01.06'!AE:AE) -> 0 | L82: =SUMIF('MUNIS GL Working Doc 01.06'!$H:$H,'Capital Status Report'!$G82,'MUNIS GL Working Doc 01.06'!AF:AF) -> 5000 | M82: =SUMIF('MUNIS GL Working Doc 01.06'!$H:$H,'Capital Status Report'!$G82,'MUNIS GL Working Doc 01.06'!AG:AG) -> 0 | N82: =M82-O82 -> 0 | O82: =SUMIF('MUNIS GL Working Doc 01.06'!$H:$H,'Capital Status Report'!$G82,'MUNIS GL Working Doc 01.06'!W:W) -> 0 | P82: =SUMIF('MUNIS GL Working Doc 01.06'!$H:$H,'Capital Status Report'!$G82,'MUNIS GL Working Doc 01.06'!X:X) -> 0 | Q82: =SUMIF('MUNIS GL Working Doc 01.06'!$H:$H,'Capital Status Report'!$G82,'MUNIS GL Working Doc 01.06'!Z:Z) -> 5000 | R82: In Construction <50% | S82: COMPLETE Remaining funds to District line | T82: Available funds to be used thru out year
A83: 110 | B83: FY19 | C83: 19155 - Paint & Flooring | D83: =LEFT(C83,5) -> 19155 | E83: Interior painting | F83: 112 - RIVERSIDE SCHOOL | G83: =D83&F83 -> 19155112 - RIVERSIDE SCHOOL | H83: =VLOOKUP(F83,'[2]Locn Lookup'!A$1:B$17,2,FALSE) -> RV | I83: =VLOOKUP($C83&$F83,Open Capital Projects Access,4,FALSE) -> #NAME? | J83: =SUMIF('MUNIS GL Working Doc 01.06'!H:H,'Capital Status Report'!G83,'MUNIS GL Working Doc 01.06'!AB:AB) -> 7500 | K83: =SUMIF('MUNIS GL Working Doc 01.06'!H:H,'Capital Status Report'!G83,'MUNIS GL Working Doc 01.06'!AE:AE) -> 0 | L83: =SUMIF('MUNIS GL Working Doc 01.06'!$H:$H,'Capital Status Report'!$G83,'MUNIS GL Working Doc 01.06'!AF:AF) -> 7500 | M83: =SUMIF('MUNIS GL Working Doc 01.06'!$H:$H,'Capital Status Report'!$G83,'MUNIS GL Working Doc 01.06'!AG:AG) -> 7500 | N83: =M83-O83 -> 7500 | O83: =SUMIF('MUNIS GL Working Doc 01.06'!$H:$H,'Capital Status Report'!$G83,'MUNIS GL Working Doc 01.06'!W:W) -> 0 | P83: =SUMIF('MUNIS GL Working Doc 01.06'!$H:$H,'Capital Status Report'!$G83,'MUNIS GL Working Doc 01.06'!X:X) -> 0 | Q83: =SUMIF('MUNIS GL Working Doc 01.06'!$H:$H,'Capital Status Report'!$G83,'MUNIS GL Working Doc 01.06'!Z:Z) -> 0 | R83: Complete | T83: CLOSE - PROJECT COMPLETE
A84: 111 | B84: FY19 | C84: 19155 - Paint & Flooring | D84: =LEFT(C84,5) -> 19155 | E84: Replace gym floor and interior painting | F84: 113 - CENTRAL MIDDLE SCHOOL | G84: =D84&F84 -> 19155113 - CENTRAL MIDDLE SCHOOL | H84: =VLOOKUP(F84,'[2]Locn Lookup'!A$1:B$17,2,FALSE) -> CMS | I84: =VLOOKUP($C84&$F84,Open Capital Projects Access,4,FALSE) -> #NAME? | J84: =SUMIF('MUNIS GL Working Doc 01.06'!H:H,'Capital Status Report'!G84,'MUNIS GL Working Doc 01.06'!AB:AB) -> 215000 | K84: =SUMIF('MUNIS GL Working Doc 01.06'!H:H,'Capital Status Report'!G84,'MUNIS GL Working Doc 01.06'!AE:AE) -> -56391.78 | L84: =SUMIF('MUNIS GL Working Doc 01.06'!$H:$H,'Capital Status Report'!$G84,'MUNIS GL Working Doc 01.06'!AF:AF) -> 158608.22 | M84: =SUMIF('MUNIS GL Working Doc 01.06'!$H:$H,'Capital Status Report'!$G84,'MUNIS GL Working Doc 01.06'!AG:AG) -> 158608.22 | N84: =M84-O84 -> 158608.22 | O84: =SUMIF('MUNIS GL Working Doc 01.06'!$H:$H,'Capital Status Report'!$G84,'MUNIS GL Working Doc 01.06'!W:W) -> 0 | P84: =SUMIF('MUNIS GL Working Doc 01.06'!$H:$H,'Capital Status Report'!$G84,'MUNIS GL Working Doc 01.06'!X:X) -> 0 | Q84: =SUMIF('MUNIS GL Working Doc 01.06'!$H:$H,'Capital Status Report'!$G84,'MUNIS GL Working Doc 01.06'!Z:Z) -> 0 | R84: Complete | T84: CLOSE - PROJECT COMPLETE
A85: 112 | B85: FY19 | C85: 19155 - Paint & Flooring | D85: =LEFT(C85,5) -> 19155 | E85: Interior painting | F85: 114 - EASTERN MIDDLE SCHOOL | G85: =D85&F85 -> 19155114 - EASTERN MIDDLE SCHOOL | H85: =VLOOKUP(F85,'[2]Locn Lookup'!A$1:B$17,2,FALSE) -> EMS | I85: =VLOOKUP($C85&$F85,Open Capital Projects Access,4,FALSE) -> #NAME? | J85: =SUMIF('MUNIS GL Working Doc 01.06'!H:H,'Capital Status Report'!G85,'MUNIS GL Working Doc 01.06'!AB:AB) -> 10000 | K85: =SUMIF('MUNIS GL Working Doc 01.06'!H:H,'Capital Status Report'!G85,'MUNIS GL Working Doc 01.06'!AE:AE) -> 0 | L85: =SUMIF('MUNIS GL Working Doc 01.06'!$H:$H,'Capital Status Report'!$G85,'MUNIS GL Working Doc 01.06'!AF:AF) -> 10000 | M85: =SUMIF('MUNIS GL Working Doc 01.06'!$H:$H,'Capital Status Report'!$G85,'MUNIS GL Working Doc 01.06'!AG:AG) -> 10000 | N85: =M85-O85 -> 10000 | O85: =SUMIF('MUNIS GL Working Doc 01.06'!$H:$H,'Capital Status Report'!$G85,'MUNIS GL Working Doc 01.06'!W:W) -> 0 | P85: =SUMIF('MUNIS GL Working Doc 01.06'!$H:$H,'Capital Status Report'!$G85,'MUNIS GL Working Doc 01.06'!X:X) -> 0 | Q85: =SUMIF('MUNIS GL Working Doc 01.06'!$H:$H,'Capital Status Report'!$G85,'MUNIS GL Working Doc 01.06'!Z:Z) -> 0 | R85: Complete | T85: CLOSE - PROJECT COMPLETE
A86: 113 | B86: FY19 | C86: 19155 - Paint & Flooring | D86: =LEFT(C86,5) -> 19155 | E86: Interior painting | F86: 115 - WESTERN MIDDLE SCHOOL | G86: =D86&F86 -> 19155115 - WESTERN MIDDLE SCHOOL | H86: =VLOOKUP(F86,'[2]Locn Lookup'!A$1:B$17,2,FALSE) -> WMS | I86: =VLOOKUP($C86&$F86,Open Capital Projects Access,4,FALSE) -> #NAME? | J86: =SUMIF('MUNIS GL Working Doc 01.06'!H:H,'Capital Status Report'!G86,'MUNIS GL Working Doc 01.06'!AB:AB) -> 8000 | K86: =SUMIF('MUNIS GL Working Doc 01.06'!H:H,'Capital Status Report'!G86,'MUNIS GL Working Doc 01.06'!AE:AE) -> 0 | L86: =SUMIF('MUNIS GL Working Doc 01.06'!$H:$H,'Capital Status Report'!$G86,'MUNIS GL Working Doc 01.06'!AF:AF) -> 8000 | M86: =SUMIF('MUNIS GL Working Doc 01.06'!$H:$H,'Capital Status Report'!$G86,'MUNIS GL Working Doc 01.06'!AG:AG) -> 8000 | N86: =M86-O86 -> 8000 | O86: =SUMIF('MUNIS GL Working Doc 01.06'!$H:$H,'Capital Status Report'!$G86,'MUNIS GL Working Doc 01.06'!W:W) -> 0 | P86: =SUMIF('MUNIS GL Working Doc 01.06'!$H:$H,'Capital Status Report'!$G86,'MUNIS GL Working Doc 01.06'!X:X) -> 0 | Q86: =SUMIF('MUNIS GL Working Doc 01.06'!$H:$H,'Capital Status Report'!$G86,'MUNIS GL Working Doc 01.06'!Z:Z) -> 0 | R86: Complete | T86: CLOSE - PROJECT COMPLETE
A87: 114 | B87: FY19 | C87: 19155 - Paint & Flooring | D87: =LEFT(C87,5) -> 19155 | E87: Media center flooring and interior painting | F87: 116 - GREENWICH HIGH SCHOOL | G87: =D87&F87 -> 19155116 - GREENWICH HIGH SCHOOL | H87: =VLOOKUP(F87,'[2]Locn Lookup'!A$1:B$17,2,FALSE) -> GHS | I87: =VLOOKUP($C87&$F87,Open Capital Projects Access,4,FALSE) -> #NAME? | J87: =SUMIF('MUNIS GL Working Doc 01.06'!H:H,'Capital Status Report'!G87,'MUNIS GL Working Doc 01.06'!AB:AB) -> 52000 | K87: =SUMIF('MUNIS GL Working Doc 01.06'!H:H,'Capital Status Report'!G87,'MUNIS GL Working Doc 01.06'!AE:AE) -> 56391.78 | L87: =SUMIF('MUNIS GL Working Doc 01.06'!$H:$H,'Capital Status Report'!$G87,'MUNIS GL Working Doc 01.06'!AF:AF) -> 108391.78 | M87: =SUMIF('MUNIS GL Working Doc 01.06'!$H:$H,'Capital Status Report'!$G87,'MUNIS GL Working Doc 01.06'!AG:AG) -> 108391.78 | N87: =M87-O87 -> 12275 | O87: =SUMIF('MUNIS GL Working Doc 01.06'!$H:$H,'Capital Status Report'!$G87,'MUNIS GL Working Doc 01.06'!W:W) -> 96116.78 | P87: =SUMIF('MUNIS GL Working Doc 01.06'!$H:$H,'Capital Status Report'!$G87,'MUNIS GL Working Doc 01.06'!X:X) -> 0 | Q87: =SUMIF('MUNIS GL Working Doc 01.06'!$H:$H,'Capital Status Report'!$G87,'MUNIS GL Working Doc 01.06'!Z:Z) -> 0 | R87: Complete | T87: CLOSE - PROJECT COMPLETE
A88: 115 | B88: FY19 | C88: 19155 - Paint & Flooring | D88: =LEFT(C88,5) -> 19155 | E88: Interior painting & misc flooring | F88: 117 - HAVEMEYER | G88: =D88&F88 -> 19155117 - HAVEMEYER | H88: =VLOOKUP(F88,'[2]Locn Lookup'!A$1:B$17,2,FALSE) -> HAV | I88: =VLOOKUP($C88&$F88,Open Capital Projects Access,4,FALSE) -> #NAME? | J88: =SUMIF('MUNIS GL Working Doc 01.06'!H:H,'Capital Status Report'!G88,'MUNIS GL Working Doc 01.06'!AB:AB) -> 70000 | K88: =SUMIF('MUNIS GL Working Doc 01.06'!H:H,'Capital Status Report'!G88,'MUNIS GL Working Doc 01.06'!AE:AE) -> 745 | L88: =SUMIF('MUNIS GL Working Doc 01.06'!$H:$H,'Capital Status Report'!$G88,'MUNIS GL Working Doc 01.06'!AF:AF) -> 70745 | M88: =SUMIF('MUNIS GL Working Doc 01.06'!$H:$H,'Capital Status Report'!$G88,'MUNIS GL Working Doc 01.06'!AG:AG) -> 70500 | N88: =M88-O88 -> 69850 | O88: =SUMIF('MUNIS GL Working Doc 01.06'!$H:$H,'Capital Status Report'!$G88,'MUNIS GL Working Doc 01.06'!W:W) -> 650 | P88: =SUMIF('MUNIS GL Working Doc 01.06'!$H:$H,'Capital Status Report'!$G88,'MUNIS GL Working Doc 01.06'!X:X) -> 0 | Q88: =SUMIF('MUNIS GL Working Doc 01.06'!$H:$H,'Capital Status Report'!$G88,'MUNIS GL Working Doc 01.06'!Z:Z) -> 245 | R88: complete | S88: Move remaining funds within bundle to this line | T88: Available funds to be used thru out year
A89: 117 | B89: FY19 | C89: 19156 - Minor Renovations | D89: =LEFT(C89,5) -> 19156 | E89: Bring PE office up to code | F89: 107 - NORTH STREET SCHOOL | G89: =D89&F89 -> 19156107 - NORTH STREET SCHOOL | H89: =VLOOKUP(F89,'[2]Locn Lookup'!A$1:B$17,2,FALSE) -> NS | I89: =VLOOKUP($C89&$F89,Open Capital Projects Access,4,FALSE) -> #NAME? | J89: =SUMIF('MUNIS GL Working Doc 01.06'!H:H,'Capital Status Report'!G89,'MUNIS GL Working Doc 01.06'!AB:AB) -> 25000 | K89: =SUMIF('MUNIS GL Working Doc 01.06'!H:H,'Capital Status Report'!G89,'MUNIS GL Working Doc 01.06'!AE:AE) -> -19315 | L89: =SUMIF('MUNIS GL Working Doc 01.06'!$H:$H,'Capital Status Report'!$G89,'MUNIS GL Working Doc 01.06'!AF:AF) -> 5685 | M89: =SUMIF('MUNIS GL Working Doc 01.06'!$H:$H,'Capital Status Report'!$G89,'MUNIS GL Working Doc 01.06'!AG:AG) -> 5685 | N89: =M89-O89 -> 5685 | O89: =SUMIF('MUNIS GL Working Doc 01.06'!$H:$H,'Capital Status Report'!$G89,'MUNIS GL Working Doc 01.06'!W:W) -> 0 | P89: =SUMIF('MUNIS GL Working Doc 01.06'!$H:$H,'Capital Status Report'!$G89,'MUNIS GL Working Doc 01.06'!X:X) -> 0 | Q89: =SUMIF('MUNIS GL Working Doc 01.06'!$H:$H,'Capital Status Report'!$G89,'MUNIS GL Working Doc 01.06'!Z:Z) -> 0 | R89: Complete | S89: Project complete | T89: CLOSE - PROJECT COMPLETE
A90: 118 | B90: FY19 | C90: 19156 - Minor Renovations | D90: =LEFT(C90,5) -> 19156 | E90: Replace gym pads | F90: 113 - CENTRAL MIDDLE SCHOOL | G90: =D90&F90 -> 19156113 - CENTRAL MIDDLE SCHOOL | H90: =VLOOKUP(F90,'[2]Locn Lookup'!A$1:B$17,2,FALSE) -> CMS | I90: =VLOOKUP($C90&$F90,Open Capital Projects Access,4,FALSE) -> #NAME? | J90: =SUMIF('MUNIS GL Working Doc 01.06'!H:H,'Capital Status Report'!G90,'MUNIS GL Working Doc 01.06'!AB:AB) -> 50000 | K90: =SUMIF('MUNIS GL Working Doc 01.06'!H:H,'Capital Status Report'!G90,'MUNIS GL Working Doc 01.06'!AE:AE) -> -5700 | L90: =SUMIF('MUNIS GL Working Doc 01.06'!$H:$H,'Capital Status Report'!$G90,'MUNIS GL Working Doc 01.06'!AF:AF) -> 44300 | M90: =SUMIF('MUNIS GL Working Doc 01.06'!$H:$H,'Capital Status Report'!$G90,'MUNIS GL Working Doc 01.06'!AG:AG) -> 44300 | N90: =M90-O90 -> 44300 | O90: =SUMIF('MUNIS GL Working Doc 01.06'!$H:$H,'Capital Status Report'!$G90,'MUNIS GL Working Doc 01.06'!W:W) -> 0 | P90: =SUMIF('MUNIS GL Working Doc 01.06'!$H:$H,'Capital Status Report'!$G90,'MUNIS GL Working Doc 01.06'!X:X) -> 0 | Q90: =SUMIF('MUNIS GL Working Doc 01.06'!$H:$H,'Capital Status Report'!$G90,'MUNIS GL Working Doc 01.06'!Z:Z) -> 0 | R90: Complete | S90: Project complete | T90: CLOSE - PROJECT COMPLETE
A91: 119 | B91: FY19 | C91: 19156 - Minor Renovations | D91: =LEFT(C91,5) -> 19156 | E91: Misc door & hardware replacement | F91: 117 - HAVEMEYER | G91: =D91&F91 -> 19156117 - HAVEMEYER | H91: =VLOOKUP(F91,'[2]Locn Lookup'!A$1:B$17,2,FALSE) -> HAV | I91: =VLOOKUP($C91&$F91,Open Capital Projects Access,4,FALSE) -> #NAME? | J91: =SUMIF('MUNIS GL Working Doc 01.06'!H:H,'Capital Status Report'!G91,'MUNIS GL Working Doc 01.06'!AB:AB) -> 10000 | K91: =SUMIF('MUNIS GL Working Doc 01.06'!H:H,'Capital Status Report'!G91,'MUNIS GL Working Doc 01.06'!AE:AE) -> 25015 | L91: =SUMIF('MUNIS GL Working Doc 01.06'!$H:$H,'Capital Status Report'!$G91,'MUNIS GL Working Doc 01.06'!AF:AF) -> 35015 | M91: =SUMIF('MUNIS GL Working Doc 01.06'!$H:$H,'Capital Status Report'!$G91,'MUNIS GL Working Doc 01.06'!AG:AG) -> 0 | N91: =M91-O91 -> 0 | O91: =SUMIF('MUNIS GL Working Doc 01.06'!$H:$H,'Capital Status Report'!$G91,'MUNIS GL Working Doc 01.06'!W:W) -> 0 | P91: =SUMIF('MUNIS GL Working Doc 01.06'!$H:$H,'Capital Status Report'!$G91,'MUNIS GL Working Doc 01.06'!X:X) -> 725 | Q91: =SUMIF('MUNIS GL Working Doc 01.06'!$H:$H,'Capital Status Report'!$G91,'MUNIS GL Working Doc 01.06'!Z:Z) -> 34290 | R91: Substantially Complete | S91: 1.29.2021 Hold for IT door and GHS exterior doors
A92: 121 | B92: FY19 | C92: 19158 - Emergency Lighting | D92: =LEFT(C92,5) -> 19158 | E92: Emergency exit lights | F92: 102 - HAMILTON AVENUE SCHOOL | G92: =D92&F92 -> 19158102 - HAMILTON AVENUE SCHOOL | H92: =VLOOKUP(F92,'[2]Locn Lookup'!A$1:B$17,2,FALSE) -> HA | I92: =VLOOKUP($C92&$F92,Open Capital Projects Access,4,FALSE) -> #NAME? | J92: =SUMIF('MUNIS GL Working Doc 01.06'!H:H,'Capital Status Report'!G92,'MUNIS GL Working Doc 01.06'!AB:AB) -> 67000 | K92: =SUMIF('MUNIS GL Working Doc 01.06'!H:H,'Capital Status Report'!G92,'MUNIS GL Working Doc 01.06'!AE:AE) -> 0 | L92: =SUMIF('MUNIS GL Working Doc 01.06'!$H:$H,'Capital Status Report'!$G92,'MUNIS GL Working Doc 01.06'!AF:AF) -> 67000 | M92: =SUMIF('MUNIS GL Working Doc 01.06'!$H:$H,'Capital Status Report'!$G92,'MUNIS GL Working Doc 01.06'!AG:AG) -> 11027.5 | N92: =M92-O92 -> 2927.5 | O92: =SUMIF('MUNIS GL Working Doc 01.06'!$H:$H,'Capital Status Report'!$G92,'MUNIS GL Working Doc 01.06'!W:W) -> 8100 | P92: =SUMIF('MUNIS GL Working Doc 01.06'!$H:$H,'Capital Status Report'!$G92,'MUNIS GL Working Doc 01.06'!X:X) -> 7700 | Q92: =SUMIF('MUNIS GL Working Doc 01.06'!$H:$H,'Capital Status Report'!$G92,'MUNIS GL Working Doc 01.06'!Z:Z) -> 48272.5 | R92: Pre-Construction | S92: 1.1.2021 Project to be bid Spring 2021. Awaiting cost estimate from AKF. Combine with 20176 | T92: STATUS CHANGE / AKF - GENERATOR
A93: 122 | B93: FY19 | C93: 19158 - Emergency Lighting | D93: =LEFT(C93,5) -> 19158 | E93: Emergency exit lights | F93: 103 - GLENVILLE SCHOOL | G93: =D93&F93 -> 19158103 - GLENVILLE SCHOOL | H93: =VLOOKUP(F93,'[2]Locn Lookup'!A$1:B$17,2,FALSE) -> GL | I93: =VLOOKUP($C93&$F93,Open Capital Projects Access,4,FALSE) -> #NAME? | J93: =SUMIF('MUNIS GL Working Doc 01.06'!H:H,'Capital Status Report'!G93,'MUNIS GL Working Doc 01.06'!AB:AB) -> 40000 | K93: =SUMIF('MUNIS GL Working Doc 01.06'!H:H,'Capital Status Report'!G93,'MUNIS GL Working Doc 01.06'!AE:AE) -> 0 | L93: =SUMIF('MUNIS GL Working Doc 01.06'!$H:$H,'Capital Status Report'!$G93,'MUNIS GL Working Doc 01.06'!AF:AF) -> 40000 | M93: =SUMIF('MUNIS GL Working Doc 01.06'!$H:$H,'Capital Status Report'!$G93,'MUNIS GL Working Doc 01.06'!AG:AG) -> 0 | N93: =M93-O93 -> 0 | O93: =SUMIF('MUNIS GL Working Doc 01.06'!$H:$H,'Capital Status Report'!$G93,'MUNIS GL Working Doc 01.06'!W:W) -> 0 | P93: =SUMIF('MUNIS GL Working Doc 01.06'!$H:$H,'Capital Status Report'!$G93,'MUNIS GL Working Doc 01.06'!X:X) -> 0 | Q93: =SUMIF('MUNIS GL Working Doc 01.06'!$H:$H,'Capital Status Report'!$G93,'MUNIS GL Working Doc 01.06'!Z:Z) -> 40000 | R93: Pre-Construction | T93: LFG In design for Spring Break 2020.12.9.2020 may not be required
A94: 123 | B94: FY19 | C94: 19158 - Emergency Lighting | D94: =LEFT(C94,5) -> 19158 | E94: Emergency lighting and exterior | F94: 105 - COS COB SCHOOL | G94: =D94&F94 -> 19158105 - COS COB SCHOOL | H94: =VLOOKUP(F94,'[2]Locn Lookup'!A$1:B$17,2,FALSE) -> CC | I94: =VLOOKUP($C94&$F94,Open Capital Projects Access,4,FALSE) -> #NAME? | J94: =SUMIF('MUNIS GL Working Doc 01.06'!H:H,'Capital Status Report'!G94,'MUNIS GL Working Doc 01.06'!AB:AB) -> 190000 | K94: =SUMIF('MUNIS GL Working Doc 01.06'!H:H,'Capital Status Report'!G94,'MUNIS GL Working Doc 01.06'!AE:AE) -> 11712.51 | L94: =SUMIF('MUNIS GL Working Doc 01.06'!$H:$H,'Capital Status Report'!$G94,'MUNIS GL Working Doc 01.06'!AF:AF) -> 201712.51 | M94: =SUMIF('MUNIS GL Working Doc 01.06'!$H:$H,'Capital Status Report'!$G94,'MUNIS GL Working Doc 01.06'!AG:AG) -> 201712.51 | N94: =M94-O94 -> 201712.51 | O94: =SUMIF('MUNIS GL Working Doc 01.06'!$H:$H,'Capital Status Report'!$G94,'MUNIS GL Working Doc 01.06'!W:W) -> 0 | P94: =SUMIF('MUNIS GL Working Doc 01.06'!$H:$H,'Capital Status Report'!$G94,'MUNIS GL Working Doc 01.06'!X:X) -> 0 | Q94: =SUMIF('MUNIS GL Working Doc 01.06'!$H:$H,'Capital Status Report'!$G94,'MUNIS GL Working Doc 01.06'!Z:Z) -> 0 | R94: Complete | T94: CLOSE - PROJECT COMPLETE
A95: 124 | B95: FY19 | C95: 19158 - Emergency Lighting | D95: =LEFT(C95,5) -> 19158 | E95: Emergency lighting | F95: 106 - JULIAN CURTISS SCHOOL | G95: =D95&F95 -> 19158106 - JULIAN CURTISS SCHOOL | H95: =VLOOKUP(F95,'[2]Locn Lookup'!A$1:B$17,2,FALSE) -> JC | I95: =VLOOKUP($C95&$F95,Open Capital Projects Access,4,FALSE) -> #NAME? | J95: =SUMIF('MUNIS GL Working Doc 01.06'!H:H,'Capital Status Report'!G95,'MUNIS GL Working Doc 01.06'!AB:AB) -> 87000 | K95: =SUMIF('MUNIS GL Working Doc 01.06'!H:H,'Capital Status Report'!G95,'MUNIS GL Working Doc 01.06'!AE:AE) -> -8815 | L95: =SUMIF('MUNIS GL Working Doc 01.06'!$H:$H,'Capital Status Report'!$G95,'MUNIS GL Working Doc 01.06'!AF:AF) -> 78185 | M95: =SUMIF('MUNIS GL Working Doc 01.06'!$H:$H,'Capital Status Report'!$G95,'MUNIS GL Working Doc 01.06'!AG:AG) -> 55185 | N95: =M95-O95 -> 55185 | O95: =SUMIF('MUNIS GL Working Doc 01.06'!$H:$H,'Capital Status Report'!$G95,'MUNIS GL Working Doc 01.06'!W:W) -> 0 | P95: =SUMIF('MUNIS GL Working Doc 01.06'!$H:$H,'Capital Status Report'!$G95,'MUNIS GL Working Doc 01.06'!X:X) -> 23000 | Q95: =SUMIF('MUNIS GL Working Doc 01.06'!$H:$H,'Capital Status Report'!$G95,'MUNIS GL Working Doc 01.06'!Z:Z) -> 0 | R95: Complete
A96: 125 | B96: FY19 | C96: 19158 - Emergency Lighting | D96: =LEFT(C96,5) -> 19158 | E96: Emergency lighting and exterior | F96: 107 - NORTH STREET SCHOOL | G96: =D96&F96 -> 19158107 - NORTH STREET SCHOOL | H96: =VLOOKUP(F96,'[2]Locn Lookup'!A$1:B$17,2,FALSE) -> NS | I96: =VLOOKUP($C96&$F96,Open Capital Projects Access,4,FALSE) -> #NAME? | J96: =SUMIF('MUNIS GL Working Doc 01.06'!H:H,'Capital Status Report'!G96,'MUNIS GL Working Doc 01.06'!AB:AB) -> 72000 | K96: =SUMIF('MUNIS GL Working Doc 01.06'!H:H,'Capital Status Report'!G96,'MUNIS GL Working Doc 01.06'!AE:AE) -> -2897.51 | L96: =SUMIF('MUNIS GL Working Doc 01.06'!$H:$H,'Capital Status Report'!$G96,'MUNIS GL Working Doc 01.06'!AF:AF) -> 69102.49 | M96: =SUMIF('MUNIS GL Working Doc 01.06'!$H:$H,'Capital Status Report'!$G96,'MUNIS GL Working Doc 01.06'!AG:AG) -> 21632.5 | N96: =M96-O96 -> 15932.5 | O96: =SUMIF('MUNIS GL Working Doc 01.06'!$H:$H,'Capital Status Report'!$G96,'MUNIS GL Working Doc 01.06'!W:W) -> 5700 | P96: =SUMIF('MUNIS GL Working Doc 01.06'!$H:$H,'Capital Status Report'!$G96,'MUNIS GL Working Doc 01.06'!X:X) -> 3800 | Q96: =SUMIF('MUNIS GL Working Doc 01.06'!$H:$H,'Capital Status Report'!$G96,'MUNIS GL Working Doc 01.06'!Z:Z) -> 43669.99 | R96: Pre-Construction | S96: 1.29.2021 in design w/ LFG fro spring bid
A97: 126 | B97: FY19 | C97: 19158 - Emergency Lighting | D97: =LEFT(C97,5) -> 19158 | E97: Emergency exit lights | F97: 115 - WESTERN MIDDLE SCHOOL | G97: =D97&F97 -> 19158115 - WESTERN MIDDLE SCHOOL | H97: =VLOOKUP(F97,'[2]Locn Lookup'!A$1:B$17,2,FALSE) -> WMS | I97: =VLOOKUP($C97&$F97,Open Capital Projects Access,4,FALSE) -> #NAME? | J97: =SUMIF('MUNIS GL Working Doc 01.06'!H:H,'Capital Status Report'!G97,'MUNIS GL Working Doc 01.06'!AB:AB) -> 130000 | K97: =SUMIF('MUNIS GL Working Doc 01.06'!H:H,'Capital Status Report'!G97,'MUNIS GL Working Doc 01.06'!AE:AE) -> 0 | L97: =SUMIF('MUNIS GL Working Doc 01.06'!$H:$H,'Capital Status Report'!$G97,'MUNIS GL Working Doc 01.06'!AF:AF) -> 130000 | M97: =SUMIF('MUNIS GL Working Doc 01.06'!$H:$H,'Capital Status Report'!$G97,'MUNIS GL Working Doc 01.06'!AG:AG) -> 4000 | N97: =M97-O97 -> 0 | O97: =SUMIF('MUNIS GL Working Doc 01.06'!$H:$H,'Capital Status Report'!$G97,'MUNIS GL Working Doc 01.06'!W:W) -> 4000 | P97: =SUMIF('MUNIS GL Working Doc 01.06'!$H:$H,'Capital Status Report'!$G97,'MUNIS GL Working Doc 01.06'!X:X) -> 12000 | Q97: =SUMIF('MUNIS GL Working Doc 01.06'!$H:$H,'Capital Status Report'!$G97,'MUNIS GL Working Doc 01.06'!Z:Z) -> 114000 | R97: Pre-Construction | S97: 1.28.2021 Project to be bid Spring 2021. LFG design
A98: 128 | B98: FY19 | C98: 19159 - Generator | D98: =LEFT(C98,5) -> 19159 | E98: Replace generator | F98: 111 - OLD GREENWICH SCHOOL | G98: =D98&F98 -> 19159111 - OLD GREENWICH SCHOOL | H98: =VLOOKUP(F98,'[2]Locn Lookup'!A$1:B$17,2,FALSE) -> OG | I98: =VLOOKUP($C98&$F98,Open Capital Projects Access,4,FALSE) -> #NAME? | J98: =SUMIF('MUNIS GL Working Doc 01.06'!H:H,'Capital Status Report'!G98,'MUNIS GL Working Doc 01.06'!AB:AB) -> 500000 | K98: =SUMIF('MUNIS GL Working Doc 01.06'!H:H,'Capital Status Report'!G98,'MUNIS GL Working Doc 01.06'!AE:AE) -> 0 | L98: =SUMIF('MUNIS GL Working Doc 01.06'!$H:$H,'Capital Status Report'!$G98,'MUNIS GL Working Doc 01.06'!AF:AF) -> 500000 | M98: =SUMIF('MUNIS GL Working Doc 01.06'!$H:$H,'Capital Status Report'!$G98,'MUNIS GL Working Doc 01.06'!AG:AG) -> 14018.07 | N98: =M98-O98 -> 4268.07 | O98: =SUMIF('MUNIS GL Working Doc 01.06'!$H:$H,'Capital Status Report'!$G98,'MUNIS GL Working Doc 01.06'!W:W) -> 9750 | P98: =SUMIF('MUNIS GL Working Doc 01.06'!$H:$H,'Capital Status Report'!$G98,'MUNIS GL Working Doc 01.06'!X:X) -> 14981.93 | Q98: =SUMIF('MUNIS GL Working Doc 01.06'!$H:$H,'Capital Status Report'!$G98,'MUNIS GL Working Doc 01.06'!Z:Z) -> 471000 | R98: Cancelled* | S98: In design - Landmark Facilities Group / outside ground 11.4.2020 Project cancelled as it may interfer with Rmajor Renovation Design | T98: STATUS CHANGE / HOLD. Location of generator may conflict with any proposed new design for OG. $ spent is design
A99: 130 | B99: FY19 | C99: 19160 - HVAC | D99: =LEFT(C99,5) -> 19160 | E99: Replace cooling tower | F99: 109 - DUNDEE SCHOOL | G99: =D99&F99 -> 19160109 - DUNDEE SCHOOL | H99: =VLOOKUP(F99,'[2]Locn Lookup'!A$1:B$17,2,FALSE) -> ISD | I99: =VLOOKUP($C99&$F99,Open Capital Projects Access,4,FALSE) -> #NAME? | J99: =SUMIF('MUNIS GL Working Doc 01.06'!H:H,'Capital Status Report'!G99,'MUNIS GL Working Doc 01.06'!AB:AB) -> 455000 | K99: =SUMIF('MUNIS GL Working Doc 01.06'!H:H,'Capital Status Report'!G99,'MUNIS GL Working Doc 01.06'!AE:AE) -> 162000 | L99: =SUMIF('MUNIS GL Working Doc 01.06'!$H:$H,'Capital Status Report'!$G99,'MUNIS GL Working Doc 01.06'!AF:AF) -> 617000 | M99: =SUMIF('MUNIS GL Working Doc 01.06'!$H:$H,'Capital Status Report'!$G99,'MUNIS GL Working Doc 01.06'!AG:AG) -> 617000 | N99: =M99-O99 -> 520310.6 | O99: =SUMIF('MUNIS GL Working Doc 01.06'!$H:$H,'Capital Status Report'!$G99,'MUNIS GL Working Doc 01.06'!W:W) -> 96689.4 | P99: =SUMIF('MUNIS GL Working Doc 01.06'!$H:$H,'Capital Status Report'!$G99,'MUNIS GL Working Doc 01.06'!X:X) -> 0 | Q99: =SUMIF('MUNIS GL Working Doc 01.06'!$H:$H,'Capital Status Report'!$G99,'MUNIS GL Working Doc 01.06'!Z:Z) -> 0 | R99: Complete | S99: Check 4 pumps and piping & balancing in Spring | T99: CLOSE - PROJECT COMPLETE
A100: 131 | B100: FY19 | C100: 19160 - HVAC | D100: =LEFT(C100,5) -> 19160 | E100: Replace/upgrade AC, ventilation & building management system | F100: 110 - NORTH MIANUS SCHOOL | G100: =D100&F100 -> 19160110 - NORTH MIANUS SCHOOL | H100: =VLOOKUP(F100,'[2]Locn Lookup'!A$1:B$17,2,FALSE) -> NM | I100: =VLOOKUP($C100&$F100,Open Capital Projects Access,4,FALSE) -> #NAME? | J100: =SUMIF('MUNIS GL Working Doc 01.06'!H:H,'Capital Status Report'!G100,'MUNIS GL Working Doc 01.06'!AB:AB) -> 320000 | K100: =SUMIF('MUNIS GL Working Doc 01.06'!H:H,'Capital Status Report'!G100,'MUNIS GL Working Doc 01.06'!AE:AE) -> -88941.4 | L100: =SUMIF('MUNIS GL Working Doc 01.06'!$H:$H,'Capital Status Report'!$G100,'MUNIS GL Working Doc 01.06'!AF:AF) -> 231058.6 | M100: =SUMIF('MUNIS GL Working Doc 01.06'!$H:$H,'Capital Status Report'!$G100,'MUNIS GL Working Doc 01.06'!AG:AG) -> 231058.6 | N100: =M100-O100 -> 231058.6 | O100: =SUMIF('MUNIS GL Working Doc 01.06'!$H:$H,'Capital Status Report'!$G100,'MUNIS GL Working Doc 01.06'!W:W) -> 0 | P100: =SUMIF('MUNIS GL Working Doc 01.06'!$H:$H,'Capital Status Report'!$G100,'MUNIS GL Working Doc 01.06'!X:X) -> 0 | Q100: =SUMIF('MUNIS GL Working Doc 01.06'!$H:$H,'Capital Status Report'!$G100,'MUNIS GL Working Doc 01.06'!Z:Z) -> 0 | R100: Complete | S100: Change order & Close out | T100: CLOSE - PROJECT COMPLETE.
...

Sheet MUNIS GL Working Doc 01.06
A1: Link | B1: FUND | C1: ORG | D1: DESC | E1: OBJECT | F1: PROJECT | G1: PROJECT LOC | H1: BUNDLE & PROJECT | I1: DEPARTMENT | J1: FUNCTION | L1: LOCATION | M1: PROGRAM | N1: FULL ACCT | O1: ACCT DESCRIPTION | P1: TYPE | Q1: STATUS | R1: CY_ORIGINAL_BUD | S1: CY_XFRIN_BUD | T1: CY_XFROUT_BUD | U1: CY_CFWD_BUD | V1: CY_REVISED_BUD | W1: CY_MEMO_BAL | X1: CY_ENCUMB | Y1: CY_REQ | Z1: CY_REMAIN_BUD | AA1: CY_PCT_USED | AB1: LTD_ORIGINAL_BUD | AC1: LTD_XFRIN_BUD | AD1: LTD_XFROUT_BUD | AE1: LTD TRANSFERS | AF1: LTD_REVISED_BUD | AG1: LTD_ACTUALS | AH1: LTD_REMAIN_BUD | AI1: LTD_PCT_USED | AJ1: LY_ORIGINAL_BUD | AK1: LY_XFR_IN_BUD | AL1: LY_XFROUT_BUD | AM1: LY_CFWD_BUD | AN1: LY_REVISED_BUD | AO1: LY_MEMO_BAL | AP1: LY_ENCUMB | AQ1: LY_REMAIN_BUD | AR1: LY_PCT_USED | AS1: NY_ORIGINAL_BUD | AT1: NY_REVISED_BUD | AU1: NY_MEMO_BAL | AV1: NY_ENCUMB | AW1: NY_REQ | AX1: NY_REMAIN_BUD | AY1: NY_PCT_USED | AZ1: PROJ_TITLE | BA1: MAJOR_PROJ | BB1: PROJ_CONTACT1 | BC1: PROJ_CONTACT2 | BD1: PROJ_STATE_CD | BE1: PROJ_CFDA_# | BF1: PROJ_STATUS | BG1: PROJ_DRAW_FREQ | BH1: PROJ_START_DT | BI1: PROJ__COMPLETE | BJ1: PROJ_EST_COMPLETE_DT | BK1: PROJ_ACT_COMPLETE_DT | BL1: PROJ_COMMENT | BM1: PROJ_SRC_1 | BN1: PROJ_SRC_1_AMT | BO1: PROJ_SRC_2 | BP1: PROJ_SRC_2_AMT | BQ1: PROJ_SRC_3 | BR1: PROJ_SRC_3_AMT | BS1: PROJ_SRC_4 | BT1: PROJ_SRC_4_AMT | BU1: PROJ_SRC_5 | BV1: PROJ_SRC_5_AMT | BW1: PROJ_CASH_ORG | BX1: PROJ_CASH_OBJ | BY1: PROJ_CASH_ACCT_MEMO_BAL | BZ1: 2019 ORIGINAL BUDGET | CA1: 2019 TRANSFERS IN | CB1: 2019 TRANSFERS OUT | CC1: 2019 REVISED BUDGET | CD1: 2019 ACTUAL | CE1: 2019 ENCUMBRANCES | CF1: 2019 AVAILABLE | CG1: 2019 PERCENT | CH1: 2018 ORIGINAL BUDGET | CI1: 2018 TRANSFERS IN | CJ1: 2018 TRANSFERS OUT | CK1: 2018 REVISED BUDGET | CL1: 2018 ACTUAL | CM1: 2018 ENCUMBRANCES | CN1: 2018 AVAILABLE | CO1: 2018 PERCENT | CP1: 2017 ORIGINAL BUDGET | CQ1: 2017 TRANSFERS IN | CR1: 2017 TRANSFERS OUT | CS1: 2017 REVISED BUDGET | CT1: 2017 ACTUAL | CU1: 2017 ENCUMBRANCES | CV1: 2017 AVAILABLE | CW1: 2017 PERCENT | CX1: 2016 ORIGINAL BUDGET | CY1: 2016 TRANSFERS IN | CZ1: 2016 TRANSFERS OUT | DA1: 2016 REVISED BUDGET | DB1: 2016 ACTUAL | DC1: 2016 ENCUMBRANCES | DD1: 2016 AVAILABLE | DE1: 2016 PERCENT | DF1: 2015 ORIGINAL BUDGET | DG1: 2015 TRANSFERS IN | DH1: 2015 TRANSFERS OUT | DI1: 2015 REVISED BUDGET | DJ1: 2015 ACTUAL | DK1: 2015 ENCUMBRANCES | DL1: 2015 AVAILABLE | DM1: 2015 PERCENT | DN1: 2014 ORIGINAL BUDGET | DO1: 2014 TRANSFERS IN | DP1: 2014 TRANSFERS OUT | DQ1: 2014 REVISED BUDGET | DR1: 2014 ACTUAL | DS1: 2014 ENCUMBRANCES | DT1: 2014 AVAILABLE | DU1: 2014 PERCENT | DV1: 2013 ORIGINAL BUDGET | DW1: 2013 TRANSFERS IN | DX1: 2013 TRANSFERS OUT | DY1: 2013 REVISED BUDGET | DZ1: 2013 ACTUAL | EA1: 2013 ENCUMBRANCES | EB1: 2013 AVAILABLE | EC1: 2013 PERCENT | ED1: 2012 ORIGINAL BUDGET | EE1: 2012 TRANSFERS IN | EF1: 2012 TRANSFERS OUT | EG1: 2012 REVISED BUDGET | EH1: 2012 ACTUAL | EI1: 2012 ENCUMBRANCES | EJ1: 2012 AVAILABLE | EK1: 2012 PERCENT | EL1: 2011 ORIGINAL BUDGET | EM1: 2011 TRANSFERS IN | EN1: 2011 TRANSFERS OUT | EO1: 2011 REVISED BUDGET | EP1: 2011 ACTUAL | EQ1: 2011 ENCUMBRANCES | ER1: 2011 AVAILABLE | ES1: 2011 PERCENT
A2: View | B2: B | C2: B6800289 | D2: BUILDINGS (MAJOR ALTERATIONS) | E2: 59560 | F2: 14168 | G2: =VLOOKUP(L2,'[3]Locn Lookup 2'!G:H,2,FALSE) -> 102 - HAMILTON AVENUE SCHOOL | H2: =F2&G2 -> 14168102 - HAMILTON AVENUE SCHOOL | I2: 680 | J2: 060 | L2: 102 | M2: 0689 | N2: B -680-060-102-0689-59560 -14168 | O2: BUILDINGS (MAJOR ALTERATIONS) | P2: E | Q2: A | R2: 0 | S2: 0 | T2: 0 | U2: 0 | V2: 0 | W2: 0 | X2: 0 | Y2: 0 | Z2: 0 | AA2: 0 | AB2: -11691.4 | AC2: 11691.4 | AD2: 0 | AE2: =AC2+AD2 -> 11691.4 | AF2: 0 | AG2: 0 | AH2: 0 | AI2: 0 | AJ2: 0 | AK2: 0 | AL2: 0 | AM2: 0 | AN2: 0 | AO2: 0 | AP2: 0 | AQ2: 0 | AR2: 0 | AS2: 0 | AT2: 0 | AU2: 0 | AV2: 0 | AW2: 0 | AX2: 0 | AY2: 0 | AZ2: ELECTRICAL SYSTEMS UPGRADE | BA2: 14168 | BF2: A | BH2: 41456 | BI2: 0 | BJ2: 41820 | BZ2: 0 | CA2: 0 | CB2: 0 | CC2: 0 | CD2: 0 | CE2: 0 | CF2: 0 | CG2: 0 | CH2: 0 | CI2: 0 | CJ2: 0 | CK2: 0 | CL2: 0 | CM2: 0 | CN2: 0 | CO2: 0 | CP2: -11691.4 | CQ2: 11691.4 | CR2: 0 | CS2: 0 | CT2: 0 | CU2: 0 | CV2: 0 | CW2: 0 | CX2: 0 | CY2: 0 | CZ2: 0 | DA2: 0 | DB2: 0 | DC2: 0 | DD2: 0 | DE2: 0 | DF2: 0 | DG2: 0 | DH2: 0 | DI2: 0 | DJ2: 0 | DK2: 0 | DL2: 0 | DM2: 0 | DN2: 0 | DO2: 0 | DP2: 0 | DQ2: 0 | DR2: 0 | DS2: 0 | DT2: 0 | DU2: 0 | DV2: 0 | DW2: 0 | DX2: 0 | DY2: 0 | DZ2: 0 | EA2: 0 | EB2: 0 | EC2: 0 | ED2: 0 | EE2: 0 | EF2: 0 | EG2: 0 | EH2: 0 | EI2: 0 | EJ2: 0 | EK2: 0 | EL2: 0 | EM2: 0 | EN2: 0 | EO2: 0 | EP2: 0 | EQ2: 0 | ER2: 0 | ES2: 0
A3: View | B3: B | C3: B6800289 | D3: BUILDINGS (MAJOR ALTERATIONS) | E3: 59560 | F3: 15169 | G3: =VLOOKUP(L3,'[3]Locn Lookup 2'!G:H,2,FALSE) -> 102 - HAMILTON AVENUE SCHOOL | H3: =F3&G3 -> 15169102 - HAMILTON AVENUE SCHOOL | I3: 680 | J3: 060 | L3: 102 | M3: 0689 | N3: B -680-060-102-0689-59560 -15169 | O3: BUILDINGS (MAJOR ALTERATIONS) | P3: E | Q3: I | R3: 0 | S3: 0 | T3: 0 | U3: 0 | V3: 0 | W3: 0 | X3: 0 | Y3: 0 | Z3: 0 | AA3: 0 | AB3: 10000 | AC3: 12600 | AD3: 0 | AE3: =AC3+AD3 -> 12600 | AF3: 22600 | AG3: 22600 | AH3: 0 | AI3: 100 | AJ3: 0 | AK3: 0 | AL3: 0 | AM3: 0 | AN3: 0 | AO3: 0 | AP3: 0 | AQ3: 0 | AR3: 0 | AS3: 0 | AT3: 0 | AU3: 0 | AV3: 0 | AW3: 0 | AX3: 0 | AY3: 0 | AZ3: INTERIOR FINISHINGS-FLOOR/PAINT/TIL | BA3: 15169 | BF3: A | BH3: 41821 | BI3: 0 | BJ3: 42185 | BZ3: 0 | CA3: 0 | CB3: 0 | CC3: 0 | CD3: 0 | CE3: 0 | CF3: 0 | CG3: 0 | CH3: 0 | CI3: 0 | CJ3: 0 | CK3: 0 | CL3: 0 | CM3: 0 | CN3: 0 | CO3: 0 | CP3: 0 | CQ3: 0 | CR3: 0 | CS3: 0 | CT3: 0 | CU3: 0 | CV3: 0 | CW3: 0 | CX3: 0 | CY3: 0 | CZ3: 0 | DA3: 0 | DB3: 0 | DC3: 0 | DD3: 0 | DE3: 0 | DF3: 10000 | DG3: 12600 | DH3: 0 | DI3: 22600 | DJ3: 22600 | DK3: 0 | DL3: 0 | DM3: 100 | DN3: 0 | DO3: 0 | DP3: 0 | DQ3: 0 | DR3: 0 | DS3: 0 | DT3: 0 | DU3: 0 | DV3: 0 | DW3: 0 | DX3: 0 | DY3: 0 | DZ3: 0 | EA3: 0 | EB3: 0 | EC3: 0 | ED3: 0 | EE3: 0 | EF3: 0 | EG3: 0 | EH3: 0 | EI3: 0 | EJ3: 0 | EK3: 0 | EL3: 0 | EM3: 0 | EN3: 0 | EO3: 0 | EP3: 0 | EQ3: 0 | ER3: 0 | ES3: 0
A4: View | B4: B | C4: B6800289 | D4: BUILDINGS (MAJOR ALTERATIONS) | E4: 59560 | F4: 19149 | G4: =VLOOKUP(L4,'[3]Locn Lookup 2'!G:H,2,FALSE) -> 102 - HAMILTON AVENUE SCHOOL | H4: =F4&G4 -> 19149102 - HAMILTON AVENUE SCHOOL | I4: 680 | J4: 060 | L4: 102 | M4: 0689 | N4: B -680-060-102-0689-59560 -19149 | O4: BUILDINGS (MAJOR ALTERATIONS) | P4: E | Q4: A | R4: 0 | S4: 0 | T4: 0 | U4: 0 | V4: 0 | W4: 0 | X4: 0 | Y4: 0 | Z4: 0 | AA4: 0 | AB4: 30000 | AC4: 0 | AD4: -28100 | AE4: =AC4+AD4 -> -28100 | AF4: 1900 | AG4: 1900 | AH4: 0 | AI4: 100 | AJ4: 30000 | AK4: 0 | AL4: -28100 | AM4: 0 | AN4: 1900 | AO4: 1900 | AP4: 0 | AQ4: 0 | AR4: 100 | AS4: 0 | AT4: 0 | AU4: 0 | AV4: 0 | AW4: 0 | AX4: 0 | AY4: 0 | AZ4: WINDOWS & DOORS | BA4: 19149 | BF4: A | BH4: 43282 | BI4: 0 | BJ4: 43646 | BZ4: 30000 | CA4: 0 | CB4: 0 | CC4: 30000 | CD4: 0 | CE4: 0 | CF4: 30000 | CG4: 0 | CH4: 0 | CI4: 0 | CJ4: 0 | CK4: 0 | CL4: 0 | CM4: 0 | CN4: 0 | CO4: 0 | CP4: 0 | CQ4: 0 | CR4: 0 | CS4: 0 | CT4: 0 | CU4: 0 | CV4: 0 | CW4: 0 | CX4: 0 | CY4: 0 | CZ4: 0 | DA4: 0 | DB4: 0 | DC4: 0 | DD4: 0 | DE4: 0 | DF4: 0 | DG4: 0 | DH4: 0 | DI4: 0 | DJ4: 0 | DK4: 0 | DL4: 0 | DM4: 0 | DN4: 0 | DO4: 0 | DP4: 0 | DQ4: 0 | DR4: 0 | DS4: 0 | DT4: 0 | DU4: 0 | DV4: 0 | DW4: 0 | DX4: 0 | DY4: 0 | DZ4: 0 | EA4: 0 | EB4: 0 | EC4: 0 | ED4: 0 | EE4: 0 | EF4: 0 | EG4: 0 | EH4: 0 | EI4: 0 | EJ4: 0 | EK4: 0 | EL4: 0 | EM4: 0 | EN4: 0 | EO4: 0 | EP4: 0 | EQ4: 0 | ER4: 0 | ES4: 0
A5: View | B5: B | C5: B6800289 | D5: BUILDINGS (MAJOR ALTERATIONS) | E5: 59560 | F5: 19155 | G5: =VLOOKUP(L5,'[3]Locn Lookup 2'!G:H,2,FALSE) -> 102 - HAMILTON AVENUE SCHOOL | H5: =F5&G5 -> 19155102 - HAMILTON AVENUE SCHOOL | I5: 680 | J5: 060 | L5: 102 | M5: 0689 | N5: B -680-060-102-0689-59560 -19155 | O5: BUILDINGS (MAJOR ALTERATIONS) | P5: E | Q5: A | R5: 6000 | S5: 0 | T5: 0 | U5: 0 | V5: 6000 | W5: 3175 | X5: 0 | Y5: 0 | Z5: 2825 | AA5: 52.92 | AB5: 6000 | AC5: 0 | AD5: 0 | AE5: =AC5+AD5 -> 0 | AF5: 6000 | AG5: 3175 | AH5: 2825 | AI5: 52.92 | AJ5: 6000 | AK5: 0 | AL5: 0 | AM5: 0 | AN5: 6000 | AO5: 0 | AP5: 0 | AQ5: 6000 | AR5: 0 | AS5: 0 | AT5: 0 | AU5: 0 | AV5: 0 | AW5: 0 | AX5: 0 | AY5: 0 | AZ5: PAINT & FLOORING | BA5: 19155 | BF5: A | BH5: 43282 | BI5: 0 | BJ5: 43646 | BZ5: 6000 | CA5: 0 | CB5: 0 | CC5: 6000 | CD5: 0 | CE5: 0 | CF5: 6000 | CG5: 0 | CH5: 0 | CI5: 0 | CJ5: 0 | CK5: 0 | CL5: 0 | CM5: 0 | CN5: 0 | CO5: 0 | CP5: 0 | CQ5: 0 | CR5: 0 | CS5: 0 | CT5: 0 | CU5: 0 | CV5: 0 | CW5: 0 | CX5: 0 | CY5: 0 | CZ5: 0 | DA5: 0 | DB5: 0 | DC5: 0 | DD5: 0 | DE5: 0 | DF5: 0 | DG5: 0 | DH5: 0 | DI5: 0 | DJ5: 0 | DK5: 0 | DL5: 0 | DM5: 0 | DN5: 0 | DO5: 0 | DP5: 0 | DQ5: 0 | DR5: 0 | DS5: 0 | DT5: 0 | DU5: 0 | DV5: 0 | DW5: 0 | DX5: 0 | DY5: 0 | DZ5: 0 | EA5: 0 | EB5: 0 | EC5: 0 | ED5: 0 | EE5: 0 | EF5: 0 | EG5: 0 | EH5: 0 | EI5: 0 | EJ5: 0 | EK5: 0 | EL5: 0 | EM5: 0 | EN5: 0 | EO5: 0 | EP5: 0 | EQ5: 0 | ER5: 0 | ES5: 0
A6: View | B6: B | C6: B6800289 | D6: BUILDINGS (MAJOR ALTERATIONS) | E6: 59560 | F6: 19158 | G6: =VLOOKUP(L6,'[3]Locn Lookup 2'!G:H,2,FALSE) -> 102 - HAMILTON AVENUE SCHOOL | H6: =F6&G6 -> 19158102 - HAMILTON AVENUE SCHOOL | I6: 680 | J6: 060 | L6: 102 | M6: 0689 | N6: B -680-060-102-0689-59560 -19158 | O6: BUILDINGS (MAJOR ALTERATIONS) | P6: E | Q6: A | R6: 64072.5 | S6: 0 | T6: 0 | U6: 0 | V6: 64072.5 | W6: 8100 | X6: 7700 | Y6: 0 | Z6: 48272.5 | AA6: 24.66 | AB6: 67000 | AC6: 0 | AD6: 0 | AE6: =AC6+AD6 -> 0 | AF6: 67000 | AG6: 11027.5 | AH6: 48272.5 | AI6: 27.95 | AJ6: 66225 | AK6: 0 | AL6: 0 | AM6: 0 | AN6: 66225 | AO6: 2152.5 | AP6: 0 | AQ6: 64072.5 | AR6: 3.25 | AS6: 0 | AT6: 0 | AU6: 0 | AV6: 0 | AW6: 0 | AX6: 0 | AY6: 0 | AZ6: EMERGENCY LIGHTING | BA6: 19158 | BF6: A | BH6: 43282 | BI6: 0 | BJ6: 43646 | BZ6: 67000 | CA6: 0 | CB6: 0 | CC6: 67000 | CD6: 775 | CE6: 0 | CF6: 66225 | CG6: 1.16 | CH6: 0 | CI6: 0 | CJ6: 0 | CK6: 0 | CL6: 0 | CM6: 0 | CN6: 0 | CO6: 0 | CP6: 0 | CQ6: 0 | CR6: 0 | CS6: 0 | CT6: 0 | CU6: 0 | CV6: 0 | CW6: 0 | CX6: 0 | CY6: 0 | CZ6: 0 | DA6: 0 | DB6: 0 | DC6: 0 | DD6: 0 | DE6: 0 | DF6: 0 | DG6: 0 | DH6: 0 | DI6: 0 | DJ6: 0 | DK6: 0 | DL6: 0 | DM6: 0 | DN6: 0 | DO6: 0 | DP6: 0 | DQ6: 0 | DR6: 0 | DS6: 0 | DT6: 0 | DU6: 0 | DV6: 0 | DW6: 0 | DX6: 0 | DY6: 0 | DZ6: 0 | EA6: 0 | EB6: 0 | EC6: 0 | ED6: 0 | EE6: 0 | EF6: 0 | EG6: 0 | EH6: 0 | EI6: 0 | EJ6: 0 | EK6: 0 | EL6: 0 | EM6: 0 | EN6: 0 | EO6: 0 | EP6: 0 | EQ6: 0 | ER6: 0 | ES6: 0
A7: View | B7: B | C7: B6800289 | D7: BUILDINGS (MAJOR ALTERATIONS) | E7: 59560 | F7: 19161 | G7: =VLOOKUP(L7,'[3]Locn Lookup 2'!G:H,2,FALSE) -> 102 - HAMILTON AVENUE SCHOOL | H7: =F7&G7 -> 19161102 - HAMILTON AVENUE SCHOOL | I7: 680 | J7: 060 | L7: 102 | M7: 0689 | N7: B -680-060-102-0689-59560 -19161 | O7: BUILDINGS (MAJOR ALTERATIONS) | P7: E | Q7: A | R7: 20000 | S7: 0 | T7: 0 | U7: 0 | V7: 20000 | W7: 0 | X7: 0 | Y7: 0 | Z7: 20000 | AA7: 0 | AB7: 20000 | AC7: 0 | AD7: 0 | AE7: =AC7+AD7 -> 0 | AF7: 20000 | AG7: 0 | AH7: 20000 | AI7: 0 | AJ7: 20000 | AK7: 0 | AL7: 0 | AM7: 0 | AN7: 20000 | AO7: 0 | AP7: 0 | AQ7: 20000 | AR7: 0 | AS7: 0 | AT7: 0 | AU7: 0 | AV7: 0 | AW7: 0 | AX7: 0 | AY7: 0 | AZ7: PLUMBING & ELECTRICAL | BA7: 19161 | BF7: A | BH7: 43282 | BI7: 0 | BJ7: 43646 | BZ7: 20000 | CA7: 0 | CB7: 0 | CC7: 20000 | CD7: 0 | CE7: 0 | CF7: 20000 | CG7: 0 | CH7: 0 | CI7: 0 | CJ7: 0 | CK7: 0 | CL7: 0 | CM7: 0 | CN7: 0 | CO7: 0 | CP7: 0 | CQ7: 0 | CR7: 0 | CS7: 0 | CT7: 0 | CU7: 0 | CV7: 0 | CW7: 0 | CX7: 0 | CY7: 0 | CZ7: 0 | DA7: 0 | DB7: 0 | DC7: 0 | DD7: 0 | DE7: 0 | DF7: 0 | DG7: 0 | DH7: 0 | DI7: 0 | DJ7: 0 | DK7: 0 | DL7: 0 | DM7: 0 | DN7: 0 | DO7: 0 | DP7: 0 | DQ7: 0 | DR7: 0 | DS7: 0 | DT7: 0 | DU7: 0 | DV7: 0 | DW7: 0 | DX7: 0 | DY7: 0 | DZ7: 0 | EA7: 0 | EB7: 0 | EC7: 0 | ED7: 0 | EE7: 0 | EF7: 0 | EG7: 0 | EH7: 0 | EI7: 0 | EJ7: 0 | EK7: 0 | EL7: 0 | EM7: 0 | EN7: 0 | EO7: 0 | EP7: 0 | EQ7: 0 | ER7: 0 | ES7: 0
A8: View | B8: B | C8: B6800289 | D8: BUILDINGS (MAJOR ALTERATIONS) | E8: 59560 | F8: 20167 | G8: =VLOOKUP(L8,'[3]Locn Lookup 2'!G:H,2,FALSE) -> 102 - HAMILTON AVENUE SCHOOL | H8: =F8&G8 -> 20167102 - HAMILTON AVENUE SCHOOL | I8: 680 | J8: 060 | L8: 102 | M8: 0689 | N8: B -680-060-102-0689-59560 -20167 | O8: BUILDINGS (MAJOR ALTERATIONS) | P8: E | Q8: A | R8: 0 | S8: 0 | T8: 0 | U8: 0 | V8: 0 | W8: 0 | X8: 0 | Y8: 0 | Z8: 0 | AA8: 0 | AB8: 30000 | AC8: 0 | AD8: -30000 | AE8: =AC8+AD8 -> -30000 | AF8: 0 | AG8: 0 | AH8: 0 | AI8: 0 | AJ8: 30000 | AK8: 0 | AL8: -30000 | AM8: 0 | AN8: 0 | AO8: 0 | AP8: 0 | AQ8: 0 | AR8: 0 | AS8: 0 | AT8: 0 | AU8: 0 | AV8: 0 | AW8: 0 | AX8: 0 | AY8: 0 | AZ8: FENCING | BA8: 20167 | BF8: A | BH8: 43647 | BI8: 0 | BJ8: 44012 | BZ8: 0 | CA8: 0 | CB8: 0 | CC8: 0 | CD8: 0 | CE8: 0 | CF8: 0 | CG8: 0 | CH8: 0 | CI8: 0 | CJ8: 0 | CK8: 0 | CL8: 0 | CM8: 0 | CN8: 0 | CO8: 0 | CP8: 0 | CQ8: 0 | CR8: 0 | CS8: 0 | CT8: 0 | CU8: 0 | CV8: 0 | CW8: 0 | CX8: 0 | CY8: 0 | CZ8: 0 | DA8: 0 | DB8: 0 | DC8: 0 | DD8: 0 | DE8: 0 | DF8: 0 | DG8: 0 | DH8: 0 | DI8: 0 | DJ8: 0 | DK8: 0 | DL8: 0 | DM8: 0 | DN8: 0 | DO8: 0 | DP8: 0 | DQ8: 0 | DR8: 0 | DS8: 0 | DT8: 0 | DU8: 0 | DV8: 0 | DW8: 0 | DX8: 0 | DY8: 0 | DZ8: 0 | EA8: 0 | EB8: 0 | EC8: 0 | ED8: 0 | EE8: 0 | EF8: 0 | EG8: 0 | EH8: 0 | EI8: 0 | EJ8: 0 | EK8: 0 | EL8: 0 | EM8: 0 | EN8: 0 | EO8: 0 | EP8: 0 | EQ8: 0 | ER8: 0 | ES8: 0
A9: View | B9: B | C9: B6800289 | D9: BUILDINGS (MAJOR ALTERATIONS) | E9: 59560 | F9: 20173 | G9: =VLOOKUP(L9,'[3]Locn Lookup 2'!G:H,2,FALSE) -> 102 - HAMILTON AVENUE SCHOOL | H9: =F9&G9 -> 20173102 - HAMILTON AVENUE SCHOOL | I9: 680 | J9: 060 | L9: 102 | M9: 0689 | N9: B -680-060-102-0689-59560 -20173 | O9: BUILDINGS (MAJOR ALTERATIONS) | P9: E | Q9: A | R9: 5500 | S9: 0 | T9: 0 | U9: 0 | V9: 5500 | W9: 0 | X9: 0 | Y9: 0 | Z9: 5500 | AA9: 0 | AB9: 5500 | AC9: 0 | AD9: 0 | AE9: =AC9+AD9 -> 0 | AF9: 5500 | AG9: 0 | AH9: 5500 | AI9: 0 | AJ9: 5500 | AK9: 0 | AL9: 0 | AM9: 0 | AN9: 5500 | AO9: 0 | AP9: 0 | AQ9: 5500 | AR9: 0 | AS9: 0 | AT9: 0 | AU9: 0 | AV9: 0 | AW9: 0 | AX9: 0 | AY9: 0 | AZ9: FLOORING & PAINTING 1 | BA9: 20173 | BF9: A | BH9: 43647 | BI9: 0 | BJ9: 44012 | BZ9: 0 | CA9: 0 | CB9: 0 | CC9: 0 | CD9: 0 | CE9: 0 | CF9: 0 | CG9: 0 | CH9: 0 | CI9: 0 | CJ9: 0 | CK9: 0 | CL9: 0 | CM9: 0 | CN9: 0 | CO9: 0 | CP9: 0 | CQ9: 0 | CR9: 0 | CS9: 0 | CT9: 0 | CU9: 0 | CV9: 0 | CW9: 0 | CX9: 0 | CY9: 0 | CZ9: 0 | DA9: 0 | DB9: 0 | DC9: 0 | DD9: 0 | DE9: 0 | DF9: 0 | DG9: 0 | DH9: 0 | DI9: 0 | DJ9: 0 | DK9: 0 | DL9: 0 | DM9: 0 | DN9: 0 | DO9: 0 | DP9: 0 | DQ9: 0 | DR9: 0 | DS9: 0 | DT9: 0 | DU9: 0 | DV9: 0 | DW9: 0 | DX9: 0 | DY9: 0 | DZ9: 0 | EA9: 0 | EB9: 0 | EC9: 0 | ED9: 0 | EE9: 0 | EF9: 0 | EG9: 0 | EH9: 0 | EI9: 0 | EJ9: 0 | EK9: 0 | EL9: 0 | EM9: 0 | EN9: 0 | EO9: 0 | EP9: 0 | EQ9: 0 | ER9: 0 | ES9: 0
A10: View | B10: B | C10: B6800289 | D10: BUILDINGS (MAJOR ALTERATIONS) | E10: 59560 | F10: 20176 | G10: =VLOOKUP(L10,'[3]Locn Lookup 2'!G:H,2,FALSE) -> 102 - HAMILTON AVENUE SCHOOL | H10: =F10&G10 -> 20176102 - HAMILTON AVENUE SCHOOL | I10: 680 | J10: 060 | L10: 102 | M10: 0689 | N10: B -680-060-102-0689-59560 -20176 | O10: BUILDINGS (MAJOR ALTERATIONS) | P10: E | Q10: A | R10: 58000 | S10: 0 | T10: 0 | U10: 0 | V10: 58000 | W10: 0 | X10: 0 | Y10: 0 | Z10: 58000 | AA10: 0 | AB10: 58000 | AC10: 0 | AD10: 0 | AE10: =AC10+AD10 -> 0 | AF10: 58000 | AG10: 0 | AH10: 58000 | AI10: 0 | AJ10: 58000 | AK10: 0 | AL10: 0 | AM10: 0 | AN10: 58000 | AO10: 0 | AP10: 0 | AQ10: 58000 | AR10: 0 | AS10: 0 | AT10: 0 | AU10: 0 | AV10: 0 | AW10: 0 | AX10: 0 | AY10: 0 | AZ10: EMERGENCY LIGHTING | BA10: 20176 | BF10: A | BH10: 43647 | BI10: 0 | BJ10: 44012 | BZ10: 0 | CA10: 0 | CB10: 0 | CC10: 0 | CD10: 0 | CE10: 0 | CF10: 0 | CG10: 0 | CH10: 0 | CI10: 0 | CJ10: 0 | CK10: 0 | CL10: 0 | CM10: 0 | CN10: 0 | CO10: 0 | CP10: 0 | CQ10: 0 | CR10: 0 | CS10: 0 | CT10: 0 | CU10: 0 | CV10: 0 | CW10: 0 | CX10: 0 | CY10: 0 | CZ10: 0 | DA10: 0 | DB10: 0 | DC10: 0 | DD10: 0 | DE10: 0 | DF10: 0 | DG10: 0 | DH10: 0 | DI10: 0 | DJ10: 0 | DK10: 0 | DL10: 0 | DM10: 0 | DN10: 0 | DO10: 0 | DP10: 0 | DQ10: 0 | DR10: 0 | DS10: 0 | DT10: 0 | DU10: 0 | DV10: 0 | DW10: 0 | DX10: 0 | DY10: 0 | DZ10: 0 | EA10: 0 | EB10: 0 | EC10: 0 | ED10: 0 | EE10: 0 | EF10: 0 | EG10: 0 | EH10: 0 | EI10: 0 | EJ10: 0 | EK10: 0 | EL10: 0 | EM10: 0 | EN10: 0 | EO10: 0 | EP10: 0 | EQ10: 0 | ER10: 0 | ES10: 0
A11: View | B11: B | C11: B6800289 | D11: BUILDINGS (MAJOR ALTERATIONS) | E11: 59560 | F11: 20177 | G11: =VLOOKUP(L11,'[3]Locn Lookup 2'!G:H,2,FALSE) -> 102 - HAMILTON AVENUE SCHOOL | H11: =F11&G11 -> 20177102 - HAMILTON AVENUE SCHOOL | I11: 680 | J11: 060 | L11: 102 | M11: 0689 | N11: B -680-060-102-0689-59560 -20177 | O11: BUILDINGS (MAJOR ALTERATIONS) | P11: E | Q11: A | R11: 282700 | S11: 0 | T11: 0 | U11: 0 | V11: 282700 | W11: 7500 | X11: 0 | Y11: 0 | Z11: 275200 | AA11: 2.65 | AB11: 356000 | AC11: 0 | AD11: 0 | AE11: =AC11+AD11 -> 0 | AF11: 356000 | AG11: 80800 | AH11: 275200 | AI11: 22.7 | AJ11: 356000 | AK11: 0 | AL11: 0 | AM11: 0 | AN11: 356000 | AO11: 73300 | AP11: 0 | AQ11: 282700 | AR11: 20.59 | AS11: 0 | AT11: 0 | AU11: 0 | AV11: 0 | AW11: 0 | AX11: 0 | AY11: 0 | AZ11: GENERATORS | BA11: 20177 | BF11: A | BH11: 43647 | BI11: 0 | BJ11: 44012 | BZ11: 0 | CA11: 0 | CB11: 0 | CC11: 0 | CD11: 0 | CE11: 0 | CF11: 0 | CG11: 0 | CH11: 0 | CI11: 0 | CJ11: 0 | CK11: 0 | CL11: 0 | CM11: 0 | CN11: 0 | CO11: 0 | CP11: 0 | CQ11: 0 | CR11: 0 | CS11: 0 | CT11: 0 | CU11: 0 | CV11: 0 | CW11: 0 | CX11: 0 | CY11: 0 | CZ11: 0 | DA11: 0 | DB11: 0 | DC11: 0 | DD11: 0 | DE11: 0 | DF11: 0 | DG11: 0 | DH11: 0 | DI11: 0 | DJ11: 0 | DK11: 0 | DL11: 0 | DM11: 0 | DN11: 0 | DO11: 0 | DP11: 0 | DQ11: 0 | DR11: 0 | DS11: 0 | DT11: 0 | DU11: 0 | DV11: 0 | DW11: 0 | DX11: 0 | DY11: 0 | DZ11: 0 | EA11: 0 | EB11: 0 | EC11: 0 | ED11: 0 | EE11: 0 | EF11: 0 | EG11: 0 | EH11: 0 | EI11: 0 | EJ11: 0 | EK11: 0 | EL11: 0 | EM11: 0 | EN11: 0 | EO11: 0 | EP11: 0 | EQ11: 0 | ER11: 0 | ES11: 0
A12: View | B12: B | C12: B6800289 | D12: BUILDINGS (MAJOR ALTERATIONS) | E12: 59560 | F12: 20179 | G12: =VLOOKUP(L12,'[3]Locn Lookup 2'!G:H,2,FALSE) -> 102 - HAMILTON AVENUE SCHOOL | H12: =F12&G12 -> 20179102 - HAMILTON AVENUE SCHOOL | I12: 680 | J12: 060 | L12: 102 | M12: 0689 | N12: B -680-060-102-0689-59560 -20179 | O12: BUILDINGS (MAJOR ALTERATIONS) | P12: E | Q12: A | R12: 47000 | S12: 0 | T12: 0 | U12: 0 | V12: 47000 | W12: 39923 | X12: 0 | Y12: 0 | Z12: 7077 | AA12: 84.94 | AB12: 47000 | AC12: 0 | AD12: 0 | AE12: =AC12+AD12 -> 0 | AF12: 47000 | AG12: 39923 | AH12: 7077 | AI12: 84.94 | AJ12: 47000 | AK12: 0 | AL12: 0 | AM12: 0 | AN12: 47000 | AO12: 0 | AP12: 0 | AQ12: 47000 | AR12: 0 | AS12: 0 | AT12: 0 | AU12: 0 | AV12: 0 | AW12: 0 | AX12: 0 | AY12: 0 | AZ12: HVAC SYSTEMS | BA12: 20179 | BF12: A | BH12: 43647 | BI12: 0 | BJ12: 44012 | BZ12: 0 | CA12: 0 | CB12: 0 | CC12: 0 | CD12: 0 | CE12: 0 | CF12: 0 | CG12: 0 | CH12: 0 | CI12: 0 | CJ12: 0 | CK12: 0 | CL12: 0 | CM12: 0 | CN12: 0 | CO12: 0 | CP12: 0 | CQ12: 0 | CR12: 0 | CS12: 0 | CT12: 0 | CU12: 0 | CV12: 0 | CW12: 0 | CX12: 0 | CY12: 0 | CZ12: 0 | DA12: 0 | DB12: 0 | DC12: 0 | DD12: 0 | DE12: 0 | DF12: 0 | DG12: 0 | DH12: 0 | DI12: 0 | DJ12: 0 | DK12: 0 | DL12: 0 | DM12: 0 | DN12: 0 | DO12: 0 | DP12: 0 | DQ12: 0 | DR12: 0 | DS12: 0 | DT12: 0 | DU12: 0 | DV12: 0 | DW12: 0 | DX12: 0 | DY12: 0 | DZ12: 0 | EA12: 0 | EB12: 0 | EC12: 0 | ED12: 0 | EE12: 0 | EF12: 0 | EG12: 0 | EH12: 0 | EI12: 0 | EJ12: 0 | EK12: 0 | EL12: 0 | EM12: 0 | EN12: 0 | EO12: 0 | EP12: 0 | EQ12: 0 | ER12: 0 | ES12: 0
A13: View | B13: B | C13: B6800289 | D13: BUILDINGS (MAJOR ALTERATIONS) | E13: 59560 | F13: 21255 | G13: =VLOOKUP(L13,'[3]Locn Lookup 2'!G:H,2,FALSE) -> 102 - HAMILTON AVENUE SCHOOL | H13: =F13&G13 -> 21255102 - HAMILTON AVENUE SCHOOL | I13: 680 | J13: 060 | K13: =MID(C13,5,2) -> 02 | L13: 102 | M13: 0689 | N13: B -680-060-102-0689-59560 -21255 | O13: BUILDINGS (MAJOR ALTERATIONS) | P13: E | Q13: A | R13: 40000 | S13: 0 | T13: 0 | U13: 0 | V13: 40000 | W13: 0 | X13: 0 | Y13: 0 | Z13: 40000 | AA13: 0 | AB13: 40000 | AC13: 0 | AD13: 0 | AE13: =AC13+AD13 -> 0 | AF13: 40000 | AG13: 0 | AH13: 40000 | AI13: 0 | AJ13: 0 | AK13: 0 | AL13: 0 | AM13: 0 | AN13: 0 | AO13: 0 | AP13: 0 | AQ13: 0 | AR13: 0 | AS13: 0 | AT13: 0 | AU13: 0 | AV13: 0 | AW13: 0 | AX13: 0 | AY13: 0 | AZ13: EXTERIOR MASONRY | BA13: 21255 | BF13: A | BH13: 44013 | BI13: 0 | BJ13: 44377 | BZ13: 0 | CA13: 0 | CB13: 0 | CC13: 0 | CD13: 0 | CE13: 0 | CF13: 0 | CG13: 0 | CH13: 0 | CI13: 0 | CJ13: 0 | CK13: 0 | CL13: 0 | CM13: 0 | CN13: 0 | CO13: 0 | CP13: 0 | CQ13: 0 | CR13: 0 | CS13: 0 | CT13: 0 | CU13: 0 | CV13: 0 | CW13: 0 | CX13: 0 | CY13: 0 | CZ13: 0 | DA13: 0 | DB13: 0 | DC13: 0 | DD13: 0 | DE13: 0 | DF13: 0 | DG13: 0 | DH13: 0 | DI13: 0 | DJ13: 0 | DK13: 0 | DL13: 0 | DM13: 0 | DN13: 0 | DO13: 0 | DP13: 0 | DQ13: 0 | DR13: 0 | DS13: 0 | DT13: 0 | DU13: 0 | DV13: 0 | DW13: 0 | DX13: 0 | DY13: 0 | DZ13: 0 | EA13: 0 | EB13: 0 | EC13: 0 | ED13: 0 | EE13: 0 | EF13: 0 | EG13: 0 | EH13: 0 | EI13: 0 | EJ13: 0 | EK13: 0 | EL13: 0 | EM13: 0 | EN13: 0 | EO13: 0 | EP13: 0 | EQ13: 0 | ER13: 0 | ES13: 0
A14: View | B14: B | C14: B6800289 | D14: BUILDINGS (MAJOR ALTERATIONS) | E14: 59560 | F14: 21257 | G14: =VLOOKUP(L14,'[3]Locn Lookup 2'!G:H,2,FALSE) -> 102 - HAMILTON AVENUE SCHOOL | H14: =F14&G14 -> 21257102 - HAMILTON AVENUE SCHOOL | I14: 680 | J14: 060 | K14: =MID(C14,5,2) -> 02 | L14: 102 | M14: 0689 | N14: B -680-060-102-0689-59560 -21257 | O14: BUILDINGS (MAJOR ALTERATIONS) | P14: E | Q14: A | R14: 74000 | S14: 0 | T14: 0 | U14: 0 | V14: 74000 | W14: 0 | X14: 33838.76 | Y14: 0 | Z14: 40161.24 | AA14: 45.73 | AB14: 74000 | AC14: 0 | AD14: 0 | AE14: =AC14+AD14 -> 0 | AF14: 74000 | AG14: 0 | AH14: 40161.24 | AI14: 45.73 | AJ14: 0 | AK14: 0 | AL14: 0 | AM14: 0 | AN14: 0 | AO14: 0 | AP14: 0 | AQ14: 0 | AR14: 0 | AS14: 0 | AT14: 0 | AU14: 0 | AV14: 0 | AW14: 0 | AX14: 0 | AY14: 0 | AZ14: ROOFS | BA14: 21257 | BF14: A | BH14: 44013 | BI14: 0 | BJ14: 44377 | BZ14: 0 | CA14: 0 | CB14: 0 | CC14: 0 | CD14: 0 | CE14: 0 | CF14: 0 | CG14: 0 | CH14: 0 | CI14: 0 | CJ14: 0 | CK14: 0 | CL14: 0 | CM14: 0 | CN14: 0 | CO14: 0 | CP14: 0 | CQ14: 0 | CR14: 0 | CS14: 0 | CT14: 0 | CU14: 0 | CV14: 0 | CW14: 0 | CX14: 0 | CY14: 0 | CZ14: 0 | DA14: 0 | DB14: 0 | DC14: 0 | DD14: 0 | DE14: 0 | DF14: 0 | DG14: 0 | DH14: 0 | DI14: 0 | DJ14: 0 | DK14: 0 | DL14: 0 | DM14: 0 | DN14: 0 | DO14: 0 | DP14: 0 | DQ14: 0 | DR14: 0 | DS14: 0 | DT14: 0 | DU14: 0 | DV14: 0 | DW14: 0 | DX14: 0 | DY14: 0 | DZ14: 0 | EA14: 0 | EB14: 0 | EC14: 0 | ED14: 0 | EE14: 0 | EF14: 0 | EG14: 0 | EH14: 0 | EI14: 0 | EJ14: 0 | EK14: 0 | EL14: 0 | EM14: 0 | EN14: 0 | EO14: 0 | EP14: 0 | EQ14: 0 | ER14: 0 | ES14: 0
A15: View | B15: B | C15: B6800289 | D15: BUILDINGS (MAJOR ALTERATIONS) | E15: 59560 | F15: 21261 | G15: =VLOOKUP(L15,'[3]Locn Lookup 2'!G:H,2,FALSE) -> 102 - HAMILTON AVENUE SCHOOL | H15: =F15&G15 -> 21261102 - HAMILTON AVENUE SCHOOL | I15: 680 | J15: 060 | K15: =MID(C15,5,2) -> 02 | L15: 102 | M15: 0689 | N15: B -680-060-102-0689-59560 -21261 | O15: BUILDINGS (MAJOR ALTERATIONS) | P15: E | Q15: A | R15: 5000 | S15: 0 | T15: 0 | U15: 0 | V15: 5000 | W15: 0 | X15: 0 | Y15: 0 | Z15: 5000 | AA15: 0 | AB15: 5000 | AC15: 0 | AD15: 0 | AE15: =AC15+AD15 -> 0 | AF15: 5000 | AG15: 0 | AH15: 5000 | AI15: 0 | AJ15: 0 | AK15: 0 | AL15: 0 | AM15: 0 | AN15: 0 | AO15: 0 | AP15: 0 | AQ15: 0 | AR15: 0 | AS15: 0 | AT15: 0 | AU15: 0 | AV15: 0 | AW15: 0 | AX15: 0 | AY15: 0 | AZ15: FINISHES-PAINTING AND FLOORING | BA15: 21261 | BF15: A | BH15: 44013 | BI15: 0 | BJ15: 44377 | BZ15: 0 | CA15: 0 | CB15: 0 | CC15: 0 | CD15: 0 | CE15: 0 | CF15: 0 | CG15: 0 | CH15: 0 | CI15: 0 | CJ15: 0 | CK15: 0 | CL15: 0 | CM15: 0 | CN15: 0 | CO15: 0 | CP15: 0 | CQ15: 0 | CR15: 0 | CS15: 0 | CT15: 0 | CU15: 0 | CV15: 0 | CW15: 0 | CX15: 0 | CY15: 0 | CZ15: 0 | DA15: 0 | DB15: 0 | DC15: 0 | DD15: 0 | DE15: 0 | DF15: 0 | DG15: 0 | DH15: 0 | DI15: 0 | DJ15: 0 | DK15: 0 | DL15: 0 | DM15: 0 | DN15: 0 | DO15: 0 | DP15: 0 | DQ15: 0 | DR15: 0 | DS15: 0 | DT15: 0 | DU15: 0 | DV15: 0 | DW15: 0 | DX15: 0 | DY15: 0 | DZ15: 0 | EA15: 0 | EB15: 0 | EC15: 0 | ED15: 0 | EE15: 0 | EF15: 0 | EG15: 0 | EH15: 0 | EI15: 0 | EJ15: 0 | EK15: 0 | EL15: 0 | EM15: 0 | EN15: 0 | EO15: 0 | EP15: 0 | EQ15: 0 | ER15: 0 | ES15: 0
A16: View | B16: B | C16: B6800289 | D16: BUILDINGS (MAJOR ALTERATIONS) | E16: 59560 | F16: 21264 | G16: =VLOOKUP(L16,'[3]Locn Lookup 2'!G:H,2,FALSE) -> 102 - HAMILTON AVENUE SCHOOL | H16: =F16&G16 -> 21264102 - HAMILTON AVENUE SCHOOL | I16: 680 | J16: 060 | K16: =MID(C16,5,2) -> 02 | L16: 102 | M16: 0689 | N16: B -680-060-102-0689-59560 -21264 | O16: BUILDINGS (MAJOR ALTERATIONS) | P16: E | Q16: A | R16: 59000 | S16: 0 | T16: 0 | U16: 0 | V16: 59000 | W16: 0 | X16: 0 | Y16: 0 | Z16: 59000 | AA16: 0 | AB16: 59000 | AC16: 0 | AD16: 0 | AE16: =AC16+AD16 -> 0 | AF16: 59000 | AG16: 0 | AH16: 59000 | AI16: 0 | AJ16: 0 | AK16: 0 | AL16: 0 | AM16: 0 | AN16: 0 | AO16: 0 | AP16: 0 | AQ16: 0 | AR16: 0 | AS16: 0 | AT16: 0 | AU16: 0 | AV16: 0 | AW16: 0 | AX16: 0 | AY16: 0 | AZ16: PLUMBING & ELECTRICAL | BA16: 21264 | BF16: A | BH16: 44013 | BI16: 0 | BJ16: 44377 | BZ16: 0 | CA16: 0 | CB16: 0 | CC16: 0 | CD16: 0 | CE16: 0 | CF16: 0 | CG16: 0 | CH16: 0 | CI16: 0 | CJ16: 0 | CK16: 0 | CL16: 0 | CM16: 0 | CN16: 0 | CO16: 0 | CP16: 0 | CQ16: 0 | CR16: 0 | CS16: 0 | CT16: 0 | CU16: 0 | CV16: 0 | CW16: 0 | CX16: 0 | CY16: 0 | CZ16: 0 | DA16: 0 | DB16: 0 | DC16: 0 | DD16: 0 | DE16: 0 | DF16: 0 | DG16: 0 | DH16: 0 | DI16: 0 | DJ16: 0 | DK16: 0 | DL16: 0 | DM16: 0 | DN16: 0 | DO16: 0 | DP16: 0 | DQ16: 0 | DR16: 0 | DS16: 0 | DT16: 0 | DU16: 0 | DV16: 0 | DW16: 0 | DX16: 0 | DY16: 0 | DZ16: 0 | EA16: 0 | EB16: 0 | EC16: 0 | ED16: 0 | EE16: 0 | EF16: 0 | EG16: 0 | EH16: 0 | EI16: 0 | EJ16: 0 | EK16: 0 | EL16: 0 | EM16: 0 | EN16: 0 | EO16: 0 | EP16: 0 | EQ16: 0 | ER16: 0 | ES16: 0
A17: View | B17: B | C17: B6800289 | D17: PLAYGROUNDS AND OTHER RECREATI | E17: 59830 | F17: 18171 | G17: =VLOOKUP(L17,'[3]Locn Lookup 2'!G:H,2,FALSE) -> 102 - HAMILTON AVENUE SCHOOL | H17: =F17&G17 -> 18171102 - HAMILTON AVENUE SCHOOL | I17: 680 | J17: 060 | L17: 102 | M17: 0689 | N17: B -680-060-102-0689-59830 -18171 | O17: PLAYGROUNDS AND OTHER RECREATI | P17: E | Q17: A | R17: 28000 | S17: 0 | T17: 0 | U17: 0 | V17: 28000 | W17: 5000 | X17: 0 | Y17: 0 | Z17: 23000 | AA17: 17.86 | AB17: 40000 | AC17: 0 | AD17: 0 | AE17: =AC17+AD17 -> 0 | AF17: 40000 | AG17: 17000 | AH17: 23000 | AI17: 42.5 | AJ17: 40000 | AK17: 0 | AL17: 0 | AM17: 0 | AN17: 40000 | AO17: 12000 | AP17: 0 | AQ17: 28000 | AR17: 30 | AS17: 0 | AT17: 0 | AU17: 0 | AV17: 0 | AW17: 0 | AX17: 0 | AY17: 0 | AZ17: EXTERIOR SPACE IMPROVEMENTS | BA17: 18171 | BF17: A | BH17: 42917 | BI17: 0 | BJ17: 43281 | BZ17: 40000 | CA17: 0 | CB17: 0 | CC17: 40000 | CD17: 0 | CE17: 0 | CF17: 40000 | CG17: 0 | CH17: 40000 | CI17: 0 | CJ17: 0 | CK17: 40000 | CL17: 0 | CM17: 0 | CN17: 40000 | CO17: 0 | CP17: 0 | CQ17: 0 | CR17: 0 | CS17: 0 | CT17: 0 | CU17: 0 | CV17: 0 | CW17: 0 | CX17: 0 | CY17: 0 | CZ17: 0 | DA17: 0 | DB17: 0 | DC17: 0 | DD17: 0 | DE17: 0 | DF17: 0 | DG17: 0 | DH17: 0 | DI17: 0 | DJ17: 0 | DK17: 0 | DL17: 0 | DM17: 0 | DN17: 0 | DO17: 0 | DP17: 0 | DQ17: 0 | DR17: 0 | DS17: 0 | DT17: 0 | DU17: 0 | DV17: 0 | DW17: 0 | DX17: 0 | DY17: 0 | DZ17: 0 | EA17: 0 | EB17: 0 | EC17: 0 | ED17: 0 | EE17: 0 | EF17: 0 | EG17: 0 | EH17: 0 | EI17: 0 | EJ17: 0 | EK17: 0 | EL17: 0 | EM17: 0 | EN17: 0 | EO17: 0 | EP17: 0 | EQ17: 0 | ER17: 0 | ES17: 0
A18: View | B18: B | C18: B6800289 | D18: PLAYGROUNDS AND OTHER RECREATI | E18: 59830 | F18: 19165 | G18: =VLOOKUP(L18,'[3]Locn Lookup 2'!G:H,2,FALSE) -> 102 - HAMILTON AVENUE SCHOOL | H18: =F18&G18 -> 19165102 - HAMILTON AVENUE SCHOOL | I18: 680 | J18: 060 | L18: 102 | M18: 0689 | N18: B -680-060-102-0689-59830 -19165 | O18: PLAYGROUNDS AND OTHER RECREATI | P18: E | Q18: A | R18: 44565.57 | S18: 0 | T18: 0 | U18: 0 | V18: 44565.57 | W18: 13905 | X18: 17655.6 | Y18: 0 | Z18: 13004.97 | AA18: 70.82 | AB18: 260000 | AC18: 0 | AD18: 0 | AE18: =AC18+AD18 -> 0 | AF18: 260000 | AG18: 229339.43 | AH18: 13004.97 | AI18: 95 | AJ18: 168571.57 | AK18: 0 | AL18: 0 | AM18: 0 | AN18: 168571.57 | AO18: 124006 | AP18: 0 | AQ18: 44565.57 | AR18: 73.56 | AS18: 0 | AT18: 0 | AU18: 0 | AV18: 0 | AW18: 0 | AX18: 0 | AY18: 0 | AZ18: HAMILTON AVENUE COURTYARD | BA18: 19165 | BF18: A | BH18: 43282 | BI18: 0 | BJ18: 43646 | BZ18: 260000 | CA18: 0 | CB18: 0 | CC18: 260000 | CD18: 91428.43 | CE18: 0 | CF18: 168571.57 | CG18: 35.16 | CH18: 0 | CI18: 0 | CJ18: 0 | CK18: 0 | CL18: 0 | CM18: 0 | CN18: 0 | CO18: 0 | CP18: 0 | CQ18: 0 | CR18: 0 | CS18: 0 | CT18: 0 | CU18: 0 | CV18: 0 | CW18: 0 | CX18: 0 | CY18: 0 | CZ18: 0 | DA18: 0 | DB18: 0 | DC18: 0 | DD18: 0 | DE18: 0 | DF18: 0 | DG18: 0 | DH18: 0 | DI18: 0 | DJ18: 0 | DK18: 0 | DL18: 0 | DM18: 0 | DN18: 0 | DO18: 0 | DP18: 0 | DQ18: 0 | DR18: 0 | DS18: 0 | DT18: 0 | DU18: 0 | DV18: 0 | DW18: 0 | DX18: 0 | DY18: 0 | DZ18: 0 | EA18: 0 | EB18: 0 | EC18: 0 | ED18: 0 | EE18: 0 | EF18: 0 | EG18: 0 | EH18: 0 | EI18: 0 | EJ18: 0 | EK18: 0 | EL18: 0 | EM18: 0 | EN18: 0 | EO18: 0 | EP18: 0 | EQ18: 0 | ER18: 0 | ES18: 0
A19: View | B19: B | C19: B6800389 | D19: BUILDINGS (MAJOR ALTERATIONS) | E19: 59560 | F19: 15169 | G19: =VLOOKUP(L19,'[3]Locn Lookup 2'!G:H,2,FALSE) -> 103 - GLENVILLE SCHOOL | H19: =F19&G19 -> 15169103 - GLENVILLE SCHOOL | I19: 680 | J19: 060 | L19: 103 | M19: 0689 | N19: B -680-060-103-0689-59560 -15169 | O19: BUILDINGS (MAJOR ALTERATIONS) | P19: E | Q19: I | R19: 0 | S19: 0 | T19: 0 | U19: 0 | V19: 0 | W19: 0 | X19: 0 | Y19: 0 | Z19: 0 | AA19: 0 | AB19: 5000 | AC19: 7725 | AD19: -1000 | AE19: =AC19+AD19 -> 6725 | AF19: 11725 | AG19: 11725 | AH19: 0 | AI19: 100 | AJ19: 0 | AK19: 0 | AL19: 0 | AM19: 0 | AN19: 0 | AO19: 0 | AP19: 0 | AQ19: 0 | AR19: 0 | AS19: 0 | AT19: 0 | AU19: 0 | AV19: 0 | AW19: 0 | AX19: 0 | AY19: 0 | AZ19: INTERIOR FINISHINGS-FLOOR/PAINT/TIL | BA19: 15169 | BF19: A | BH19: 41821 | BI19: 0 | BJ19: 42185 | BZ19: 0 | CA19: 0 | CB19: 0 | CC19: 0 | CD19: 0 | CE19: 0 | CF19: 0 | CG19: 0 | CH19: 0 | CI19: 0 | CJ19: 0 | CK19: 0 | CL19: 0 | CM19: 0 | CN19: 0 | CO19: 0 | CP19: 0 | CQ19: 0 | CR19: 0 | CS19: 0 | CT19: 0 | CU19: 0 | CV19: 0 | CW19: 0 | CX19: 0 | CY19: 0 | CZ19: 0 | DA19: 0 | DB19: 0 | DC19: 0 | DD19: 0 | DE19: 0 | DF19: 5000 | DG19: 7725 | DH19: -1000 | DI19: 11725 | DJ19: 11725 | DK19: 0 | DL19: 0 | DM19: 100 | DN19: 0 | DO19: 0 | DP19: 0 | DQ19: 0 | DR19: 0 | DS19: 0 | DT19: 0 | DU19: 0 | DV19: 0 | DW19: 0 | DX19: 0 | DY19: 0 | DZ19: 0 | EA19: 0 | EB19: 0 | EC19: 0 | ED19: 0 | EE19: 0 | EF19: 0 | EG19: 0 | EH19: 0 | EI19: 0 | EJ19: 0 | EK19: 0 | EL19: 0 | EM19: 0 | EN19: 0 | EO19: 0 | EP19: 0 | EQ19: 0 | ER19: 0 | ES19: 0
A20: View | B20: B | C20: B6800389 | D20: BUILDINGS (MAJOR ALTERATIONS) | E20: 59560 | F20: 17168 | G20: =VLOOKUP(L20,'[3]Locn Lookup 2'!G:H,2,FALSE) -> 103 - GLENVILLE SCHOOL | H20: =F20&G20 -> 17168103 - GLENVILLE SCHOOL | I20: 680 | J20: 060 | L20: 103 | M20: 0689 | N20: B -680-060-103-0689-59560 -17168 | O20: BUILDINGS (MAJOR ALTERATIONS) | P20: E | Q20: A | R20: 0 | S20: 0 | T20: 0 | U20: 0 | V20: 0 | W20: 0 | X20: 0 | Y20: 0 | Z20: 0 | AA20: 0 | AB20: 36000 | AC20: 0 | AD20: -12401.11 | AE20: =AC20+AD20 -> -12401.11 | AF20: 23598.89 | AG20: 23598.89 | AH20: 0 | AI20: 100 | AJ20: 0 | AK20: 0 | AL20: 0 | AM20: 0 | AN20: 0 | AO20: 0 | AP20: 0 | AQ20: 0 | AR20: 0 | AS20: 0 | AT20: 0 | AU20: 0 | AV20: 0 | AW20: 0 | AX20: 0 | AY20: 0 | AZ20: ELECTRICAL SYSTEMS UPGRADE | BA20: 17168 | BF20: A | BH20: 42552 | BI20: 0 | BJ20: 42916 | BZ20: 3614.55 | CA20: 0 | CB20: -0.03 | CC20: 3614.52 | CD20: 3614.52 | CE20: 0 | CF20: 0 | CG20: 100 | CH20: 16015.63 | CI20: 0 | CJ20: -12401.08 | CK20: 3614.55 | CL20: 0 | CM20: 0 | CN20: 3614.55 | CO20: 0 | CP20: 36000 | CQ20: 0 | CR20: 0 | CS20: 36000 | CT20: 19984.37 | CU20: 0 | CV20: 16015.63 | CW20: 55.51 | CX20: 0 | CY20: 0 | CZ20: 0 | DA20: 0 | DB20: 0 | DC20: 0 | DD20: 0 | DE20: 0 | DF20: 0 | DG20: 0 | DH20: 0 | DI20: 0 | DJ20: 0 | DK20: 0 | DL20: 0 | DM20: 0 | DN20: 0 | DO20: 0 | DP20: 0 | DQ20: 0 | DR20: 0 | DS20: 0 | DT20: 0 | DU20: 0 | DV20: 0 | DW20: 0 | DX20: 0 | DY20: 0 | DZ20: 0 | EA20: 0 | EB20: 0 | EC20: 0 | ED20: 0 | EE20: 0 | EF20: 0 | EG20: 0 | EH20: 0 | EI20: 0 | EJ20: 0 | EK20: 0 | EL20: 0 | EM20: 0 | EN20: 0 | EO20: 0 | EP20: 0 | EQ20: 0 | ER20: 0 | ES20: 0
A21: View | B21: B | C21: B6800389 | D21: BUILDINGS (MAJOR ALTERATIONS) | E21: 59560 | F21: 19155 | G21: =VLOOKUP(L21,'[3]Locn Lookup 2'!G:H,2,FALSE) -> 103 - GLENVILLE SCHOOL | H21: =F21&G21 -> 19155103 - GLENVILLE SCHOOL | I21: 680 | J21: 060 | L21: 103 | M21: 0689 | N21: B -680-060-103-0689-59560 -19155 | O21: BUILDINGS (MAJOR ALTERATIONS) | P21: E | Q21: A | R21: 0 | S21: 0 | T21: 0 | U21: 0 | V21: 0 | W21: 0 | X21: 0 | Y21: 0 | Z21: 0 | AA21: 0 | AB21: 5000 | AC21: 0 | AD21: 0 | AE21: =AC21+AD21 -> 0 | AF21: 5000 | AG21: 5000 | AH21: 0 | AI21: 100 | AJ21: 0 | AK21: 0 | AL21: 0 | AM21: 0 | AN21: 0 | AO21: 0 | AP21: 0 | AQ21: 0 | AR21: 0 | AS21: 0 | AT21: 0 | AU21: 0 | AV21: 0 | AW21: 0 | AX21: 0 | AY21: 0 | AZ21: PAINT & FLOORING | BA21: 19155 | BF21: A | BH21: 43282 | BI21: 0 | BJ21: 43646 | BZ21: 5000 | CA21: 0 | CB21: 0 | CC21: 5000 | CD21: 5000 | CE21: 0 | CF21: 0 | CG21: 100 | CH21: 0 | CI21: 0 | CJ21: 0 | CK21: 0 | CL21: 0 | CM21: 0 | CN21: 0 | CO21: 0 | CP21: 0 | CQ21: 0 | CR21: 0 | CS21: 0 | CT21: 0 | CU21: 0 | CV21: 0 | CW21: 0 | CX21: 0 | CY21: 0 | CZ21: 0 | DA21: 0 | DB21: 0 | DC21: 0 | DD21: 0 | DE21: 0 | DF21: 0 | DG21: 0 | DH21: 0 | DI21: 0 | DJ21: 0 | DK21: 0 | DL21: 0 | DM21: 0 | DN21: 0 | DO21: 0 | DP21: 0 | DQ21: 0 | DR21: 0 | DS21: 0 | DT21: 0 | DU21: 0 | DV21: 0 | DW21: 0 | DX21: 0 | DY21: 0 | DZ21: 0 | EA21: 0 | EB21: 0 | EC21: 0 | ED21: 0 | EE21: 0 | EF21: 0 | EG21: 0 | EH21: 0 | EI21: 0 | EJ21: 0 | EK21: 0 | EL21: 0 | EM21: 0 | EN21: 0 | EO21: 0 | EP21: 0 | EQ21: 0 | ER21: 0 | ES21: 0
A22: View | B22: B | C22: B6800389 | D22: BUILDINGS (MAJOR ALTERATIONS) | E22: 59560 | F22: 19158 | G22: =VLOOKUP(L22,'[3]Locn Lookup 2'!G:H,2,FALSE) -> 103 - GLENVILLE SCHOOL | H22: =F22&G22 -> 19158103 - GLENVILLE SCHOOL | I22: 680 | J22: 060 | L22: 103 | M22: 0689 | N22: B -680-060-103-0689-59560 -19158 | O22: BUILDINGS (MAJOR ALTERATIONS) | P22: E | Q22: A | R22: 40000 | S22: 0 | T22: 0 | U22: 0 | V22: 40000 | W22: 0 | X22: 0 | Y22: 0 | Z22: 40000 | AA22: 0 | AB22: 40000 | AC22: 0 | AD22: 0 | AE22: =AC22+AD22 -> 0 | AF22: 40000 | AG22: 0 | AH22: 40000 | AI22: 0 | AJ22: 40000 | AK22: 0 | AL22: 0 | AM22: 0 | AN22: 40000 | AO22: 0 | AP22: 0 | AQ22: 40000 | AR22: 0 | AS22: 0 | AT22: 0 | AU22: 0 | AV22: 0 | AW22: 0 | AX22: 0 | AY22: 0 | AZ22: EMERGENCY LIGHTING | BA22: 19158 | BF22: A | BH22: 43282 | BI22: 0 | BJ22: 43646 | BZ22: 40000 | CA22: 0 | CB22: 0 | CC22: 40000 | CD22: 0 | CE22: 0 | CF22: 40000 | CG22: 0 | CH22: 0 | CI22: 0 | CJ22: 0 | CK22: 0 | CL22: 0 | CM22: 0 | CN22: 0 | CO22: 0 | CP22: 0 | CQ22: 0 | CR22: 0 | CS22: 0 | CT22: 0 | CU22: 0 | CV22: 0 | CW22: 0 | CX22: 0 | CY22: 0 | CZ22: 0 | DA22: 0 | DB22: 0 | DC22: 0 | DD22: 0 | DE22: 0 | DF22: 0 | DG22: 0 | DH22: 0 | DI22: 0 | DJ22: 0 | DK22: 0 | DL22: 0 | DM22: 0 | DN22: 0 | DO22: 0 | DP22: 0 | DQ22: 0 | DR22: 0 | DS22: 0 | DT22: 0 | DU22: 0 | DV22: 0 | DW22: 0 | DX22: 0 | DY22: 0 | DZ22: 0 | EA22: 0 | EB22: 0 | EC22: 0 | ED22: 0 | EE22: 0 | EF22: 0 | EG22: 0 | EH22: 0 | EI22: 0 | EJ22: 0 | EK22: 0 | EL22: 0 | EM22: 0 | EN22: 0 | EO22: 0 | EP22: 0 | EQ22: 0 | ER22: 0 | ES22: 0
A23: View | B23: B | C23: B6800389 | D23: BUILDINGS (MAJOR ALTERATIONS) | E23: 59560 | F23: 20173 | G23: =VLOOKUP(L23,'[3]Locn Lookup 2'!G:H,2,FALSE) -> 103 - GLENVILLE SCHOOL | H23: =F23&G23 -> 20173103 - GLENVILLE SCHOOL | I23: 680 | J23: 060 | L23: 103 | M23: 0689 | N23: B -680-060-103-0689-59560 -20173 | O23: BUILDINGS (MAJOR ALTERATIONS) | P23: E | Q23: A | R23: 0 | S23: 0 | T23: 0 | U23: 0 | V23: 0 | W23: 0 | X23: 0 | Y23: 0 | Z23: 0 | AA23: 0 | AB23: 5500 | AC23: 750 | AD23: 0 | AE23: =AC23+AD23 -> 750 | AF23: 6250 | AG23: 6250 | AH23: 0 | AI23: 100 | AJ23: 5500 | AK23: 750 | AL23: 0 | AM23: 0 | AN23: 6250 | AO23: 6250 | AP23: 0 | AQ23: 0 | AR23: 100 | AS23: 0 | AT23: 0 | AU23: 0 | AV23: 0 | AW23: 0 | AX23: 0 | AY23: 0 | AZ23: FLOORING & PAINTING 1 | BA23: 20173 | BF23: A | BH23: 43647 | BI23: 0 | BJ23: 44012 | BZ23: 0 | CA23: 0 | CB23: 0 | CC23: 0 | CD23: 0 | CE23: 0 | CF23: 0 | CG23: 0 | CH23: 0 | CI23: 0 | CJ23: 0 | CK23: 0 | CL23: 0 | CM23: 0 | CN23: 0 | CO23: 0 | CP23: 0 | CQ23: 0 | CR23: 0 | CS23: 0 | CT23: 0 | CU23: 0 | CV23: 0 | CW23: 0 | CX23: 0 | CY23: 0 | CZ23: 0 | DA23: 0 | DB23: 0 | DC23: 0 | DD23: 0 | DE23: 0 | DF23: 0 | DG23: 0 | DH23: 0 | DI23: 0 | DJ23: 0 | DK23: 0 | DL23: 0 | DM23: 0 | DN23: 0 | DO23: 0 | DP23: 0 | DQ23: 0 | DR23: 0 | DS23: 0 | DT23: 0 | DU23: 0 | DV23: 0 | DW23: 0 | DX23: 0 | DY23: 0 | DZ23: 0 | EA23: 0 | EB23: 0 | EC23: 0 | ED23: 0 | EE23: 0 | EF23: 0 | EG23: 0 | EH23: 0 | EI23: 0 | EJ23: 0 | EK23: 0 | EL23: 0 | EM23: 0 | EN23: 0 | EO23: 0 | EP23: 0 | EQ23: 0 | ER23: 0 | ES23: 0
A24: View | B24: B | C24: B6800389 | D24: BUILDINGS (MAJOR ALTERATIONS) | E24: 59560 | F24: 21260 | G24: =VLOOKUP(L24,'[3]Locn Lookup 2'!G:H,2,FALSE) -> 103 - GLENVILLE SCHOOL | H24: =F24&G24 -> 21260103 - GLENVILLE SCHOOL | I24: 680 | J24: 060 | K24: =MID(C24,5,2) -> 03 | L24: 103 | M24: 0689 | N24: B -680-060-103-0689-59560 -21260 | O24: BUILDINGS (MAJOR ALTERATIONS) | P24: E | Q24: A | R24: 82000 | S24: 0 | T24: 0 | U24: 0 | V24: 82000 | W24: 55876 | X24: 0 | Y24: 0 | Z24: 26124 | AA24: 68.14 | AB24: 82000 | AC24: 0 | AD24: 0 | AE24: =AC24+AD24 -> 0 | AF24: 82000 | AG24: 55876 | AH24: 26124 | AI24: 68.14 | AJ24: 0 | AK24: 0 | AL24: 0 | AM24: 0 | AN24: 0 | AO24: 0 | AP24: 0 | AQ24: 0 | AR24: 0 | AS24: 0 | AT24: 0 | AU24: 0 | AV24: 0 | AW24: 0 | AX24: 0 | AY24: 0 | AZ24: OTHER MINOR RENOVATIONS | BA24: 21260 | BF24: A | BH24: 44013 | BI24: 0 | BJ24: 44377 | BZ24: 0 | CA24: 0 | CB24: 0 | CC24: 0 | CD24: 0 | CE24: 0 | CF24: 0 | CG24: 0 | CH24: 0 | CI24: 0 | CJ24: 0 | CK24: 0 | CL24: 0 | CM24: 0 | CN24: 0 | CO24: 0 | CP24: 0 | CQ24: 0 | CR24: 0 | CS24: 0 | CT24: 0 | CU24: 0 | CV24: 0 | CW24: 0 | CX24: 0 | CY24: 0 | CZ24: 0 | DA24: 0 | DB24: 0 | DC24: 0 | DD24: 0 | DE24: 0 | DF24: 0 | DG24: 0 | DH24: 0 | DI24: 0 | DJ24: 0 | DK24: 0 | DL24: 0 | DM24: 0 | DN24: 0 | DO24: 0 | DP24: 0 | DQ24: 0 | DR24: 0 | DS24: 0 | DT24: 0 | DU24: 0 | DV24: 0 | DW24: 0 | DX24: 0 | DY24: 0 | DZ24: 0 | EA24: 0 | EB24: 0 | EC24: 0 | ED24: 0 | EE24: 0 | EF24: 0 | EG24: 0 | EH24: 0 | EI24: 0 | EJ24: 0 | EK24: 0 | EL24: 0 | EM24: 0 | EN24: 0 | EO24: 0 | EP24: 0 | EQ24: 0 | ER24: 0 | ES24: 0
A25: View | B25: B | C25: B6800389 | D25: BUILDINGS (MAJOR ALTERATIONS) | E25: 59560 | F25: 21261 | G25: =VLOOKUP(L25,'[3]Locn Lookup 2'!G:H,2,FALSE) -> 103 - GLENVILLE SCHOOL | H25: =F25&G25 -> 21261103 - GLENVILLE SCHOOL | I25: 680 | J25: 060 | K25: =MID(C25,5,2) -> 03 | L25: 103 | M25: 0689 | N25: B -680-060-103-0689-59560 -21261 | O25: BUILDINGS (MAJOR ALTERATIONS) | P25: E | Q25: A | R25: 5000 | S25: 0 | T25: 0 | U25: 0 | V25: 5000 | W25: 0 | X25: 0 | Y25: 0 | Z25: 5000 | AA25: 0 | AB25: 5000 | AC25: 0 | AD25: 0 | AE25: =AC25+AD25 -> 0 | AF25: 5000 | AG25: 0 | AH25: 5000 | AI25: 0 | AJ25: 0 | AK25: 0 | AL25: 0 | AM25: 0 | AN25: 0 | AO25: 0 | AP25: 0 | AQ25: 0 | AR25: 0 | AS25: 0 | AT25: 0 | AU25: 0 | AV25: 0 | AW25: 0 | AX25: 0 | AY25: 0 | AZ25: FINISHES-PAINTING AND FLOORING | BA25: 21261 | BF25: A | BH25: 44013 | BI25: 0 | BJ25: 44377 | BZ25: 0 | CA25: 0 | CB25: 0 | CC25: 0 | CD25: 0 | CE25: 0 | CF25: 0 | CG25: 0 | CH25: 0 | CI25: 0 | CJ25: 0 | CK25: 0 | CL25: 0 | CM25: 0 | CN25: 0 | CO25: 0 | CP25: 0 | CQ25: 0 | CR25: 0 | CS25: 0 | CT25: 0 | CU25: 0 | CV25: 0 | CW25: 0 | CX25: 0 | CY25: 0 | CZ25: 0 | DA25: 0 | DB25: 0 | DC25: 0 | DD25: 0 | DE25: 0 | DF25: 0 | DG25: 0 | DH25: 0 | DI25: 0 | DJ25: 0 | DK25: 0 | DL25: 0 | DM25: 0 | DN25: 0 | DO25: 0 | DP25: 0 | DQ25: 0 | DR25: 0 | DS25: 0 | DT25: 0 | DU25: 0 | DV25: 0 | DW25: 0 | DX25: 0 | DY25: 0 | DZ25: 0 | EA25: 0 | EB25: 0 | EC25: 0 | ED25: 0 | EE25: 0 | EF25: 0 | EG25: 0 | EH25: 0 | EI25: 0 | EJ25: 0 | EK25: 0 | EL25: 0 | EM25: 0 | EN25: 0 | EO25: 0 | EP25: 0 | EQ25: 0 | ER25: 0 | ES25: 0
A26: View | B26: B | C26: B6800389 | D26: BUILDINGS (MAJOR ALTERATIONS) | E26: 59560 | F26: 21264 | G26: =VLOOKUP(L26,'[3]Locn Lookup 2'!G:H,2,FALSE) -> 103 - GLENVILLE SCHOOL | H26: =F26&G26 -> 21264103 - GLENVILLE SCHOOL | I26: 680 | J26: 060 | K26: =MID(C26,5,2) -> 03 | L26: 103 | M26: 0689 | N26: B -680-060-103-0689-59560 -21264 | O26: BUILDINGS (MAJOR ALTERATIONS) | P26: E | Q26: A | R26: 59000 | S26: 0 | T26: 0 | U26: 0 | V26: 59000 | W26: 0 | X26: 0 | Y26: 0 | Z26: 59000 | AA26: 0 | AB26: 59000 | AC26: 0 | AD26: 0 | AE26: =AC26+AD26 -> 0 | AF26: 59000 | AG26: 0 | AH26: 59000 | AI26: 0 | AJ26: 0 | AK26: 0 | AL26: 0 | AM26: 0 | AN26: 0 | AO26: 0 | AP26: 0 | AQ26: 0 | AR26: 0 | AS26: 0 | AT26: 0 | AU26: 0 | AV26: 0 | AW26: 0 | AX26: 0 | AY26: 0 | AZ26: PLUMBING & ELECTRICAL | BA26: 21264 | BF26: A | BH26: 44013 | BI26: 0 | BJ26: 44377 | BZ26: 0 | CA26: 0 | CB26: 0 | CC26: 0 | CD26: 0 | CE26: 0 | CF26: 0 | CG26: 0 | CH26: 0 | CI26: 0 | CJ26: 0 | CK26: 0 | CL26: 0 | CM26: 0 | CN26: 0 | CO26: 0 | CP26: 0 | CQ26: 0 | CR26: 0 | CS26: 0 | CT26: 0 | CU26: 0 | CV26: 0 | CW26: 0 | CX26: 0 | CY26: 0 | CZ26: 0 | DA26: 0 | DB26: 0 | DC26: 0 | DD26: 0 | DE26: 0 | DF26: 0 | DG26: 0 | DH26: 0 | DI26: 0 | DJ26: 0 | DK26: 0 | DL26: 0 | DM26: 0 | DN26: 0 | DO26: 0 | DP26: 0 | DQ26: 0 | DR26: 0 | DS26: 0 | DT26: 0 | DU26: 0 | DV26: 0 | DW26: 0 | DX26: 0 | DY26: 0 | DZ26: 0 | EA26: 0 | EB26: 0 | EC26: 0 | ED26: 0 | EE26: 0 | EF26: 0 | EG26: 0 | EH26: 0 | EI26: 0 | EJ26: 0 | EK26: 0 | EL26: 0 | EM26: 0 | EN26: 0 | EO26: 0 | EP26: 0 | EQ26: 0 | ER26: 0 | ES26: 0
A27: View | B27: B | C27: B6800489 | D27: BUILDINGS (MAJOR ALTERATIONS) | E27: 59560 | F27: 11141 | G27: =VLOOKUP(L27,'[3]Locn Lookup 2'!G:H,2,FALSE) -> 104 - NEW LEBANON SCHOOL | H27: =F27&G27 -> 11141104 - NEW LEBANON SCHOOL | I27: 680 | J27: 060 | L27: 104 | M27: 0689 | N27: B -680-060-104-0689-59560 -11141 | O27: BUILDINGS (MAJOR ALTERATIONS) | P27: E | Q27: I | R27: 0 | S27: 0 | T27: 0 | U27: 0 | V27: 0 | W27: 0 | X27: 0 | Y27: 0 | Z27: 0 | AA27: 0 | AB27: 40000 | AC27: 39531.81 | AD27: -180.4 | AE27: =AC27+AD27 -> 39351.41 | AF27: 79351.41 | AG27: 79351.41 | AH27: 0 | AI27: 100 | AJ27: 0 | AK27: 0 | AL27: 0 | AM27: 0 | AN27: 0 | AO27: 0 | AP27: 0 | AQ27: 0 | AR27: 0 | AS27: 0 | AT27: 0 | AU27: 0 | AV27: 0 | AW27: 0 | AX27: 0 | AY27: 0 | AZ27: FLOORING, CARPET & TILE | BA27: 11141 | BF27: A | BI27: 0 | BL27: B6801689 59560 11141 FLOORING, CARPET & TILE | BZ27: 0 | CA27: 0 | CB27: 0 | CC27: 0 | CD27: 0 | CE27: 0 | CF27: 0 | CG27: 0 | CH27: 0 | CI27: 0 | CJ27: 0 | CK27: 0 | CL27: 0 | CM27: 0 | CN27: 0 | CO27: 0 | CP27: 0 | CQ27: 0 | CR27: 0 | CS27: 0 | CT27: 0 | CU27: 0 | CV27: 0 | CW27: 0 | CX27: 0 | CY27: 0 | CZ27: 0 | DA27: 0 | DB27: 0 | DC27: 0 | DD27: 0 | DE27: 0 | DF27: 0 | DG27: 0 | DH27: 0 | DI27: 0 | DJ27: 0 | DK27: 0 | DL27: 0 | DM27: 0 | DN27: 0 | DO27: 0 | DP27: 0 | DQ27: 0 | DR27: 0 | DS27: 0 | DT27: 0 | DU27: 0 | DV27: 180.4 | DW27: 0 | DX27: -180.4 | DY27: 0 | DZ27: 0 | EA27: 0 | EB27: 0 | EC27: 0 | ED27: 5677.4 | EE27: 0 | EF27: 0 | EG27: 5677.4 | EH27: 5497 | EI27: 0 | EJ27: 180.4 | EK27: 96.82 | EL27: 40000 | EM27: 39531.81 | EN27: 0 | EO27: 79531.81 | EP27: 73854.41 | EQ27: 0 | ER27: 5677.4 | ES27: 92.86
A28: View | B28: B | C28: B6800489 | D28: BUILDINGS (MAJOR ALTERATIONS) | E28: 59560 | F28: 14162 | G28: =VLOOKUP(L28,'[3]Locn Lookup 2'!G:H,2,FALSE) -> 104 - NEW LEBANON SCHOOL | H28: =F28&G28 -> 14162104 - NEW LEBANON SCHOOL | I28: 680 | J28: 060 | L28: 104 | M28: 0689 | N28: B -680-060-104-0689-59560 -14162 | O28: BUILDINGS (MAJOR ALTERATIONS) | P28: E | Q28: I | R28: 0 | S28: 0 | T28: 0 | U28: 0 | V28: 0 | W28: 0 | X28: 0 | Y28: 0 | Z28: 0 | AA28: 0 | AB28: 150000 | AC28: 0 | AD28: 0 | AE28: =AC28+AD28 -> 0 | AF28: 150000 | AG28: 150000 | AH28: 0 | AI28: 100 | AJ28: 0 | AK28: 0 | AL28: 0 | AM28: 0 | AN28: 0 | AO28: 0 | AP28: 0 | AQ28: 0 | AR28: 0 | AS28: 0 | AT28: 0 | AU28: 0 | AV28: 0 | AW28: 0 | AX28: 0 | AY28: 0 | AZ28: RESTROOM RENOVATION | BA28: 14162 | BF28: A | BH28: 41456 | BI28: 0 | BJ28: 41820 | BZ28: 0 | CA28: 0 | CB28: 0 | CC28: 0 | CD28: 0 | CE28: 0 | CF28: 0 | CG28: 0 | CH28: 0 | CI28: 0 | CJ28: 0 | CK28: 0 | CL28: 0 | CM28: 0 | CN28: 0 | CO28: 0 | CP28: 0 | CQ28: 0 | CR28: 0 | CS28: 0 | CT28: 0 | CU28: 0 | CV28: 0 | CW28: 0 | CX28: 0 | CY28: 0 | CZ28: 0 | DA28: 0 | DB28: 0 | DC28: 0 | DD28: 0 | DE28: 0 | DF28: 0 | DG28: 0 | DH28: 0 | DI28: 0 | DJ28: 0 | DK28: 0 | DL28: 0 | DM28: 0 | DN28: 150000 | DO28: 0 | DP28: 0 | DQ28: 150000 | DR28: 150000 | DS28: 0 | DT28: 0 | DU28: 100 | DV28: 0 | DW28: 0 | DX28: 0 | DY28: 0 | DZ28: 0 | EA28: 0 | EB28: 0 | EC28: 0 | ED28: 0 | EE28: 0 | EF28: 0 | EG28: 0 | EH28: 0 | EI28: 0 | EJ28: 0 | EK28: 0 | EL28: 0 | EM28: 0 | EN28: 0 | EO28: 0 | EP28: 0 | EQ28: 0 | ER28: 0 | ES28: 0
A29: View | B29: B | C29: B6800489 | D29: BUILDINGS (MAJOR ALTERATIONS) | E29: 59560 | F29: 14167 | G29: =VLOOKUP(L29,'[3]Locn Lookup 2'!G:H,2,FALSE) -> 104 - NEW LEBANON SCHOOL | H29: =F29&G29 -> 14167104 - NEW LEBANON SCHOOL | I29: 680 | J29: 060 | L29: 104 | M29: 0689 | N29: B -680-060-104-0689-59560 -14167 | O29: BUILDINGS (MAJOR ALTERATIONS) | P29: E | Q29: I | R29: 0 | S29: 0 | T29: 0 | U29: 0 | V29: 0 | W29: 0 | X29: 0 | Y29: 0 | Z29: 0 | AA29: 0 | AB29: 20000 | AC29: 0 | AD29: -5392 | AE29: =AC29+AD29 -> -5392 | AF29: 14608 | AG29: 14608 | AH29: 0 | AI29: 100 | AJ29: 0 | AK29: 0 | AL29: 0 | AM29: 0 | AN29: 0 | AO29: 0 | AP29: 0 | AQ29: 0 | AR29: 0 | AS29: 0 | AT29: 0 | AU29: 0 | AV29: 0 | AW29: 0 | AX29: 0 | AY29: 0 | AZ29: EXTERIOR MAIN- SHED/PKG LOT/DRAINAG | BA29: 14167 | BF29: A | BH29: 41456 | BI29: 0 | BJ29: 41820 | BZ29: 0 | CA29: 0 | CB29: 0 | CC29: 0 | CD29: 0 | CE29: 0 | CF29: 0 | CG29: 0 | CH29: 0 | CI29: 0 | CJ29: 0 | CK29: 0 | CL29: 0 | CM29: 0 | CN29: 0 | CO29: 0 | CP29: 0 | CQ29: 0 | CR29: 0 | CS29: 0 | CT29: 0 | CU29: 0 | CV29: 0 | CW29: 0 | CX29: 0 | CY29: 0 | CZ29: 0 | DA29: 0 | DB29: 0 | DC29: 0 | DD29: 0 | DE29: 0 | DF29: 0 | DG29: 0 | DH29: 0 | DI29: 0 | DJ29: 0 | DK29: 0 | DL29: 0 | DM29: 0 | DN29: 20000 | DO29: 0 | DP29: -5392 | DQ29: 14608 | DR29: 14608 | DS29: 0 | DT29: 0 | DU29: 100 | DV29: 0 | DW29: 0 | DX29: 0 | DY29: 0 | DZ29: 0 | EA29: 0 | EB29: 0 | EC29: 0 | ED29: 0 | EE29: 0 | EF29: 0 | EG29: 0 | EH29: 0 | EI29: 0 | EJ29: 0 | EK29: 0 | EL29: 0 | EM29: 0 | EN29: 0 | EO29: 0 | EP29: 0 | EQ29: 0 | ER29: 0 | ES29: 0
A30: View | B30: B | C30: B6800489 | D30: BUILDINGS (MAJOR ALTERATIONS) | E30: 59560 | F30: 14168 | G30: =VLOOKUP(L30,'[3]Locn Lookup 2'!G:H,2,FALSE) -> 104 - NEW LEBANON SCHOOL | H30: =F30&G30 -> 14168104 - NEW LEBANON SCHOOL | I30: 680 | J30: 060 | L30: 104 | M30: 0689 | N30: B -680-060-104-0689-59560 -14168 | O30: BUILDINGS (MAJOR ALTERATIONS) | P30: E | Q30: A | R30: 0 | S30: 0 | T30: 0 | U30: 0 | V30: 0 | W30: 0 | X30: 0 | Y30: 0 | Z30: 0 | AA30: 0 | AB30: 340000 | AC30: 38025.17 | AD30: -182270.08 | AE30: =AC30+AD30 -> -144244.91 | AF30: 195755.09 | AG30: 195755.09 | AH30: 0 | AI30: 100 | AJ30: 0 | AK30: 0 | AL30: 0 | AM30: 0 | AN30: 0 | AO30: 0 | AP30: 0 | AQ30: 0 | AR30: 0 | AS30: 0 | AT30: 0 | AU30: 0 | AV30: 0 | AW30: 0 | AX30: 0 | AY30: 0 | AZ30: ELECTRICAL SYSTEMS UPGRADE | BA30: 14168 | BF30: A | BH30: 41456 | BI30: 0 | BJ30: 41820 | BZ30: 0 | CA30: 0 | CB30: 0 | CC30: 0 | CD30: 0 | CE30: 0 | CF30: 0 | CG30: 0 | CH30: 0 | CI30: 0 | CJ30: 0 | CK30: 0 | CL30: 0 | CM30: 0 | CN30: 0 | CO30: 0 | CP30: 130707.14 | CQ30: 38025.17 | CR30: -136739.31 | CS30: 31993 | CT30: 31993 | CU30: 0 | CV30: 0 | CW30: 100 | CX30: 130707.14 | CY30: 0 | CZ30: 0 | DA30: 130707.14 | DB30: 0 | DC30: 0 | DD30: 130707.14 | DE30: 0 | DF30: 176237.91 | DG30: 0 | DH30: -45530.77 | DI30: 130707.14 | DJ30: 0 | DK30: 0 | DL30: 130707.14 | DM30: 0 | DN30: 340000 | DO30: 0 | DP30: 0 | DQ30: 340000 | DR30: 163762.09 | DS30: 0 | DT30: 176237.91 | DU30: 48.17 | DV30: 0 | DW30: 0 | DX30: 0 | DY30: 0 | DZ30: 0 | EA30: 0 | EB30: 0 | EC30: 0 | ED30: 0 | EE30: 0 | EF30: 0 | EG30: 0 | EH30: 0 | EI30: 0 | EJ30: 0 | EK30: 0 | EL30: 0 | EM30: 0 | EN30: 0 | EO30: 0 | EP30: 0 | EQ30: 0 | ER30: 0 | ES30: 0
A31: View | B31: B | C31: B6800489 | D31: BUILDINGS (MAJOR ALTERATIONS) | E31: 59560 | F31: 15169 | G31: =VLOOKUP(L31,'[3]Locn Lookup 2'!G:H,2,FALSE) -> 104 - NEW LEBANON SCHOOL | H31: =F31&G31 -> 15169104 - NEW LEBANON SCHOOL | I31: 680 | J31: 060 | L31: 104 | M31: 0689 | N31: B -680-060-104-0689-59560 -15169 | O31: BUILDINGS (MAJOR ALTERATIONS) | P31: E | Q31: I | R31: 0 | S31: 0 | T31: 0 | U31: 0 | V31: 0 | W31: 0 | X31: 0 | Y31: 0 | Z31: 0 | AA31: 0 | AB31: 25000 | AC31: 3125 | AD31: -9800 | AE31: =AC31+AD31 -> -6675 | AF31: 18325 | AG31: 18325 | AH31: 0 | AI31: 100 | AJ31: 0 | AK31: 0 | AL31: 0 | AM31: 0 | AN31: 0 | AO31: 0 | AP31: 0 | AQ31: 0 | AR31: 0 | AS31: 0 | AT31: 0 | AU31: 0 | AV31: 0 | AW31: 0 | AX31: 0 | AY31: 0 | AZ31: INTERIOR FINISHINGS-FLOOR/PAINT/TIL | BA31: 15169 | BF31: A | BH31: 41821 | BI31: 0 | BJ31: 42185 | BZ31: 0 | CA31: 0 | CB31: 0 | CC31: 0 | CD31: 0 | CE31: 0 | CF31: 0 | CG31: 0 | CH31: 0 | CI31: 0 | CJ31: 0 | CK31: 0 | CL31: 0 | CM31: 0 | CN31: 0 | CO31: 0 | CP31: 0 | CQ31: 0 | CR31: 0 | CS31: 0 | CT31: 0 | CU31: 0 | CV31: 0 | CW31: 0 | CX31: 0 | CY31: 0 | CZ31: 0 | DA31: 0 | DB31: 0 | DC31: 0 | DD31: 0 | DE31: 0 | DF31: 25000 | DG31: 3125 | DH31: -9800 | DI31: 18325 | DJ31: 18325 | DK31: 0 | DL31: 0 | DM31: 100 | DN31: 0 | DO31: 0 | DP31: 0 | DQ31: 0 | DR31: 0 | DS31: 0 | DT31: 0 | DU31: 0 | DV31: 0 | DW31: 0 | DX31: 0 | DY31: 0 | DZ31: 0 | EA31: 0 | EB31: 0 | EC31: 0 | ED31: 0 | EE31: 0 | EF31: 0 | EG31: 0 | EH31: 0 | EI31: 0 | EJ31: 0 | EK31: 0 | EL31: 0 | EM31: 0 | EN31: 0 | EO31: 0 | EP31: 0 | EQ31: 0 | ER31: 0 | ES31: 0
A32: View | B32: B | C32: B6800489 | D32: BUILDINGS (MAJOR ALTERATIONS) | E32: 59560 | F32: 18169 | G32: =VLOOKUP(L32,'[3]Locn Lookup 2'!G:H,2,FALSE) -> 104 - NEW LEBANON SCHOOL | H32: =F32&G32 -> 18169104 - NEW LEBANON SCHOOL | I32: 680 | J32: 060 | L32: 104 | M32: 0689 | N32: B -680-060-104-0689-59560 -18169 | O32: BUILDINGS (MAJOR ALTERATIONS) | P32: E | Q32: A | R32: 0 | S32: 0 | T32: 0 | U32: 0 | V32: 0 | W32: 0 | X32: 0 | Y32: 0 | Z32: 0 | AA32: 0 | AB32: 2298000 | AC32: 0 | AD32: -2298000 | AE32: =AC32+AD32 -> -2298000 | AF32: 0 | AG32: 0 | AH32: 0 | AI32: 0 | AJ32: 0 | AK32: 0 | AL32: 0 | AM32: 0 | AN32: 0 | AO32: 0 | AP32: 0 | AQ32: 0 | AR32: 0 | AS32: 0 | AT32: 0 | AU32: 0 | AV32: 0 | AW32: 0 | AX32: 0 | AY32: 0 | AZ32: NL STUDENT HOUSING DURING CONSTRUCT | BA32: 18169 | BF32: A | BH32: 42917 | BI32: 0 | BJ32: 43281 | BZ32: 0 | CA32: 0 | CB32: 0 | CC32: 0 | CD32: 0 | CE32: 0 | CF32: 0 | CG32: 0 | CH32: 2298000 | CI32: 0 | CJ32: -2298000 | CK32: 0 | CL32: 0 | CM32: 0 | CN32: 0 | CO32: 0 | CP32: 0 | CQ32: 0 | CR32: 0 | CS32: 0 | CT32: 0 | CU32: 0 | CV32: 0 | CW32: 0 | CX32: 0 | CY32: 0 | CZ32: 0 | DA32: 0 | DB32: 0 | DC32: 0 | DD32: 0 | DE32: 0 | DF32: 0 | DG32: 0 | DH32: 0 | DI32: 0 | DJ32: 0 | DK32: 0 | DL32: 0 | DM32: 0 | DN32: 0 | DO32: 0 | DP32: 0 | DQ32: 0 | DR32: 0 | DS32: 0 | DT32: 0 | DU32: 0 | DV32: 0 | DW32: 0 | DX32: 0 | DY32: 0 | DZ32: 0 | EA32: 0 | EB32: 0 | EC32: 0 | ED32: 0 | EE32: 0 | EF32: 0 | EG32: 0 | EH32: 0 | EI32: 0 | EJ32: 0 | EK32: 0 | EL32: 0 | EM32: 0 | EN32: 0 | EO32: 0 | EP32: 0 | EQ32: 0 | ER32: 0 | ES32: 0
A33: View | B33: B | C33: B6800489 | D33: BUILDINGS (MAJOR ALTERATIONS) | E33: 59560 | F33: 21934 | G33: =VLOOKUP(L33,'[3]Locn Lookup 2'!G:H,2,FALSE) -> 105 - COS COB SCHOOL | H33: =F33&G33 -> 21934105 - COS COB SCHOOL | I33: 680 | J33: 060 | L33: 105 | M33: 0689 | N33: B -680-060-104-0689-59560 -21934 | O33: BUILDINGS (MAJOR ALTERATIONS) | P33: E | Q33: I | R33: 0 | S33: 0 | T33: 0 | U33: 0 | V33: 0 | W33: 0 | X33: 0 | Y33: 0 | Z33: 0 | AA33: 0 | AB33: 9400 | AC33: 3.57 | AD33: 0 | AE33: =AC33+AD33 -> 3.57 | AF33: 9403.57 | AG33: 9403.57 | AH33: 0 | AI33: 100 | AJ33: 0 | AK33: 0 | AL33: 0 | AM33: 0 | AN33: 0 | AO33: 0 | AP33: 0 | AQ33: 0 | AR33: 0 | AS33: 0 | AT33: 0 | AU33: 0 | AV33: 0 | AW33: 0 | AX33: 0 | AY33: 0 | AZ33: NEW BLDGS ROOF REPLACEMENTS | BA33: 21934 | BF33: A | BI33: 0 | BZ33: 0 | CA33: 0 | CB33: 0 | CC33: 0 | CD33: 0 | CE33: 0 | CF33: 0 | CG33: 0 | CH33: 0 | CI33: 0 | CJ33: 0 | CK33: 0 | CL33: 0 | CM33: 0 | CN33: 0 | CO33: 0 | CP33: 0 | CQ33: 0 | CR33: 0 | CS33: 0 | CT33: 0 | CU33: 0 | CV33: 0 | CW33: 0 | CX33: 0 | CY33: 0 | CZ33: 0 | DA33: 0 | DB33: 0 | DC33: 0 | DD33: 0 | DE33: 0 | DF33: 0 | DG33: 0 | DH33: 0 | DI33: 0 | DJ33: 0 | DK33: 0 | DL33: 0 | DM33: 0 | DN33: 0 | DO33: 0 | DP33: 0 | DQ33: 0 | DR33: 0 | DS33: 0 | DT33: 0 | DU33: 0 | DV33: 0 | DW33: 0 | DX33: 0 | DY33: 0 | DZ33: 0 | EA33: 0 | EB33: 0 | EC33: 0 | ED33: 9400 | EE33: 3.57 | EF33: 0 | EG33: 9403.57 | EH33: 9403.57 | EI33: 0 | EJ33: 0 | EK33: 100 | EL33: 9400 | EM33: 0 | EN33: 0 | EO33: 9400 | EP33: 0 | EQ33: 0 | ER33: 9400 | ES33: 0
A34: View | B34: B | C34: B6800589 | D34: BUILDINGS (MAJOR ALTERATIONS) | E34: 59560 | F34: 11141 | G34: =VLOOKUP(L34,'[3]Locn Lookup 2'!G:H,2,FALSE) -> 105 - COS COB SCHOOL | H34: =F34&G34 -> 11141105 - COS COB SCHOOL | I34: 680 | J34: 060 | L34: 105 | M34: 0689 | N34: B -680-060-105-0689-59560 -11141 | O34: BUILDINGS (MAJOR ALTERATIONS) | P34: E | Q34: I | R34: 0 | S34: 0 | T34: 0 | U34: 0 | V34: 0 | W34: 0 | X34: 0 | Y34: 0 | Z34: 0 | AA34: 0 | AB34: 12347.68 | AC34: 67007.47 | AD34: -5100 | AE34: =AC34+AD34 -> 61907.47 | AF34: 74255.15 | AG34: 74255.15 | AH34: 0 | AI34: 100 | AJ34: 0 | AK34: 0 | AL34: 0 | AM34: 0 | AN34: 0 | AO34: 0 | AP34: 0 | AQ34: 0 | AR34: 0 | AS34: 0 | AT34: 0 | AU34: 0 | AV34: 0 | AW34: 0 | AX34: 0 | AY34: 0 | AZ34: FLOORING, CARPET & TILE | BA34: 11141 | BF34: A | BI34: 0 | BL34: B6801689 59560 11141 FLOORING, CARPET & TILE | BZ34: 0 | CA34: 0 | CB34: 0 | CC34: 0 | CD34: 0 | CE34: 0 | CF34: 0 | CG34: 0 | CH34: 0 | CI34: 0 | CJ34: 0 | CK34: 0 | CL34: 0 | CM34: 0 | CN34: 0 | CO34: 0 | CP34: 0 | CQ34: 0 | CR34: 0 | CS34: 0 | CT34: 0 | CU34: 0 | CV34: 0 | CW34: 0 | CX34: 0 | CY34: 0 | CZ34: 0 | DA34: 0 | DB34: 0 | DC34: 0 | DD34: 0 | DE34: 0 | DF34: 0 | DG34: 0 | DH34: 0 | DI34: 0 | DJ34: 0 | DK34: 0 | DL34: 0 | DM34: 0 | DN34: 0 | DO34: 0 | DP34: 0 | DQ34: 0 | DR34: 0 | DS34: 0 | DT34: 0 | DU34: 0 | DV34: 100 | DW34: 14363.68 | DX34: -100 | DY34: 14363.68 | DZ34: 14363.68 | EA34: 0 | EB34: 0 | EC34: 100 | ED34: 12347.68 | EE34: 52643.79 | EF34: -5000 | EG34: 59991.47 | EH34: 59891.47 | EI34: 0 | EJ34: 100 | EK34: 99.83 | EL34: 12347.68 | EM34: 0 | EN34: 0 | EO34: 12347.68 | EP34: 0 | EQ34: 0 | ER34: 12347.68 | ES34: 0
A35: View | B35: B | C35: B6800589 | D35: BUILDINGS (MAJOR ALTERATIONS) | E35: 59560 | F35: 11145 | G35: =VLOOKUP(L35,'[3]Locn Lookup 2'!G:H,2,FALSE) -> 105 - COS COB SCHOOL | H35: =F35&G35 -> 11145105 - COS COB SCHOOL | I35: 680 | J35: 060 | L35: 105 | M35: 0689 | N35: B -680-060-105-0689-59560 -11145 | O35: BUILDINGS (MAJOR ALTERATIONS) | P35: E | Q35: I | R35: 0 | S35: 0 | T35: 0 | U35: 0 | V35: 0 | W35: 0 | X35: 0 | Y35: 0 | Z35: 0 | AA35: 0 | AB35: 600000 | AC35: 116038.02 | AD35: -8 | AE35: =AC35+AD35 -> 116030.02 | AF35: 716030.02 | AG35: 716030.02 | AH35: 0 | AI35: 100 | AJ35: 0 | AK35: 0 | AL35: 0 | AM35: 0 | AN35: 0 | AO35: 0 | AP35: 0 | AQ35: 0 | AR35: 0 | AS35: 0 | AT35: 0 | AU35: 0 | AV35: 0 | AW35: 0 | AX35: 0 | AY35: 0 | AZ35: ROOF REPLACEMENTS | BA35: 11145 | BF35: A | BI35: 0 | BL35: B6800889 59560 11145 ROOF REPLACEMENTS | BZ35: 0 | CA35: 0 | CB35: 0 | CC35: 0 | CD35: 0 | CE35: 0 | CF35: 0 | CG35: 0 | CH35: 0 | CI35: 0 | CJ35: 0 | CK35: 0 | CL35: 0 | CM35: 0 | CN35: 0 | CO35: 0 | CP35: 0 | CQ35: 0 | CR35: 0 | CS35: 0 | CT35: 0 | CU35: 0 | CV35: 0 | CW35: 0 | CX35: 0 | CY35: 0 | CZ35: 0 | DA35: 0 | DB35: 0 | DC35: 0 | DD35: 0 | DE35: 0 | DF35: 0 | DG35: 0 | DH35: 0 | DI35: 0 | DJ35: 0 | DK35: 0 | DL35: 0 | DM35: 0 | DN35: 0 | DO35: 0 | DP35: 0 | DQ35: 0 | DR35: 0 | DS35: 0 | DT35: 0 | DU35: 0 | DV35: 0 | DW35: 0 | DX35: 0 | DY35: 0 | DZ35: 0 | EA35: 0 | EB35: 0 | EC35: 0 | ED35: 597158.72 | EE35: 116038.02 | EF35: -8 | EG35: 713188.74 | EH35: 713188.74 | EI35: 0 | EJ35: 0 | EK35: 100 | EL35: 600000 | EM35: 0 | EN35: 0 | EO35: 600000 | EP35: 2841.28 | EQ35: 0 | ER35: 597158.72 | ES35: 0.47
A36: View | B36: B | C36: B6800589 | D36: BUILDINGS (MAJOR ALTERATIONS) | E36: 59560 | F36: 12147 | G36: =VLOOKUP(L36,'[3]Locn Lookup 2'!G:H,2,FALSE) -> 105 - COS COB SCHOOL | H36: =F36&G36 -> 12147105 - COS COB SCHOOL | I36: 680 | J36: 060 | L36: 105 | M36: 0689 | N36: B -680-060-105-0689-59560 -12147 | O36: BUILDINGS (MAJOR ALTERATIONS) | P36: E | Q36: I | R36: 0 | S36: 0 | T36: 0 | U36: 0 | V36: 0 | W36: 0 | X36: 0 | Y36: 0 | Z36: 0 | AA36: 0 | AB36: 685000 | AC36: 0 | AD36: -585007.5 | AE36: =AC36+AD36 -> -585007.5 | AF36: 99992.5 | AG36: 99992.5 | AH36: 0 | AI36: 100 | AJ36: 0 | AK36: 0 | AL36: 0 | AM36: 0 | AN36: 0 | AO36: 0 | AP36: 0 | AQ36: 0 | AR36: 0 | AS36: 0 | AT36: 0 | AU36: 0 | AV36: 0 | AW36: 0 | AX36: 0 | AY36: 0 | AZ36: RADIATOR AND BOILER REPLACEMENT | BA36: 12147 | BF36: A | BI36: 0 | BL36: B680VAR-59560 | BZ36: 0 | CA36: 0 | CB36: 0 | CC36: 0 | CD36: 0 | CE36: 0 | CF36: 0 | CG36: 0 | CH36: 0 | CI36: 0 | CJ36: 0 | CK36: 0 | CL36: 0 | CM36: 0 | CN36: 0 | CO36: 0 | CP36: 0 | CQ36: 0 | CR36: 0 | CS36: 0 | CT36: 0 | CU36: 0 | CV36: 0 | CW36: 0 | CX36: 0 | CY36: 0 | CZ36: 0 | DA36: 0 | DB36: 0 | DC36: 0 | DD36: 0 | DE36: 0 | DF36: 0 | DG36: 0 | DH36: 0 | DI36: 0 | DJ36: 0 | DK36: 0 | DL36: 0 | DM36: 0 | DN36: 0 | DO36: 0 | DP36: 0 | DQ36: 0 | DR36: 0 | DS36: 0 | DT36: 0 | DU36: 0 | DV36: 80057.5 | DW36: 0 | DX36: -7.5 | DY36: 80050 | DZ36: 80050 | EA36: 0 | EB36: 0 | EC36: 100 | ED36: 685000 | EE36: 0 | EF36: -585000 | EG36: 100000 | EH36: 19942.5 | EI36: 0 | EJ36: 80057.5 | EK36: 19.94 | EL36: 0 | EM36: 0 | EN36: 0 | EO36: 0 | EP36: 0 | EQ36: 0 | ER36: 0 | ES36: 0
A37: View | B37: B | C37: B6800589 | D37: BUILDINGS (MAJOR ALTERATIONS) | E37: 59560 | F37: 13160 | G37: =VLOOKUP(L37,'[3]Locn Lookup 2'!G:H,2,FALSE) -> 105 - COS COB SCHOOL | H37: =F37&G37 -> 13160105 - COS COB SCHOOL | I37: 680 | J37: 060 | L37: 105 | M37: 0689 | N37: B -680-060-105-0689-59560 -13160 | O37: BUILDINGS (MAJOR ALTERATIONS) | P37: E | Q37: I | R37: 0 | S37: 0 | T37: 0 | U37: 0 | V37: 0 | W37: 0 | X37: 0 | Y37: 0 | Z37: 0 | AA37: 0 | AB37: 140000 | AC37: 0 | AD37: -36570 | AE37: =AC37+AD37 -> -36570 | AF37: 103430 | AG37: 103430 | AH37: 0 | AI37: 100 | AJ37: 0 | AK37: 0 | AL37: 0 | AM37: 0 | AN37: 0 | AO37: 0 | AP37: 0 | AQ37: 0 | AR37: 0 | AS37: 0 | AT37: 0 | AU37: 0 | AV37: 0 | AW37: 0 | AX37: 0 | AY37: 0 | AZ37: HVAC & PLUMBING | BA37: 13160 | BF37: A | BH37: 41091 | BI37: 0 | BJ37: 41455 | BZ37: 0 | CA37: 0 | CB37: 0 | CC37: 0 | CD37: 0 | CE37: 0 | CF37: 0 | CG37: 0 | CH37: 0 | CI37: 0 | CJ37: 0 | CK37: 0 | CL37: 0 | CM37: 0 | CN37: 0 | CO37: 0 | CP37: 0 | CQ37: 0 | CR37: 0 | CS37: 0 | CT37: 0 | CU37: 0 | CV37: 0 | CW37: 0 | CX37: 0 | CY37: 0 | CZ37: 0 | DA37: 0 | DB37: 0 | DC37: 0 | DD37: 0 | DE37: 0 | DF37: 0 | DG37: 0 | DH37: 0 | DI37: 0 | DJ37: 0 | DK37: 0 | DL37: 0 | DM37: 0 | DN37: 11100 | DO37: 0 | DP37: 0 | DQ37: 11100 | DR37: 11100 | DS37: 0 | DT37: 0 | DU37: 100 | DV37: 140000 | DW37: 0 | DX37: -36570 | DY37: 103430 | DZ37: 92330 | EA37: 0 | EB37: 11100 | EC37: 89.27 | ED37: 0 | EE37: 0 | EF37: 0 | EG37: 0 | EH37: 0 | EI37: 0 | EJ37: 0 | EK37: 0 | EL37: 0 | EM37: 0 | EN37: 0 | EO37: 0 | EP37: 0 | EQ37: 0 | ER37: 0 | ES37: 0
A38: View | B38: B | C38: B6800589 | D38: BUILDINGS (MAJOR ALTERATIONS) | E38: 59560 | F38: 14163 | G38: =VLOOKUP(L38,'[3]Locn Lookup 2'!G:H,2,FALSE) -> 105 - COS COB SCHOOL | H38: =F38&G38 -> 14163105 - COS COB SCHOOL | I38: 680 | J38: 060 | L38: 105 | M38: 0689 | N38: B -680-060-105-0689-59560 -14163 | O38: BUILDINGS (MAJOR ALTERATIONS) | P38: E | Q38: I | R38: 0 | S38: 0 | T38: 0 | U38: 0 | V38: 0 | W38: 0 | X38: 0 | Y38: 0 | Z38: 0 | AA38: 0 | AB38: 10000 | AC38: 0 | AD38: 0 | AE38: =AC38+AD38 -> 0 | AF38: 10000 | AG38: 10000 | AH38: 0 | AI38: 100 | AJ38: 0 | AK38: 0 | AL38: 0 | AM38: 0 | AN38: 0 | AO38: 0 | AP38: 0 | AQ38: 0 | AR38: 0 | AS38: 0 | AT38: 0 | AU38: 0 | AV38: 0 | AW38: 0 | AX38: 0 | AY38: 0 | AZ38: INTERIOR FINISH-FLOOR,PAINTING,TILE | BA38: 14163 | BF38: A | BH38: 41456 | BI38: 0 | BJ38: 41820 | BZ38: 0 | CA38: 0 | CB38: 0 | CC38: 0 | CD38: 0 | CE38: 0 | CF38: 0 | CG38: 0 | CH38: 0 | CI38: 0 | CJ38: 0 | CK38: 0 | CL38: 0 | CM38: 0 | CN38: 0 | CO38: 0 | CP38: 0 | CQ38: 0 | CR38: 0 | CS38: 0 | CT38: 0 | CU38: 0 | CV38: 0 | CW38: 0 | CX38: 0 | CY38: 0 | CZ38: 0 | DA38: 0 | DB38: 0 | DC38: 0 | DD38: 0 | DE38: 0 | DF38: 0 | DG38: 0 | DH38: 0 | DI38: 0 | DJ38: 0 | DK38: 0 | DL38: 0 | DM38: 0 | DN38: 10000 | DO38: 0 | DP38: 0 | DQ38: 10000 | DR38: 10000 | DS38: 0 | DT38: 0 | DU38: 100 | DV38: 0 | DW38: 0 | DX38: 0 | DY38: 0 | DZ38: 0 | EA38: 0 | EB38: 0 | EC38: 0 | ED38: 0 | EE38: 0 | EF38: 0 | EG38: 0 | EH38: 0 | EI38: 0 | EJ38: 0 | EK38: 0 | EL38: 0 | EM38: 0 | EN38: 0 | EO38: 0 | EP38: 0 | EQ38: 0 | ER38: 0 | ES38: 0
A39: View | B39: B | C39: B6800589 | D39: BUILDINGS (MAJOR ALTERATIONS) | E39: 59560 | F39: 14165 | G39: =VLOOKUP(L39,'[3]Locn Lookup 2'!G:H,2,FALSE) -> 105 - COS COB SCHOOL | H39: =F39&G39 -> 14165105 - COS COB SCHOOL | I39: 680 | J39: 060 | L39: 105 | M39: 0689 | N39: B -680-060-105-0689-59560 -14165 | O39: BUILDINGS (MAJOR ALTERATIONS) | P39: E | Q39: I | R39: 0 | S39: 0 | T39: 0 | U39: 0 | V39: 0 | W39: 0 | X39: 0 | Y39: 0 | Z39: 0 | AA39: 0 | AB39: 25000 | AC39: 0 | AD39: 0 | AE39: =AC39+AD39 -> 0 | AF39: 25000 | AG39: 25000 | AH39: 0 | AI39: 100 | AJ39: 0 | AK39: 0 | AL39: 0 | AM39: 0 | AN39: 0 | AO39: 0 | AP39: 0 | AQ39: 0 | AR39: 0 | AS39: 0 | AT39: 0 | AU39: 0 | AV39: 0 | AW39: 0 | AX39: 0 | AY39: 0 | AZ39: BUILDING ENV - DOORS & WINDOWS | BA39: 14165 | BF39: A | BH39: 41456 | BI39: 0 | BJ39: 41820 | BZ39: 0 | CA39: 0 | CB39: 0 | CC39: 0 | CD39: 0 | CE39: 0 | CF39: 0 | CG39: 0 | CH39: 0 | CI39: 0 | CJ39: 0 | CK39: 0 | CL39: 0 | CM39: 0 | CN39: 0 | CO39: 0 | CP39: 0 | CQ39: 0 | CR39: 0 | CS39: 0 | CT39: 0 | CU39: 0 | CV39: 0 | CW39: 0 | CX39: 0 | CY39: 0 | CZ39: 0 | DA39: 0 | DB39: 0 | DC39: 0 | DD39: 0 | DE39: 0 | DF39: 0 | DG39: 0 | DH39: 0 | DI39: 0 | DJ39: 0 | DK39: 0 | DL39: 0 | DM39: 0 | DN39: 25000 | DO39: 0 | DP39: 0 | DQ39: 25000 | DR39: 25000 | DS39: 0 | DT39: 0 | DU39: 100 | DV39: 0 | DW39: 0 | DX39: 0 | DY39: 0 | DZ39: 0 | EA39: 0 | EB39: 0 | EC39: 0 | ED39: 0 | EE39: 0 | EF39: 0 | EG39: 0 | EH39: 0 | EI39: 0 | EJ39: 0 | EK39: 0 | EL39: 0 | EM39: 0 | EN39: 0 | EO39: 0 | EP39: 0 | EQ39: 0 | ER39: 0 | ES39: 0
A40: View | B40: B | C40: B6800589 | D40: BUILDINGS (MAJOR ALTERATIONS) | E40: 59560 | F40: 15169 | G40: =VLOOKUP(L40,'[3]Locn Lookup 2'!G:H,2,FALSE) -> 105 - COS COB SCHOOL | H40: =F40&G40 -> 15169105 - COS COB SCHOOL | I40: 680 | J40: 060 | L40: 105 | M40: 0689 | N40: B -680-060-105-0689-59560 -15169 | O40: BUILDINGS (MAJOR ALTERATIONS) | P40: E | Q40: I | R40: 0 | S40: 0 | T40: 0 | U40: 0 | V40: 0 | W40: 0 | X40: 0 | Y40: 0 | Z40: 0 | AA40: 0 | AB40: 40000 | AC40: 8773 | AD40: -18095.09 | AE40: =AC40+AD40 -> -9322.09 | AF40: 30677.91 | AG40: 30677.91 | AH40: 0 | AI40: 100 | AJ40: 0 | AK40: 0 | AL40: 0 | AM40: 0 | AN40: 0 | AO40: 0 | AP40: 0 | AQ40: 0 | AR40: 0 | AS40: 0 | AT40: 0 | AU40: 0 | AV40: 0 | AW40: 0 | AX40: 0 | AY40: 0 | AZ40: INTERIOR FINISHINGS-FLOOR/PAINT/TIL | BA40: 15169 | BF40: A | BH40: 41821 | BI40: 0 | BJ40: 42185 | BZ40: 0 | CA40: 0 | CB40: 0 | CC40: 0 | CD40: 0 | CE40: 0 | CF40: 0 | CG40: 0 | CH40: 0 | CI40: 0 | CJ40: 0 | CK40: 0 | CL40: 0 | CM40: 0 | CN40: 0 | CO40: 0 | CP40: 0 | CQ40: 0 | CR40: 0 | CS40: 0 | CT40: 0 | CU40: 0 | CV40: 0 | CW40: 0 | CX40: 0 | CY40: 0 | CZ40: 0 | DA40: 0 | DB40: 0 | DC40: 0 | DD40: 0 | DE40: 0 | DF40: 40000 | DG40: 8773 | DH40: -18095.09 | DI40: 30677.91 | DJ40: 30677.91 | DK40: 0 | DL40: 0 | DM40: 100 | DN40: 0 | DO40: 0 | DP40: 0 | DQ40: 0 | DR40: 0 | DS40: 0 | DT40: 0 | DU40: 0 | DV40: 0 | DW40: 0 | DX40: 0 | DY40: 0 | DZ40: 0 | EA40: 0 | EB40: 0 | EC40: 0 | ED40: 0 | EE40: 0 | EF40: 0 | EG40: 0 | EH40: 0 | EI40: 0 | EJ40: 0 | EK40: 0 | EL40: 0 | EM40: 0 | EN40: 0 | EO40: 0 | EP40: 0 | EQ40: 0 | ER40: 0 | ES40: 0
